Workbook
Name AMOUNT_OF_DEBT: DATA!$E$31
Name AVERAGE_CIRCULATION: DATA!$C$31
Name AVERAGE_RATE: DATA!$B$31
Name AVERAGE_TO_REPAYMENT: DATA!$D$31
Name AVGDTERM: DEBT_TERM!$A$8
Name BY_AVERAGE_TERM: DATA!$C$15
Name BY_CREDITOR_TYPE: DATA!$D$16
Name BY_INTEREST_RATE: DATA!$F$16
Name BY_REPAYMENT_CURR: DATA!$E$16
Name CHANGE_OF_STRUCTURE: DATA!$B$22
Name CK_05: 'DKT2'!$A$7
Name CK_05C6: DKR!$A$11
Name CK_05G6: DKR!$A$7
Name CKMDEUR: MKT2_EUR!$A$6
Name CKMDUAH: MKT2_EUR!$A$6
Name CKMDUAH: MKT2_UAH!$A$6
Name CKMDUSD: MKT2_FCUR!$A$6
Name CKMPERC: MK_ALL!$A$18
Name CKMUAH: MK_ALL!$A$6
Name CKMUSD: MK_ALL!$A$12
Name CKPERC: MK_ALL!#REF!
Name CKPERC: MK_ALL!#REF!
Name CKPERC: MK_ALL!#REF!
Name CKUAH: MK_ALL!#REF!
Name CKUAH: MK_ALL!#REF!
Name CKUAH: MK_ALL!#REF!
Name CKUSD: MK_ALL!#REF!
Name CKUSD: MK_ALL!#REF!
Name CKUSD: MK_ALL!#REF!
Name CUR_CMP1: CUR_M_EXT!$A$7
Name CUR_CMPD4: CUR_M_EXT!$B$5
Name CUR_CMPD5: CUR_M_EXT!$H$5
Name CUR_CMPEXT: CUR_CMP_EXT!$A$7
Name CUR_CMPEXTD4: CUR_CMP_EXT!$B$5
Name CUR_CMPEXTD5: CUR_CMP_EXT!$H$5
Name CUR_CMPEXTKD4: CUR_CMP_EXT!$B$24
Name CUR_CMPEXTKD5: CUR_CMP_EXT!$H$24
Name CUR_CMPEXTKIND: CUR_CMP_EXT!$A$26
Name CUR_CMPS1: CUR_CMP!$A$8
Name CUR_CMPS1D4: CUR_CMP!$B$6
Name CUR_CMPS1D5: CUR_CMP!$E$6
Name CUR_CMPS2: CUR_CMP!$A$24
Name CUR_CMPS2D4: CUR_CMP!$B$22
Name CUR_CMPS2D5: CUR_CMP!$E$22
Name CURNAME: CUR_M!$A$7
Name CURNAMECUR: CUR!$A$7
Name CURNAMEKIND: CUR!$A$23
Name DDELIMER: DATA!$B$5
Name DEBT_AS_OF_CURR_YEAR: DATA!$B$28
Name DEBT_AS_OF_DATE: DATA!$B$16
Name DEBT_AS_OF_DATE_BY_AVARAGE_TERM: DATA!$C$16
Name DEBT_BY_CONVENTIONAKITY: DATA!$B$21
Name DEBT_BY_RATE_TYPE: DATA!$B$27
Name DEBT_BY_REPAYMENT: DATA!$B$17
Name DEBT_CURR_STRUCT: DATA!$B$23
Name DEBT_LAST_5_YEARS: DATA!$B$15
Name DEBT_LAST_5_YEARS_PERCENT: DATA!$F$15
Name DEBT_LAST_5_YEARS_UAH: DATA!$E$15
Name DEBT_LAST_5_YEARS_USD: DATA!$D$15
Name DEBT_STATE: DATA!$C$29

Sheet MTK2_UAH
A2: =DEBT_AS_OF_CURR_YEAR -> Державний та гарантований державою борг України за поточний рік
J4: =VALUAH -> млрд. грн
B5: 46022 | C5: 46053 | D5: 46081 | E5: 46112 | F5: 46142 | G5: 46173 | H5: 46203 | I5: 46234 | J5: 46265
A6: =DEBT_TOTAL -> Загальна сума державного та гарантованого державою боргу | B6: =B$37+B$7 -> 9042.677 | C6: =C$37+C$7 -> 9212.5998 | D6: =D$37+D$7 -> 9211.1934 | E6: =E$37+E$7 -> 9233.0279 | F6: =F$37+F$7 -> 9345.5105 | G6: =G$37+G$7 -> 9316.873 | H6: =H$37+H$7 -> 9490.8753 | I6: =I$37+I$7 -> 9572.4498 | J6: =J$37+J$7 -> 9602.8931
A7: Внутрішній борг | B7: =B$8+B$23 -> 2031.502 | C7: =C$8+C$23 -> 2055.3735 | D7: =D$8+D$23 -> 2072.3018 | E7: =E$8+E$23 -> 2077.0597 | F7: =F$8+F$23 -> 2068.3419 | G7: =G$8+G$23 -> 2053.6188 | H7: =H$8+H$23 -> 2044.2039 | I7: =I$8+I$23 -> 2074.6809 | J7: =J$8+J$23 -> 2065.1785
A8: Державний борг | B8: =B$9+B$21 -> 1967.2076 | C8: =C$9+C$21 -> 1992.6492 | D8: =D$9+D$21 -> 2009.6169 | E8: =E$9+E$21 -> 2013.889 | F8: =F$9+F$21 -> 2003.7288 | G8: =G$9+G$21 -> 1988.8952 | H8: =H$9+H$21 -> 1979.5199 | I8: =I$9+I$21 -> 2011.1022 | J8: =J$9+J$21 -> 2003.3651
A9: 1. Заборгованість за випущеними цінними паперами на внутрішньому ринку | B9: =SUM(B$10:B$20) -> 1965.8851 | C9: =SUM(C$10:C$20) -> 1991.3266 | D9: =SUM(D$10:D$20) -> 2008.2944 | E9: =SUM(E$10:E$20) -> 2012.5995 | F9: =SUM(F$10:F$20) -> 2002.4394 | G9: =SUM(G$10:G$20) -> 1987.6057 | H9: =SUM(H$10:H$20) -> 1978.2635 | I9: =SUM(I$10:I$20) -> 2009.8458 | J9: =SUM(J$10:J$20) -> 2002.1087
A10: ОВДП 2014 | B10: 4.25 | C10: 4.25 | D10: 4.25 | E10: 4.25 | F10: 4.25 | G10: 4.25 | H10: 4.25 | I10: 4.25 | J10: 4.25
A11: ОВДП 2015 | B11: 23.9 | C11: 23.9 | D11: 23.9 | E11: 21.4 | F11: 18.9 | G11: 17.2 | H11: 15.2 | I11: 15.2 | J11: 15.2
A12: ОВДП 2016 | B12: 110.26 | C12: 106.941 | D12: 106.941 | E12: 106.941 | F12: 106.941 | G12: 106.941 | H12: 106.941 | I12: 106.941 | J12: 106.941
A13: ОВДП 2017 | B13: 285.26691 | C13: 285.26691 | D13: 285.26691 | E13: 285.26691 | F13: 285.26691 | G13: 285.26691 | H13: 285.26691 | I13: 285.26691 | J13: 285.26691
A14: ОВДП 2020 | B14: 10.714916 | C14: 10.714916 | D14: 10.714916 | E14: 10.714916 | F14: 10.714916 | G14: 10.714916 | H14: 10.714916 | I14: 10.714916 | J14: 10.714916
A15: ОВДП 2021 | B15: 39.165811 | C15: 39.165811 | D15: 39.165811 | E15: 39.165811 | F15: 39.165811 | G15: 28.217123 | H15: 28.217123 | I15: 28.217123 | J15: 28.217123
A16: ОВДП 2022 | B16: 430.1335 | C16: 430.1335 | D16: 430.1335 | E16: 430.1335 | F16: 430.1335 | G16: 430.01295 | H16: 430.01295 | I16: 430.01295 | J16: 430.01295
A17: ОВДП 2023 | B17: 95.211152 | C17: 78.782505 | D17: 75.261842 | E17: 75.261842 | F17: 75.261842 | G17: 75.261842 | H17: 59.482035 | I17: 55.274584 | J17: 41.383263
A18: ОВДП 2024 | B18: 381.66208 | C18: 363.20119 | D18: 338.67131 | E18: 319.65551 | F18: 303.37284 | G18: 285.01632 | H18: 274.30578 | I18: 260.15231 | J18: 254.21695
A19: ОВДП 2025 | B19: 585.32071 | C19: 587.50756 | D19: 568.24117 | E19: 568.84808 | F19: 551.83722 | G19: 552.07764 | H19: 533.01228 | I19: 513.88243 | J19: 492.98722
A20: ОВДП 2026 | B20: 0 | C20: 61.463252 | D20: 125.74794 | E20: 150.96194 | F20: 176.59535 | G20: 192.64703 | H20: 230.86053 | I20: 299.93359 | J20: 332.9184
A21: 2. Заборгованість перед банківськими та іншими фінансовими установами | B21: =SUM(B$22:B$22) -> 1.3225252 | C21: =SUM(C$22:C$22) -> 1.3225252 | D21: =SUM(D$22:D$22) -> 1.3225252 | E21: =SUM(E$22:E$22) -> 1.2894621 | F21: =SUM(F$22:F$22) -> 1.2894621 | G21: =SUM(G$22:G$22) -> 1.2894621 | H21: =SUM(H$22:H$22) -> 1.256399 | I21: =SUM(I$22:I$22) -> 1.256399 | J21: =SUM(J$22:J$22) -> 1.256399
A22: Національний банк України | B22: 1.3225252 | C22: 1.3225252 | D22: 1.3225252 | E22: 1.2894621 | F22: 1.2894621 | G22: 1.2894621 | H22: 1.256399 | I22: 1.256399 | J22: 1.256399
A23: Гарантований державою борг | B23: =B$24+B$27+B$35 -> 64.294409 | C23: =C$24+C$27+C$35 -> 62.72434 | D23: =D$24+D$27+D$35 -> 62.684864 | E23: =E$24+E$27+E$35 -> 63.170745 | F23: =F$24+F$27+F$35 -> 64.613034 | G23: =G$24+G$27+G$35 -> 64.723576 | H23: =H$24+H$27+H$35 -> 64.683993 | I23: =I$24+I$27+I$35 -> 63.578746 | J23: =J$24+J$27+J$35 -> 61.813395
A24: 1. Заборгованість за випущеними цінними паперами на внутрішньому ринку | B24: =SUM(B$25:B$26) -> 2.4750116 | C24: =SUM(C$25:C$26) -> 2.4750116 | D24: =SUM(D$25:D$26) -> 2.4750116 | E24: =SUM(E$25:E$26) -> 2.4750116 | F24: =SUM(F$25:F$26) -> 2.4750116 | G24: =SUM(G$25:G$26) -> 2.4750116 | H24: =SUM(H$25:H$26) -> 2.4750116 | I24: =SUM(I$25:I$26) -> 2.4750116 | J24: =SUM(J$25:J$26) -> 2.4750116
A25: Державні цінні папери | B25: 1.16e-05 | C25: 1.16e-05 | D25: 1.16e-05 | E25: 1.16e-05 | F25: 1.16e-05 | G25: 1.16e-05 | H25: 1.16e-05 | I25: 1.16e-05 | J25: 1.16e-05
A26: Облігації ДІУ (10 - річні) | B26: 2.475 | C26: 2.475 | D26: 2.475 | E26: 2.475 | F26: 2.475 | G26: 2.475 | H26: 2.475 | I26: 2.475 | J26: 2.475
A27: 2. Заборгованість перед банківськими та іншими фінансовими установами | B27: =SUM(B$28:B$34) -> 61.818443 | C27: =SUM(C$28:C$34) -> 60.248374 | D27: =SUM(D$28:D$34) -> 60.208898 | E27: =SUM(E$28:E$34) -> 60.694779 | F27: =SUM(F$28:F$34) -> 62.137067 | G27: =SUM(G$28:G$34) -> 62.247609 | H27: =SUM(H$28:H$34) -> 62.208027 | I27: =SUM(I$28:I$34) -> 61.10278 | J27: =SUM(J$28:J$34) -> 59.337429
A28: АБ "УКРГАЗБАНК" | B28: 1.5222508 | C28: 1.4493169 | D28: 1.3964207 | E28: 1.4561805 | F28: 1.4910627 | G28: 1.522927 | H28: 1.4415608 | I28: 1.4029685 | J28: 1.3816128
A29: АТ "БАНК КРЕДИТ ДНІПРО" | B29: 0.12245365 | C29: 0.10831098 | D29: 0.093617551 | E29: 0.07907521 | F29: 0.063674002 | G29: 0.047954077 | H29: 0.032390079 | I29: 0.016138635 | J29: 0
A30: АТ "Державний експортно-імпортний банк України" | B30: 10.229765 | C30: 10.103243 | D30: 10.184452 | E30: 9.9761539 | F30: 9.2930399 | G30: 8.9526348 | H30: 8.4628119 | I30: 7.9543772 | J30: 7.7134575
A31: АТ "Державний ощадний банк України" | B31: 14.832616 | C31: 14.360995 | D31: 14.120003 | E31: 14.061395 | F31: 14.193047 | G31: 14.0319 | H31: 13.916137 | I31: 14.026443 | J31: 13.565014
A32: АТ "ПУМБ" | B32: 0.094195108 | C32: 0.083316136 | D32: 0.072013497 | E32: 0.06082708 | F32: 0.048979997 | G32: 0.036887747 | H32: 0.024915441 | I32: 0.01241433 | J32: 0
A33: АТ "ТАСКОМБАНК" | B33: 0.13187315 | C33: 0.11664259 | D33: 0.1008189 | E33: 0.085157915 | F33: 0.068571998 | G33: 0.051642848 | H33: 0.034881621 | I33: 0.017380065 | J33: 0
A34: Портфельні гарантії | B34: 34.885289 | C34: 34.026549 | D34: 34.241573 | E34: 34.975989 | F34: 36.978691 | G34: 37.603663 | H34: 38.29533 | I34: 37.673058 | J34: 36.677344
A35: 3. Заборгованість, не віднесена до інших категорій | B35: =SUM(B$36:B$36) -> 0.00095465 | C35: =SUM(C$36:C$36) -> 0.00095465 | D35: =SUM(D$36:D$36) -> 0.00095465 | E35: =SUM(E$36:E$36) -> 0.00095465 | F35: =SUM(F$36:F$36) -> 0.00095465 | G35: =SUM(G$36:G$36) -> 0.00095465 | H35: =SUM(H$36:H$36) -> 0.00095465 | I35: =SUM(I$36:I$36) -> 0.00095465 | J35: =SUM(J$36:J$36) -> 0.00095465
A36: Інші кредитори | B36: 0.00095465 | C36: 0.00095465 | D36: 0.00095465 | E36: 0.00095465 | F36: 0.00095465 | G36: 0.00095465 | H36: 0.00095465 | I36: 0.00095465 | J36: 0.00095465
A37: Зовнішній борг | B37: =B$38+B$77 -> 7011.175 | C37: =C$38+C$77 -> 7157.2263 | D37: =D$38+D$77 -> 7138.8916 | E37: =E$38+E$77 -> 7155.9682 | F37: =F$38+F$77 -> 7277.1686 | G37: =G$38+G$77 -> 7263.2543 | H37: =H$38+H$77 -> 7446.6714 | I37: =I$38+I$77 -> 7497.7688 | J37: =J$38+J$77 -> 7537.7145
A38: Державний борг | B38: =B$39+B$50+B$61+B$63+B$70+B$73+B$75 -> 6798.7864 | C38: =C$39+C$50+C$61+C$63+C$70+C$73+C$75 -> 6941.1095 | D38: =D$39+D$50+D$61+D$63+D$70+D$73+D$75 -> 6931.0257 | E38: =E$39+E$50+E$61+E$63+E$70+E$73+E$75 -> 6959.1774 | F38: =F$39+F$50+F$61+F$63+F$70+F$73+F$75 -> 7082.4209 | G38: =G$39+G$50+G$61+G$63+G$70+G$73+G$75 -> 7066.926 | H38: =H$39+H$50+H$61+H$63+H$70+H$73+H$75 -> 7249.2726 | I38: =I$39+I$50+I$61+I$63+I$70+I$73+I$75 -> 7300.3888 | J38: =J$39+J$50+J$61+J$63+J$70+J$73+J$75 -> 7341.7156
A39: 1. Заборгованість за позиками, одержаними від міжнародних фінансових організацій | B39: =SUM(B$40:B$49) -> 5234.26 | C39: =SUM(C$40:C$49) -> 5351.3958 | D39: =SUM(D$40:D$49) -> 5335.6329 | E39: =SUM(E$40:E$49) -> 5351.7873 | F39: =SUM(F$40:F$49) -> 5454.1406 | G39: =SUM(G$40:G$49) -> 5433.445 | H39: =SUM(H$40:H$49) -> 5606.2886 | I39: =SUM(I$40:I$49) -> 5657.5761 | J39: =SUM(J$40:J$49) -> 5695.6404
A40: NEFCO | B40: 0.48614261 | C40: 0.49965532 | D40: 0.49753061 | E40: 0.45992535 | F40: 0.47151666 | G40: 0.47020029 | H40: 0.4677376 | I40: 0.46872304 | J40: 0.47425999
A41: Банк розвитку Ради Європи | B41: 22.867781 | C41: 23.503409 | D41: 23.403464 | E41: 23.076844 | F41: 23.65844 | G41: 24.878299 | H41: 24.747998 | I41: 24.800137 | J41: 26.571689
A42: Європейський банк реконструкції та розвитку | B42: 2.6723083 | C42: 2.759503 | D42: 2.7611334 | E42: 2.7598691 | F42: 2.7718799 | G42: 2.8042889 | H42: 2.7479411 | I42: 2.9262825 | J42: 2.9608503
A43: Європейський Інвестиційний Банк | B43: 142.48458 | C43: 146.44505 | D43: 145.23637 | E43: 143.09707 | F43: 146.57849 | G43: 142.75865 | H43: 142.08096 | I43: 143.29375 | J43: 144.39068
A44: Європейський Союз | B44: 2601.1832 | C44: 2673.4851 | D44: 2662.1165 | E44: 2624.9638 | F44: 2688.5407 | G44: 2681.0349 | H44: 2791.9691 | I44: 2797.8513 | J44: 2830.9019
A45: Європейський Союз ERA* | B45: 903.1852 | C45: 928.28993 | D45: 924.34252 | E45: 911.44234 | F45: 934.41304 | G45: 923.12659 | H45: 918.29167 | I45: 920.22636 | J45: 931.09685
A46: Міжнародна асоціація розвитку | B46: 283.18043 | C46: 287.05993 | D46: 288.85731 | E46: 291.81545 | F46: 294.61257 | G46: 295.76189 | H46: 298.75878 | I46: 297.99131 | J46: 293.68852
A47: Міжнародний банк реконструкції та розвитку | B47: 698.98623 | C47: 706.14146 | D47: 707.00849 | E47: 714.41402 | F47: 719.3889 | G47: 721.54214 | H47: 791.52521 | I47: 810.13502 | J47: 809.07588
A48: Міжнародний Валютний Фонд | B48: 574.79563 | C48: 578.84228 | D48: 576.98911 | E48: 635.27729 | F48: 639.19517 | G48: 636.53938 | H48: 631.30845 | I48: 655.61588 | J48: 652.22599
A49: Фонд чистих технологій (МБРР) | B49: 4.4185232 | C49: 4.369492 | D49: 4.4205297 | E49: 4.4806253 | F49: 4.5099366 | G49: 4.5286896 | H49: 4.3907687 | I49: 4.2672666 | J49: 4.253794
A50: 2.1. Заборгованість за позиками, одержаними від органів управління іноземних держав (крім неврегульованої від органів управління держави-агресора та/або такої, що оскаржується) | B50: =SUM(B$51:B$60) -> 342.93998 | C50: =SUM(C$51:C$60) -> 351.42368 | D50: =SUM(D$51:D$60) -> 350.39061 | E50: =SUM(E$51:E$60) -> 348.65249 | F50: =SUM(F$51:F$60) -> 356.43267 | G50: =SUM(G$51:G$60) -> 354.92074 | H50: =SUM(H$51:H$60) -> 352.46536 | I50: =SUM(I$51:I$60) -> 354.93523 | J50: =SUM(J$51:J$60) -> 358.82974
A51: Великобританія | B51: 1.0879674 | C51: 1.12521 | D51: 1.1132123 | E51: 1.1021122 | F51: 1.1322063 | G51: 1.1286653 | H51: 1.1285075 | I51: 1.1375804 | J51: 1.1509588
A52: Італія | B52: 9.9713 | C52: 10.24846 | D52: 10.20488 | E52: 10.06246 | F52: 10.31606 | G52: 10.28726 | H52: 10.23338 | I52: 10.25494 | J52: 10.37608
A53: Канада | B53: 225.41874 | C53: 230.6763 | D53: 230.20135 | E53: 229.55796 | F53: 234.841 | G53: 233.12087 | H53: 230.73405 | I53: 232.34197 | J53: 234.62137
A54: Нідерланди | B54: 9.9713 | C54: 10.24846 | D54: 10.20488 | E54: 10.06246 | F54: 10.31606 | G54: 10.28726 | H54: 10.23338 | I54: 10.25494 | J54: 10.37608
A55: Німеччина | B55: 28.228916 | C55: 29.01356 | D55: 28.942409 | E55: 28.538487 | F55: 29.25773 | G55: 29.208802 | H55: 29.05582 | I55: 29.127098 | J55: 29.509837
A56: Польща | B56: 5.587075 | C56: 5.742372 | D56: 5.7179535 | E56: 5.6259962 | F56: 5.9601243 | G56: 5.9458789 | H56: 6.1703669 | I56: 6.2279984 | J56: 6.3015688
A57: Республіка Корея | B57: 4.23878 | C57: 4.28483 | D57: 4.32081 | E57: 4.37955 | F57: 4.4082 | G57: 4.42653 | H57: 4.48478 | I57: 4.46916 | J57: 4.45505
A58: США | B58: 0.021724394 | C58: 0.021960408 | D58: 0.022144811 | E58: 0.022445862 | F58: 0.022592698 | G58: 0.022686642 | H58: 0.022985182 | I58: 0.022905127 | J58: 0.022832811
A59: Франція | B59: 22.164439 | C59: 22.780517 | D59: 22.743716 | E59: 22.683182 | F59: 23.399484 | G59: 23.469502 | H59: 23.441491 | I59: 24.082115 | J59: 24.366593
A60: Японія | B60: 36.249739 | C60: 37.282016 | D60: 36.919252 | E60: 36.617838 | F60: 36.779214 | G60: 37.02328 | H60: 36.960596 | I60: 37.016523 | J60: 37.649365
A61: 2.2 Неврегульована заборгованість за позиками, одержаними від органів управління держави-агресора, та/або така, що оскаржується | B61: =SUM(B$62:B$62) -> 25.680897 | C61: =SUM(C$62:C$62) -> 25.959894 | D61: =SUM(D$62:D$62) -> 26.177881 | E61: =SUM(E$62:E$62) -> 26.53376 | F61: =SUM(F$62:F$62) -> 26.707338 | G61: =SUM(G$62:G$62) -> 26.818391 | H61: =SUM(H$62:H$62) -> 27.171302 | I61: =SUM(I$62:I$62) -> 27.076668 | J61: =SUM(J$62:J$62) -> 26.991181
A62: Росія | B62: 25.680897 | C62: 25.959894 | D62: 26.177881 | E62: 26.53376 | F62: 26.707338 | G62: 26.818391 | H62: 27.171302 | I62: 27.076668 | J62: 26.991181
A63: 3. Заборгованість за позиками, одержаними від іноземних комерційних банків, інших іноземних фінансових установ | B63: =SUM(B$64:B$69) -> 90.724546 | C63: =SUM(C$64:C$69) -> 93.469892 | D63: =SUM(D$64:D$69) -> 91.537832 | E63: =SUM(E$64:E$69) -> 92.132327 | F63: =SUM(F$64:F$69) -> 95.436466 | G63: =SUM(G$64:G$69) -> 97.713381 | H63: =SUM(H$64:H$69) -> 95.923144 | I63: =SUM(I$64:I$69) -> 96.374306 | J63: =SUM(J$64:J$69) -> 98.77297
A64: Cargill | B64: 32.406725 | C64: 33.307495 | D64: 33.16586 | E64: 32.702995 | F64: 33.527195 | G64: 33.433595 | H64: 33.258485 | I64: 33.328555 | J64: 33.72226
A65: Chase Manhattan Bank | B65: 0.002549123 | C65: 0.0026199778 | D65: 0.0026088367 | E65: 0.0025724276 | F65: 0.0026372595 | G65: 0.0026298969 | H65: 0.0026161227 | I65: 0.0026216344 | J65: 0.0026526033
A66: Citibank Europe PLC | B66: 27.161416 | C66: 28.087963 | D66: 27.791771 | E66: 29.736883 | F66: 30.547811 | G66: 33.312929 | H66: 33.271353 | I66: 33.535438 | J66: 36.750256
A67: Credit Agricole Corporate and Investment Bank | B67: 7.2839387 | C67: 7.4864014 | D67: 7.3793351 | E67: 6.7824237 | F67: 6.9533583 | G67: 6.6300237 | H67: 6.3991766 | I67: 6.4126586 | J67: 6.1800876
A68: Deutsche Bank | B68: 15.787701 | C68: 16.226532 | D68: 14.928503 | E68: 14.72016 | F68: 15.091146 | G68: 15.049015 | H68: 13.707623 | I68: 13.736503 | J68: 12.649124
A69: National Westminster Bank PLC | B69: 8.0822158 | C69: 8.3588806 | D69: 8.2697528 | E69: 8.187293 | F69: 9.3143184 | G69: 9.2851883 | H69: 9.2838898 | I69: 9.35853 | J69: 9.4685895
A70: 4.1.Заборгованість за випущеними цінними паперами (крім неврегульованої та/або такої, що оскаржується) | B70: =SUM(B$71:B$72) -> 794.79838 | C70: =SUM(C$71:C$72) -> 803.43305 | D70: =SUM(D$71:D$72) -> 810.17953 | E70: =SUM(E$71:E$72) -> 821.19365 | F70: =SUM(F$71:F$72) -> 826.56571 | G70: =SUM(G$71:G$72) -> 830.0027 | H70: =SUM(H$71:H$72) -> 840.92495 | I70: =SUM(I$71:I$72) -> 837.9961 | J70: =SUM(J$71:J$72) -> 835.35039
A71: ОЗДП 2024 року | B71: 646.54004 | C71: 653.56404 | D71: 659.05206 | E71: 668.01165 | F71: 672.38163 | G71: 675.1775 | H71: 684.06236 | I71: 681.67984 | J71: 679.52765
A72: ОЗДП 2025 року | B72: 148.25834 | C72: 149.86901 | D72: 151.12747 | E72: 153.182 | F72: 154.18408 | G72: 154.8252 | H72: 156.86259 | I72: 156.31626 | J72: 155.82274
A73: 4.2.Неврегульована заборгованість за випущеними цінними паперами, та/або така, що оскаржується | B73: =SUM(B$74:B$74) -> 127.1634 | C73: =SUM(C$74:C$74) -> 128.5449 | D73: =SUM(D$74:D$74) -> 129.6243 | E73: =SUM(E$74:E$74) -> 131.3865 | F73: =SUM(F$74:F$74) -> 132.246 | G73: =SUM(G$74:G$74) -> 132.7959 | H73: =SUM(H$74:H$74) -> 134.5434 | I73: =SUM(I$74:I$74) -> 134.0748 | J73: =SUM(J$74:J$74) -> 133.6515
A74: ОЗДП 2013 року | B74: 127.1634 | C74: 128.5449 | D74: 129.6243 | E74: 131.3865 | F74: 132.246 | G74: 132.7959 | H74: 134.5434 | I74: 134.0748 | J74: 133.6515
A75: 5. Заборгованість, не віднесена до інших категорій | B75: =SUM(B$76:B$76) -> 183.21923 | C75: =SUM(C$76:C$76) -> 186.88226 | D75: =SUM(D$76:D$76) -> 187.48257 | E75: =SUM(E$76:E$76) -> 187.4914 | F75: =SUM(F$76:F$76) -> 190.89212 | G75: =SUM(G$76:G$76) -> 191.22988 | H75: =SUM(H$76:H$76) -> 191.95575 | I75: =SUM(I$76:I$76) -> 192.35565 | J75: =SUM(J$76:J$76) -> 192.47935
A76: Міжнародний Валютний Фонд | B76: 183.21923 | C76: 186.88226 | D76: 187.48257 | E76: 187.4914 | F76: 190.89212 | G76: 191.22988 | H76: 191.95575 | I76: 192.35565 | J76: 192.47935
A77: Гарантований державою борг | B77: =B$78+B$85+B$88+B$90+B$92 -> 212.38859 | C77: =C$78+C$85+C$88+C$90+C$92 -> 216.11686 | D77: =D$78+D$85+D$88+D$90+D$92 -> 207.86592 | E77: =E$78+E$85+E$88+E$90+E$92 -> 196.79076 | F77: =F$78+F$85+F$88+F$90+F$92 -> 194.74767 | G77: =G$78+G$85+G$88+G$90+G$92 -> 196.32825 | H77: =H$78+H$85+H$88+H$90+H$92 -> 197.39879 | I77: =I$78+I$85+I$88+I$90+I$92 -> 197.38002 | J77: =J$78+J$85+J$88+J$90+J$92 -> 195.99899
A78: 1. Заборгованість за позиками, одержаними від міжнародних фінансових організацій | B78: =SUM(B$79:B$84) -> 129.05538 | C78: =SUM(C$79:C$84) -> 131.96632 | D78: =SUM(D$79:D$84) -> 123.05413 | E78: =SUM(E$79:E$84) -> 110.93567 | F78: =SUM(F$79:F$84) -> 108.24534 | G78: =SUM(G$79:G$84) -> 109.65216 | H78: =SUM(H$79:H$84) -> 109.65803 | I78: =SUM(I$79:I$84) -> 110.07276 | J78: =SUM(J$79:J$84) -> 108.92441
A79: Європейське співтоватиство з атомної енергії | B79: 14.95695 | C79: 15.37269 | D79: 15.30732 | E79: 15.09369 | F79: 15.47409 | G79: 15.43089 | H79: 15.35007 | I79: 15.38241 | J79: 15.56412
A80: Європейський банк реконструкції та розвитку | B80: 66.783923 | C80: 68.5135 | D80: 59.600715 | E80: 50.802112 | F80: 51.298582 | G80: 52.655393 | H80: 52.427566 | I80: 52.463465 | J80: 50.914575
A81: Європейський Інвестиційний Банк | B81: 9.0394755 | C81: 9.2201889 | D81: 9.1809814 | E81: 8.9434765 | F81: 9.1688752 | G81: 9.1432778 | H81: 9.0953895 | I81: 9.0439615 | J81: 9.1507964
A82: Міжнародний банк реконструкції та розвитку | B82: 20.653861 | C82: 20.886844 | D82: 20.93152 | E82: 21.606342 | F82: 21.24938 | G82: 21.348509 | H82: 21.668454 | I82: 22.043468 | J82: 22.148478
A83: Міжнародний Валютний Фонд | B83: 17.581329 | C83: 17.932826 | D83: 17.990431 | E83: 14.446308 | F83: 11.008646 | G83: 11.028125 | H83: 11.069986 | I83: 11.093047 | J83: 11.100181
A84: Фонд чистих технологій (МБРР) | B84: 0.039839149 | C84: 0.04027196 | D84: 0.043157676 | E84: 0.043744391 | F84: 0.045771744 | G84: 0.04596207 | H84: 0.046566898 | I84: 0.046404711 | J84: 0.046258202
A85: 2. Заборгованість за позиками, одержаними від органів управління іноземних держав | B85: =SUM(B$86:B$87) -> 36.535842 | C85: =SUM(C$86:C$87) -> 36.959281 | D85: =SUM(D$86:D$87) -> 37.249272 | E85: =SUM(E$86:E$87) -> 37.711511 | F85: =SUM(F$86:F$87) -> 37.987699 | G85: =SUM(G$86:G$87) -> 38.134399 | H85: =SUM(H$86:H$87) -> 38.6065 | I85: =SUM(I$86:I$87) -> 38.481021 | J85: =SUM(J$86:J$87) -> 38.383637
A86: Експортно-імпортний банк Китаю | B86: 34.969935 | C86: 35.349848 | D86: 35.646682 | E86: 36.131287 | F86: 36.36765 | G86: 36.518873 | H86: 36.999435 | I86: 36.87057 | J86: 36.754162
A87: Німеччина | B87: 1.5659074 | C87: 1.609433 | D87: 1.6025892 | E87: 1.5802233 | F87: 1.620049 | G87: 1.6155262 | H87: 1.6070648 | I87: 1.6104506 | J87: 1.6294746
A88: 3. Заборгованість за позиками, одержаними від іноземних комерційних банків, інших іноземних фінансових установ | B88: =SUM(B$89:B$89) -> 7.0996305 | C88: =SUM(C$89:C$89) -> 7.0190789 | D88: =SUM(D$89:D$89) -> 7.0780186 | E88: =SUM(E$89:E$89) -> 7.1742419 | F88: =SUM(F$89:F$89) -> 7.2211742 | G88: =SUM(G$89:G$89) -> 7.0883047 | H88: =SUM(H$89:H$89) -> 7.1815817 | I88: =SUM(I$89:I$89) -> 6.992104 | J88: =SUM(J$89:J$89) -> 6.9700285
A89: Central Storage Safety Project Trust | B89: 7.0996305 | C89: 7.0190789 | D89: 7.0780186 | E89: 7.1742419 | F89: 7.2211742 | G89: 7.0883047 | H89: 7.1815817 | I89: 6.992104 | J89: 6.9700285
A90: 4. Заборгованість за випущеними цінними паперами на зовнішньому ринку | B90: =SUM(B$91:B$91) -> 34.969935 | C90: =SUM(C$91:C$91) -> 35.349848 | D90: =SUM(D$91:D$91) -> 35.646682 | E90: =SUM(E$91:E$91) -> 36.131287 | F90: =SUM(F$91:F$91) -> 36.36765 | G90: =SUM(G$91:G$91) -> 36.518873 | H90: =SUM(H$91:H$91) -> 36.999435 | I90: =SUM(I$91:I$91) -> 36.87057 | J90: =SUM(J$91:J$91) -> 36.754162
A91: Облігації Укренерго (5 - річні) | B91: 34.969935 | C91: 35.349848 | D91: 35.646682 | E91: 36.131287 | F91: 36.36765 | G91: 36.518873 | H91: 36.999435 | I91: 36.87057 | J91: 36.754162
A92: 5. Заборгованість, не віднесена до інших категорій | B92: =SUM(B$93:B$93) -> 4.727807 | C92: =SUM(C$93:C$93) -> 4.8223281 | D92: =SUM(D$93:D$93) -> 4.8378188 | E92: =SUM(E$93:E$93) -> 4.8380466 | F92: =SUM(F$93:F$93) -> 4.925799 | G92: =SUM(G$93:G$93) -> 4.9345146 | H92: =SUM(H$93:H$93) -> 4.9532452 | I92: =SUM(I$93:I$93) -> 4.9635641 | J92: =SUM(J$93:J$93) -> 4.9667561
A93: Міжнародний Валютний Фонд | B93: 4.727807 | C93: 4.8223281 | D93: 4.8378188 | E93: 4.8380466 | F93: 4.925799 | G93: 4.9345146 | H93: 4.9532452 | I93: 4.9635641 | J93: 4.9667561

Sheet MTK2_FCUR
A2: =DEBT_AS_OF_CURR_YEAR -> Державний та гарантований державою борг України за поточний рік
J4: =VALUSD -> млрд. дол. США
B5: 46022 | C5: 46053 | D5: 46081 | E5: 46112 | F5: 46142 | G5: 46173 | H5: 46203 | I5: 46234 | J5: 46265
A6: =DEBT_TOTAL -> Загальна сума державного та гарантованого державою боргу | B6: =B$37+B$7 -> 213.33207 | C6: =C$37+C$7 -> 215.00503 | D6: =D$37+D$7 -> 213.1821 | E6: =E$37+E$7 -> 210.82138 | F6: =F$37+F$7 -> 212.00287 | G6: =G$37+G$7 -> 210.47803 | H6: =H$37+H$7 -> 211.6241 | I6: =I$37+I$7 -> 214.18901 | J6: =J$37+J$7 -> 215.55074
A7: Внутрішній борг | B7: =B$8+B$23 -> 47.926573 | C7: =C$8+C$23 -> 47.968613 | D7: =D$8+D$23 -> 47.960956 | E7: =E$8+E$23 -> 47.426327 | F7: =F$8+F$23 -> 46.920328 | G7: =G$8+G$23 -> 46.393422 | H7: =H$8+H$23 -> 45.580918 | I7: =I$8+I$23 -> 46.422168 | J7: =J$8+J$23 -> 46.3559
A8: Державний борг | B8: =B$9+B$21 -> 46.409759 | C8: =C$9+C$21 -> 46.504743 | D8: =D$9+D$21 -> 46.510189 | E8: =E$9+E$21 -> 45.983924 | F8: =F$9+F$21 -> 45.454581 | G8: =G$9+G$21 -> 44.931248 | H8: =H$9+H$21 -> 44.138618 | I8: =I$9+I$21 -> 44.999557 | J8: =J$9+J$21 -> 44.968409
A9: 1. Заборгованість за випущеними цінними паперами на внутрішньому ринку | B9: =SUM(B$10:B$20) -> 46.378559 | C9: =SUM(C$10:C$20) -> 46.473877 | D9: =SUM(D$10:D$20) -> 46.479581 | E9: =SUM(E$10:E$20) -> 45.954482 | F9: =SUM(F$10:F$20) -> 45.42533 | G9: =SUM(G$10:G$20) -> 44.902118 | H9: =SUM(H$10:H$20) -> 44.110603 | I9: =SUM(I$10:I$20) -> 44.971444 | J9: =SUM(J$10:J$20) -> 44.940208
A10: ОВДП 2014 | B10: 0.1002647 | C10: 0.099187132 | D10: 0.098361187 | E10: 0.097041934 | F10: 0.096411234 | G10: 0.096012 | H10: 0.094764961 | I10: 0.09509617 | J10: 0.095397358
A11: ОВДП 2015 | B11: 0.56384148 | C11: 0.55778176 | D11: 0.55313703 | E11: 0.48863468 | F11: 0.42874643 | G11: 0.38856621 | H11: 0.33892409 | I11: 0.34010866 | J11: 0.34118585
A12: ОВДП 2016 | B12: 2.6012201 | C12: 2.4958049 | D12: 2.475022 | E12: 2.4418262 | F12: 2.4259561 | G12: 2.4159104 | H12: 2.3845316 | I12: 2.3928657 | J12: 2.4004444
A13: ОВДП 2017 | B13: 6.7299296 | C13: 6.6576015 | D13: 6.6021627 | E13: 6.5136123 | F13: 6.4712787 | G13: 6.4444815 | H13: 6.3607782 | I13: 6.3830095 | J13: 6.4032257
A14: ОВДП 2020 | B14: 0.25278302 | C14: 0.2500663 | D14: 0.24798397 | E14: 0.24465792 | F14: 0.24306783 | G14: 0.2420613 | H14: 0.23891732 | I14: 0.23975235 | J14: 0.24051169
A15: ОВДП 2021 | B15: 0.92398782 | C15: 0.91405752 | D15: 0.90644604 | E15: 0.89428848 | F15: 0.88847627 | G15: 0.63745469 | H15: 0.62917519 | I15: 0.6313742 | J15: 0.63337388
A16: ОВДП 2022 | B16: 10.147578 | C16: 10.03852 | D16: 9.9549274 | E16: 9.8214086 | F16: 9.7575768 | G16: 9.7144479 | H16: 9.588273 | I16: 9.6217847 | J16: 9.6522587
A17: ОВДП 2023 | B17: 2.2461923 | C17: 1.8386378 | D17: 1.7418457 | E17: 1.7184835 | F17: 1.7073146 | G17: 1.7002447 | H17: 1.3263089 | I17: 1.2368003 | J17: 0.92890681
A18: ОВДП 2024 | B18: 9.0040548 | C18: 8.4764435 | D18: 7.838144 | E18: 7.2988209 | F18: 6.8820118 | G18: 6.4388204 | H18: 6.1163709 | I18: 5.8210561 | J18: 5.7062648
A19: ОВДП 2025 | B19: 13.808707 | C19: 13.711339 | D19: 13.151265 | E19: 12.988734 | F19: 12.518425 | G19: 12.472018 | H19: 11.884915 | I19: 11.498412 | J19: 11.065807
A20: ОВДП 2026 | B20: 0 | C20: 1.4344385 | D20: 2.9102863 | E20: 3.4469737 | F20: 4.0060648 | G20: 4.3521005 | H20: 5.1476444 | I20: 6.7111848 | J20: 7.4728319
A21: 2. Заборгованість перед банківськими та іншими фінансовими установами | B21: =SUM(B$22:B$22) -> 0.03120061 | C21: =SUM(C$22:C$22) -> 0.03086529 | D21: =SUM(D$22:D$22) -> 0.030608271 | E21: =SUM(E$22:E$22) -> 0.029442799 | F21: =SUM(F$22:F$22) -> 0.029251443 | G21: =SUM(G$22:G$22) -> 0.029130314 | H21: =SUM(H$22:H$22) -> 0.028014729 | I21: =SUM(I$22:I$22) -> 0.028112642 | J21: =SUM(J$22:J$22) -> 0.02820168
A22: Національний банк України | B22: 0.03120061 | C22: 0.03086529 | D22: 0.030608271 | E22: 0.029442799 | F22: 0.029251443 | G22: 0.029130314 | H22: 0.028014729 | I22: 0.028112642 | J22: 0.02820168
A23: Гарантований державою борг | B23: =B$24+B$27+B$35 -> 1.516814 | C23: =C$24+C$27+C$35 -> 1.46387 | D23: =D$24+D$27+D$35 -> 1.4507665 | E23: =E$24+E$27+E$35 -> 1.4424026 | F23: =F$24+F$27+F$35 -> 1.4657464 | G23: =G$24+G$27+G$35 -> 1.4621741 | H23: =H$24+H$27+H$35 -> 1.4423003 | I23: =I$24+I$27+I$35 -> 1.4226107 | J23: =J$24+J$27+J$35 -> 1.3874905
A24: 1. Заборгованість за випущеними цінними паперами на внутрішньому ринку | B24: =SUM(B$25:B$26) -> 0.058389716 | C24: =SUM(C$25:C$26) -> 0.057762189 | D24: =SUM(D$25:D$26) -> 0.057281195 | E24: =SUM(E$25:E$26) -> 0.05651292 | F24: =SUM(F$25:F$26) -> 0.056145629 | G24: =SUM(G$25:G$26) -> 0.055913133 | H24: =SUM(H$25:H$26) -> 0.055186912 | I24: =SUM(I$25:I$26) -> 0.055379794 | J24: =SUM(J$25:J$26) -> 0.055555192
A25: Державні цінні папери | B25: 2.7366e-07 | C25: 2.7072e-07 | D25: 2.6847e-07 | E25: 2.6487e-07 | F25: 2.6315e-07 | G25: 2.6206e-07 | H25: 2.5865e-07 | I25: 2.5956e-07 | J25: 2.6038e-07
A26: Облігації ДІУ (10 - річні) | B26: 0.058389442 | C26: 0.057761918 | D26: 0.057280927 | E26: 0.056512655 | F26: 0.056145365 | G26: 0.055912871 | H26: 0.055186654 | I26: 0.055379534 | J26: 0.055554932
A27: 2. Заборгованість перед банківськими та іншими фінансовими установами | B27: =SUM(B$28:B$34) -> 1.4584018 | C27: =SUM(C$28:C$34) -> 1.4060855 | D27: =SUM(D$28:D$34) -> 1.3934632 | E27: =SUM(E$28:E$34) -> 1.3858679 | F27: =SUM(F$28:F$34) -> 1.4095791 | G27: =SUM(G$28:G$34) -> 1.4062394 | H27: =SUM(H$28:H$34) -> 1.3870921 | I27: =SUM(I$28:I$34) -> 1.3672095 | J27: =SUM(J$28:J$34) -> 1.3319139
A28: АБ "УКРГАЗБАНК" | B28: 0.035912474 | C28: 0.033824374 | D28: 0.032318494 | E28: 0.033249547 | F28: 0.033824751 | G28: 0.034404534 | H28: 0.032143401 | I28: 0.031392219 | J28: 0.031012284
A29: АТ "БАНК КРЕДИТ ДНІПРО" | B29: 0.0028888889 | C29: 0.0025277778 | D29: 0.0021666667 | E29: 0.0018055556 | F29: 0.0014444445 | G29: 0.0010833334 | H29: 0.00072222226 | I29: 0.00036111115 | J29: 0
A30: АТ "Державний експортно-імпортний банк України" | B30: 0.24133749 | C30: 0.23579098 | D30: 0.235707 | E30: 0.22778947 | F30: 0.21081258 | G30: 0.2022495 | H30: 0.18870071 | I30: 0.17798372 | J30: 0.17313964
A31: АТ "Державний ощадний банк України" | B31: 0.34992654 | C31: 0.33515904 | D31: 0.32679065 | E31: 0.3210694 | F31: 0.32196922 | G31: 0.31699548 | H31: 0.31029698 | I31: 0.31384964 | J31: 0.30448624
A32: АТ "ПУМБ" | B32: 0.0022222222 | C32: 0.0019444444 | D32: 0.0016666666 | E32: 0.0013888888 | F32: 0.001111111 | G32: 0.00083333326 | H32: 0.00055555548 | I32: 0.0002777777 | J32: 0
A33: АТ "ТАСКОМБАНК" | B33: 0.0031111111 | C33: 0.0027222222 | D33: 0.0023333333 | E33: 0.0019444444 | F33: 0.0015555555 | G33: 0.0011666666 | H33: 0.00077777774 | I33: 0.00038888885 | J33: 0
A34: Портфельні гарантії | B34: 0.82300305 | C34: 0.79411667 | D34: 0.79248041 | E34: 0.79862062 | F34: 0.83886147 | G34: 0.84950656 | H34: 0.85389541 | I34: 0.84295614 | J34: 0.82327571
A35: 3. Заборгованість, не віднесена до інших категорій | B35: =SUM(B$36:B$36) -> 2.252181e-05 | C35: =SUM(C$36:C$36) -> 2.227976e-05 | D35: =SUM(D$36:D$36) -> 2.209424e-05 | E35: =SUM(E$36:E$36) -> 2.17979e-05 | F35: =SUM(F$36:F$36) -> 2.165623e-05 | G35: =SUM(G$36:G$36) -> 2.156655e-05 | H35: =SUM(H$36:H$36) -> 2.128644e-05 | I35: =SUM(I$36:I$36) -> 2.136084e-05 | J35: =SUM(J$36:J$36) -> 2.142849e-05
A36: Інші кредитори | B36: 2.252181e-05 | C36: 2.227976e-05 | D36: 2.209424e-05 | E36: 2.17979e-05 | F36: 2.165623e-05 | G36: 2.156655e-05 | H36: 2.128644e-05 | I36: 2.136084e-05 | J36: 2.142849e-05
A37: Зовнішній борг | B37: =B$38+B$77 -> 165.40549 | C37: =C$38+C$77 -> 167.03641 | D37: =D$38+D$77 -> 165.22114 | E37: =E$38+E$77 -> 163.39506 | F37: =F$38+F$77 -> 165.08254 | G37: =G$38+G$77 -> 164.08461 | H37: =H$38+H$77 -> 166.04318 | I37: =I$38+I$77 -> 167.76685 | J37: =J$38+J$77 -> 169.19484
A38: Державний борг | B38: =B$39+B$50+B$61+B$63+B$70+B$73+B$75 -> 160.39489 | C38: =C$39+C$50+C$61+C$63+C$70+C$73+C$75 -> 161.99265 | D38: =D$39+D$50+D$61+D$63+D$70+D$73+D$75 -> 160.41033 | E38: =E$39+E$50+E$61+E$63+E$70+E$73+E$75 -> 158.90165 | F38: =F$39+F$50+F$61+F$63+F$70+F$73+F$75 -> 160.66469 | G38: =G$39+G$50+G$61+G$63+G$70+G$73+G$75 -> 159.64934 | H38: =H$39+H$50+H$61+H$63+H$70+H$73+H$75 -> 161.64165 | I38: =I$39+I$50+I$61+I$63+I$70+I$73+I$75 -> 163.35036 | J38: =J$39+J$50+J$61+J$63+J$70+J$73+J$75 -> 164.79536
A39: 1. Заборгованість за позиками, одержаними від міжнародних фінансових організацій | B39: =SUM(B$40:B$49) -> 123.48506 | C39: =SUM(C$40:C$49) -> 124.89167 | D39: =SUM(D$40:D$49) -> 123.48687 | E39: =SUM(E$40:E$49) -> 122.19948 | F39: =SUM(F$40:F$49) -> 123.72716 | G39: =SUM(G$40:G$49) -> 122.74728 | H39: =SUM(H$40:H$49) -> 125.00699 | I39: =SUM(I$40:I$49) -> 126.59149 | J39: =SUM(J$40:J$49) -> 127.84684
A40: NEFCO | B40: 0.011468928 | C40: 0.01166103 | D40: 0.011514753 | E40: 0.010501658 | F40: 0.010696354 | G40: 0.010622323 | H40: 0.010429444 | I40: 0.010487945 | J40: 0.010645447
A41: Банк розвитку Ради Європи | B41: 0.53948969 | C41: 0.54852605 | D41: 0.5416453 | E41: 0.52692272 | F41: 0.53669162 | G41: 0.56202711 | H41: 0.55182188 | I41: 0.5549172 | J41: 0.59643975
A42: Європейський банк реконструкції та розвитку | B42: 0.063044279 | C42: 0.064401691 | D42: 0.063903143 | E42: 0.063017185 | F42: 0.062880084 | G42: 0.063351856 | H42: 0.061272596 | I42: 0.065477238 | J42: 0.066460539
A43: Європейський Інвестиційний Банк | B43: 3.3614525 | C43: 3.4177563 | D43: 3.3613226 | E43: 3.2673921 | F43: 3.3251325 | G43: 3.2250692 | H43: 3.1680697 | I43: 3.2062793 | J43: 3.2410563
A44: Європейський Союз | B44: 61.366317 | C44: 62.394193 | D44: 61.611515 | E44: 59.936839 | F44: 60.989535 | G44: 60.567418 | H44: 62.254317 | I44: 62.603517 | J44: 63.543662
A45: Європейський Союз ERA* | B45: 21.307669 | C45: 21.664569 | D45: 21.392807 | E45: 20.811324 | F45: 21.197156 | G45: 20.854407 | H45: 20.475735 | I45: 20.590589 | J45: 20.899807
A46: Міжнародна асоціація розвитку | B46: 6.6807061 | C46: 6.6994475 | D46: 6.6852583 | E46: 6.6631378 | F46: 6.683285 | G46: 6.6815742 | H46: 6.6616151 | I46: 6.6677252 | J46: 6.5922608
A47: Міжнародний банк реконструкції та розвитку | B47: 16.490269 | C47: 16.480034 | D47: 16.362869 | E47: 16.312498 | F47: 16.319334 | G47: 16.300401 | H47: 17.649142 | I47: 18.127232 | J47: 18.160871
A48: Міжнародний Валютний Фонд | B48: 13.560403 | C48: 13.509107 | D48: 13.353726 | E48: 14.505538 | F48: 14.50014 | G48: 14.380099 | H48: 14.076687 | I48: 14.669779 | J48: 14.64015
A49: Фонд чистих технологій (МБРР) | B49: 0.10424045 | C49: 0.10197585 | D49: 0.10230789 | E49: 0.10230789 | F49: 0.10230789 | G49: 0.10230789 | H49: 0.097903769 | I49: 0.095482519 | J49: 0.095482519
A50: 2.1. Заборгованість за позиками, одержаними від органів управління іноземних держав (крім неврегульованої від органів управління держави-агресора та/або такої, що оскаржується) | B50: =SUM(B$51:B$60) -> 8.0905349 | C50: =SUM(C$51:C$60) -> 8.2015782 | D50: =SUM(D$51:D$60) -> 8.1093732 | E50: =SUM(E$51:E$60) -> 7.9609204 | F50: =SUM(F$51:F$60) -> 8.0856737 | G50: =SUM(G$51:G$60) -> 8.0180353 | H50: =SUM(H$51:H$60) -> 7.8591449 | I50: =SUM(I$51:I$60) -> 7.9418779 | J50: =SUM(J$51:J$60) -> 8.0544492
A51: Великобританія | B51: 0.025666995 | C51: 0.026260318 | D51: 0.025763972 | E51: 0.025164963 | F51: 0.025684095 | G51: 0.025497745 | H51: 0.025163051 | I51: 0.02545401 | J51: 0.025834923
A52: Італія | B52: 0.23523986 | C52: 0.23918008 | D52: 0.23617979 | E52: 0.22976014 | F52: 0.23401978 | G52: 0.2324001 | H52: 0.2281802 | I52: 0.22946012 | J52: 0.23290603
A53: Канада | B53: 5.3180098 | C53: 5.3835577 | D53: 5.327736 | E53: 5.2415878 | F53: 5.3273671 | G53: 5.2664473 | H53: 5.1448244 | I53: 5.198784 | J53: 5.2664139
A54: Нідерланди | B54: 0.23523986 | C54: 0.23918008 | D54: 0.23617979 | E54: 0.22976014 | F54: 0.23401978 | G54: 0.2324001 | H54: 0.2281802 | I54: 0.22946012 | J54: 0.23290603
A55: Німеччина | B55: 0.66596793 | C55: 0.67712278 | D55: 0.66983757 | E55: 0.65163057 | F55: 0.6637115 | G55: 0.65985777 | H55: 0.64787614 | I55: 0.6517354 | J55: 0.66239069
A56: Польща | B56: 0.13180856 | C56: 0.13401633 | D56: 0.13233522 | E56: 0.1284606 | F56: 0.1352054 | G56: 0.1343237 | H56: 0.13758461 | I56: 0.13935501 | J56: 0.14144777
A57: Республіка Корея | B57: 0.1 | C57: 0.1 | D57: 0.1 | E57: 0.1 | F57: 0.1 | G57: 0.1 | H57: 0.1 | I57: 0.1 | J57: 0.1
A58: США | B58: 0.00051251526 | C58: 0.00051251526 | D58: 0.00051251526 | E58: 0.00051251526 | F58: 0.00051251526 | G58: 0.00051251526 | H58: 0.00051251526 | I58: 0.00051251526 | J58: 0.00051251526
A59: Франція | B59: 0.52289666 | C59: 0.53165509 | D59: 0.52637621 | E59: 0.51793409 | F59: 0.5308172 | G59: 0.5302009 | H59: 0.52268987 | I59: 0.53885103 | J59: 0.5469432
A60: Японія | B60: 0.85519274 | C60: 0.87009324 | D60: 0.8544521 | E60: 0.83610959 | F60: 0.83433634 | G60: 0.8363951 | H60: 0.82413399 | I60: 0.82826578 | J60: 0.8450941
A61: 2.2 Неврегульована заборгованість за позиками, одержаними від органів управління держави-агресора, та/або така, що оскаржується | B61: =SUM(B$62:B$62) -> 0.60585586 | C61: =SUM(C$62:C$62) -> 0.60585586 | D61: =SUM(D$62:D$62) -> 0.60585586 | E61: =SUM(E$62:E$62) -> 0.60585586 | F61: =SUM(F$62:F$62) -> 0.60585586 | G61: =SUM(G$62:G$62) -> 0.60585586 | H61: =SUM(H$62:H$62) -> 0.60585586 | I61: =SUM(I$62:I$62) -> 0.60585586 | J61: =SUM(J$62:J$62) -> 0.60585586
A62: Росія | B62: 0.60585586 | C62: 0.60585586 | D62: 0.60585586 | E62: 0.60585586 | F62: 0.60585586 | G62: 0.60585586 | H62: 0.60585586 | I62: 0.60585586 | J62: 0.60585586
A63: 3. Заборгованість за позиками, одержаними від іноземних комерційних банків, інших іноземних фінансових установ | B63: =SUM(B$64:B$69) -> 2.1403457 | C63: =SUM(C$64:C$69) -> 2.1814142 | D63: =SUM(D$64:D$69) -> 2.1185341 | E63: =SUM(E$64:E$69) -> 2.1036939 | F63: =SUM(F$64:F$69) -> 2.1649759 | G63: =SUM(G$64:G$69) -> 2.2074487 | H63: =SUM(H$64:H$69) -> 2.1388595 | I63: =SUM(I$64:I$69) -> 2.15643 | J63: =SUM(J$64:J$69) -> 2.2171013
A64: Cargill | B64: 0.76452953 | C64: 0.77733527 | D64: 0.76758432 | E64: 0.74672044 | F64: 0.76056429 | G64: 0.75530031 | H64: 0.74158565 | I64: 0.7457454 | J64: 0.75694459
A65: Chase Manhattan Bank | B65: 6.013813e-05 | C65: 6.114543e-05 | D65: 6.037842e-05 | E65: 5.873726e-05 | F65: 5.982622e-05 | G65: 5.941216e-05 | H65: 5.833336e-05 | I65: 5.866056e-05 | J65: 5.954149e-05
A66: Citibank Europe PLC | B66: 0.64078382 | C66: 0.65552105 | D66: 0.64320744 | E66: 0.67899403 | F66: 0.69297697 | G66: 0.75257433 | H66: 0.74187258 | I66: 0.75037451 | J66: 0.82491232
A67: Credit Agricole Corporate and Investment Bank | B67: 0.17184045 | C67: 0.17471875 | D67: 0.17078592 | E67: 0.15486577 | F67: 0.15773691 | G67: 0.14977926 | H67: 0.14268652 | I67: 0.14348689 | J67: 0.13872095
A68: Deutsche Bank | B68: 0.37245861 | C68: 0.37869723 | D68: 0.34550243 | E68: 0.33611125 | F68: 0.3423426 | G68: 0.33997319 | H68: 0.30564762 | I68: 0.30736208 | J68: 0.28392776
A69: National Westminster Bank PLC | B69: 0.19067316 | C69: 0.1950808 | D69: 0.19139358 | E69: 0.18694371 | F69: 0.21129528 | G69: 0.20976224 | H69: 0.20700881 | I69: 0.20940244 | J69: 0.2125361
A70: 4.1.Заборгованість за випущеними цінними паперами (крім неврегульованої та/або такої, що оскаржується) | B70: =SUM(B$71:B$72) -> 18.75064 | C70: =SUM(C$71:C$72) -> 18.75064 | D70: =SUM(D$71:D$72) -> 18.75064 | E70: =SUM(E$71:E$72) -> 18.75064 | F70: =SUM(F$71:F$72) -> 18.75064 | G70: =SUM(G$71:G$72) -> 18.75064 | H70: =SUM(H$71:H$72) -> 18.75064 | I70: =SUM(I$71:I$72) -> 18.75064 | J70: =SUM(J$71:J$72) -> 18.75064
A71: ОЗДП 2024 року | B71: 15.252975 | C71: 15.252975 | D71: 15.252975 | E71: 15.252975 | F71: 15.252975 | G71: 15.252975 | H71: 15.252975 | I71: 15.252975 | J71: 15.252975
A72: ОЗДП 2025 року | B72: 3.4976653 | C72: 3.4976653 | D72: 3.4976653 | E72: 3.4976653 | F72: 3.4976653 | G72: 3.4976653 | H72: 3.4976653 | I72: 3.4976653 | J72: 3.4976653
A73: 4.2.Неврегульована заборгованість за випущеними цінними паперами, та/або така, що оскаржується | B73: =SUM(B$74:B$74) -> 3 | C73: =SUM(C$74:C$74) -> 3 | D73: =SUM(D$74:D$74) -> 3 | E73: =SUM(E$74:E$74) -> 3 | F73: =SUM(F$74:F$74) -> 3 | G73: =SUM(G$74:G$74) -> 3 | H73: =SUM(H$74:H$74) -> 3 | I73: =SUM(I$74:I$74) -> 3 | J73: =SUM(J$74:J$74) -> 3
A74: ОЗДП 2013 року | B74: 3 | C74: 3 | D74: 3 | E74: 3 | F74: 3 | G74: 3 | H74: 3 | I74: 3 | J74: 3
A75: 5. Заборгованість, не віднесена до інших категорій | B75: =SUM(B$76:B$76) -> 4.3224519 | C75: =SUM(C$76:C$76) -> 4.3614859 | D75: =SUM(D$76:D$76) -> 4.3390608 | E75: =SUM(E$76:E$76) -> 4.2810655 | F75: =SUM(F$76:F$76) -> 4.3303869 | G75: =SUM(G$76:G$76) -> 4.3200854 | H75: =SUM(H$76:H$76) -> 4.2801599 | I75: =SUM(I$76:I$76) -> 4.3040672 | J75: =SUM(J$76:J$76) -> 4.3204757
A76: Міжнародний Валютний Фонд | B76: 4.3224519 | C76: 4.3614859 | D76: 4.3390608 | E76: 4.2810655 | F76: 4.3303869 | G76: 4.3200854 | H76: 4.2801599 | I76: 4.3040672 | J76: 4.3204757
A77: Гарантований державою борг | B77: =B$78+B$85+B$88+B$90+B$92 -> 5.0106067 | C77: =C$78+C$85+C$88+C$90+C$92 -> 5.0437673 | D77: =D$78+D$85+D$88+D$90+D$92 -> 4.810809 | E77: =E$78+E$85+E$88+E$90+E$92 -> 4.4934014 | F77: =F$78+F$85+F$88+F$90+F$92 -> 4.4178501 | G77: =G$78+G$85+G$88+G$90+G$92 -> 4.435263 | H77: =H$78+H$85+H$88+H$90+H$92 -> 4.4015268 | I77: =I$78+I$85+I$88+I$90+I$92 -> 4.4164902 | J77: =J$78+J$85+J$88+J$90+J$92 -> 4.3994791
A78: 1. Заборгованість за позиками, одержаними від міжнародних фінансових організацій | B78: =SUM(B$79:B$84) -> 3.044635 | C78: =SUM(C$79:C$84) -> 3.0798496 | D78: =SUM(D$79:D$84) -> 2.8479411 | E78: =SUM(E$79:E$84) -> 2.5330382 | F78: =SUM(F$79:F$84) -> 2.4555452 | G78: =SUM(G$79:G$84) -> 2.4771583 | H78: =SUM(H$79:H$84) -> 2.4451151 | I78: =SUM(I$79:I$84) -> 2.4629406 | J78: =SUM(J$79:J$84) -> 2.4449649
A79: Європейське співтоватиство з атомної енергії | B79: 0.35285979 | C79: 0.35877013 | D79: 0.35426969 | E79: 0.3446402 | F79: 0.35102967 | G79: 0.34860015 | H79: 0.3422703 | I79: 0.34419018 | J79: 0.34935904
A80: Європейський банк реконструкції та розвитку | B80: 1.5755459 | C80: 1.5989783 | D80: 1.3793875 | E80: 1.1599847 | F80: 1.1637081 | G80: 1.1895411 | H80: 1.1690109 | I80: 1.1738999 | J80: 1.1428508
A81: Європейський Інвестиційний Банк | B81: 0.21325654 | C81: 0.21518214 | D81: 0.21248288 | E81: 0.20420994 | F81: 0.2079959 | G81: 0.20655633 | H81: 0.2028057 | I81: 0.20236379 | J81: 0.20540278
A82: Міжнародний банк реконструкції та розвитку | B82: 0.48725958 | C82: 0.48746026 | D82: 0.4844351 | E82: 0.49334618 | F82: 0.4820421 | G82: 0.48228543 | H82: 0.48315534 | I82: 0.49323515 | J82: 0.49715443
A83: Міжнародний Валютний Фонд | B83: 0.41477333 | C83: 0.41851895 | D83: 0.41636709 | E83: 0.32985827 | F83: 0.2497311 | G83: 0.24913701 | H83: 0.24683453 | I83: 0.24821325 | J83: 0.24915952
A84: Фонд чистих технологій (МБРР) | B84: 0.000939873 | C84: 0.000939873 | D84: 0.000998833 | E84: 0.000998833 | F84: 0.0010383318 | G84: 0.0010383318 | H84: 0.0010383318 | I84: 0.0010383318 | J84: 0.0010383318
A85: 2. Заборгованість за позиками, одержаними від органів управління іноземних держав | B85: =SUM(B$86:B$87) -> 0.86194241 | C85: =SUM(C$86:C$87) -> 0.86256119 | D85: =SUM(D$86:D$87) -> 0.86209002 | E85: =SUM(E$86:E$87) -> 0.86108186 | F85: =SUM(F$86:F$87) -> 0.86175081 | G85: =SUM(G$86:G$87) -> 0.86149645 | H85: =SUM(H$86:H$87) -> 0.86083375 | I85: =SUM(I$86:I$87) -> 0.86103475 | J85: =SUM(J$86:J$87) -> 0.8615759
A86: Експортно-імпортний банк Китаю | B86: 0.825 | C86: 0.825 | D86: 0.825 | E86: 0.825 | F86: 0.825 | G86: 0.825 | H86: 0.825 | I86: 0.825 | J86: 0.825
A87: Німеччина | B87: 0.036942408 | C87: 0.037561187 | D87: 0.037090017 | E87: 0.036081865 | F87: 0.036750806 | G87: 0.036496448 | H87: 0.03583375 | I87: 0.03603475 | J87: 0.0365759
A88: 3. Заборгованість за позиками, одержаними від іноземних комерційних банків, інших іноземних фінансових установ | B88: =SUM(B$89:B$89) -> 0.16749231 | C88: =SUM(C$89:C$89) -> 0.16381231 | D88: =SUM(D$89:D$89) -> 0.16381231 | E88: =SUM(E$89:E$89) -> 0.16381231 | F88: =SUM(F$89:F$89) -> 0.16381231 | G88: =SUM(G$89:G$89) -> 0.16013231 | H88: =SUM(H$89:H$89) -> 0.16013231 | I88: =SUM(I$89:I$89) -> 0.15645231 | J88: =SUM(J$89:J$89) -> 0.15645231
A89: Central Storage Safety Project Trust | B89: 0.16749231 | C89: 0.16381231 | D89: 0.16381231 | E89: 0.16381231 | F89: 0.16381231 | G89: 0.16013231 | H89: 0.16013231 | I89: 0.15645231 | J89: 0.15645231
A90: 4. Заборгованість за випущеними цінними паперами на зовнішньому ринку | B90: =SUM(B$91:B$91) -> 0.825 | C90: =SUM(C$91:C$91) -> 0.825 | D90: =SUM(D$91:D$91) -> 0.825 | E90: =SUM(E$91:E$91) -> 0.825 | F90: =SUM(F$91:F$91) -> 0.825 | G90: =SUM(G$91:G$91) -> 0.825 | H90: =SUM(H$91:H$91) -> 0.825 | I90: =SUM(I$91:I$91) -> 0.825 | J90: =SUM(J$91:J$91) -> 0.825
A91: Облігації Укренерго (5 - річні) | B91: 0.825 | C91: 0.825 | D91: 0.825 | E91: 0.825 | F91: 0.825 | G91: 0.825 | H91: 0.825 | I91: 0.825 | J91: 0.825
A92: 5. Заборгованість, не віднесена до інших категорій | B92: =SUM(B$93:B$93) -> 0.11153697 | C92: =SUM(C$93:C$93) -> 0.11254421 | D92: =SUM(D$93:D$93) -> 0.11196555 | E92: =SUM(E$93:E$93) -> 0.11046904 | F92: =SUM(F$93:F$93) -> 0.11174173 | G92: =SUM(G$93:G$93) -> 0.11147591 | H92: =SUM(H$93:H$93) -> 0.11044567 | I92: =SUM(I$93:I$93) -> 0.11106257 | J92: =SUM(J$93:J$93) -> 0.11148598
A93: Міжнародний Валютний Фонд | B93: 0.11153697 | C93: 0.11254421 | D93: 0.11196555 | E93: 0.11046904 | F93: 0.11174173 | G93: 0.11147591 | H93: 0.11044567 | I93: 0.11106257 | J93: 0.11148598

Sheet MKT2_UAH
A2: =IF(REPORT_LANG="UKR","Державний та гарантований державою борг України за поточний рік","State debt and State guaranteed debt of Ukraine for the current year") -> Державний та гарантований державою борг України за поточний рік
J4: =VALUAH -> млрд. грн
B5: 46022 | C5: 46053 | D5: 46081 | E5: 46112 | F5: 46142 | G5: 46173 | H5: 46203 | I5: 46234 | J5: 46265
A6: =IF(REPORT_LANG="UKR","Загальна сума державного та гарантованого державою боргу","Total amount of state debt and state guaranteed debt") -> Загальна сума державного та гарантованого державою боргу | B6: =B$7+B$62 -> 9042.677 | C6: =C$7+C$62 -> 9212.5998 | D6: =D$7+D$62 -> 9211.1934 | E6: =E$7+E$62 -> 9233.0279 | F6: =F$7+F$62 -> 9345.5105 | G6: =G$7+G$62 -> 9316.873 | H6: =H$7+H$62 -> 9490.8753 | I6: =I$7+I$62 -> 9572.4498 | J6: =J$7+J$62 -> 9602.8931
A7: Державний борг | B7: =B$8+B$23 -> 8765.994 | C7: =C$8+C$23 -> 8933.7586 | D7: =D$8+D$23 -> 8940.6426 | E7: =E$8+E$23 -> 8973.0664 | F7: =F$8+F$23 -> 9086.1498 | G7: =G$8+G$23 -> 9055.8212 | H7: =H$8+H$23 -> 9228.7925 | I7: =I$8+I$23 -> 9311.491 | J7: =J$8+J$23 -> 9345.0807
A8: Внутрішній борг | B8: =B$9+B$21 -> 1967.2076 | C8: =C$9+C$21 -> 1992.6492 | D8: =D$9+D$21 -> 2009.6169 | E8: =E$9+E$21 -> 2013.889 | F8: =F$9+F$21 -> 2003.7288 | G8: =G$9+G$21 -> 1988.8952 | H8: =H$9+H$21 -> 1979.5199 | I8: =I$9+I$21 -> 2011.1022 | J8: =J$9+J$21 -> 2003.3651
A9: 1. Заборгованість за випущеними цінними паперами на внутрішньому ринку | B9: =SUM(B$10:B$20) -> 1965.8851 | C9: =SUM(C$10:C$20) -> 1991.3266 | D9: =SUM(D$10:D$20) -> 2008.2944 | E9: =SUM(E$10:E$20) -> 2012.5995 | F9: =SUM(F$10:F$20) -> 2002.4394 | G9: =SUM(G$10:G$20) -> 1987.6057 | H9: =SUM(H$10:H$20) -> 1978.2635 | I9: =SUM(I$10:I$20) -> 2009.8458 | J9: =SUM(J$10:J$20) -> 2002.1087
A10: ОВДП 2014 | B10: 4.25 | C10: 4.25 | D10: 4.25 | E10: 4.25 | F10: 4.25 | G10: 4.25 | H10: 4.25 | I10: 4.25 | J10: 4.25
A11: ОВДП 2015 | B11: 23.9 | C11: 23.9 | D11: 23.9 | E11: 21.4 | F11: 18.9 | G11: 17.2 | H11: 15.2 | I11: 15.2 | J11: 15.2
A12: ОВДП 2016 | B12: 110.26 | C12: 106.941 | D12: 106.941 | E12: 106.941 | F12: 106.941 | G12: 106.941 | H12: 106.941 | I12: 106.941 | J12: 106.941
A13: ОВДП 2017 | B13: 285.26691 | C13: 285.26691 | D13: 285.26691 | E13: 285.26691 | F13: 285.26691 | G13: 285.26691 | H13: 285.26691 | I13: 285.26691 | J13: 285.26691
A14: ОВДП 2020 | B14: 10.714916 | C14: 10.714916 | D14: 10.714916 | E14: 10.714916 | F14: 10.714916 | G14: 10.714916 | H14: 10.714916 | I14: 10.714916 | J14: 10.714916
A15: ОВДП 2021 | B15: 39.165811 | C15: 39.165811 | D15: 39.165811 | E15: 39.165811 | F15: 39.165811 | G15: 28.217123 | H15: 28.217123 | I15: 28.217123 | J15: 28.217123
A16: ОВДП 2022 | B16: 430.1335 | C16: 430.1335 | D16: 430.1335 | E16: 430.1335 | F16: 430.1335 | G16: 430.01295 | H16: 430.01295 | I16: 430.01295 | J16: 430.01295
A17: ОВДП 2023 | B17: 95.211152 | C17: 78.782505 | D17: 75.261842 | E17: 75.261842 | F17: 75.261842 | G17: 75.261842 | H17: 59.482035 | I17: 55.274584 | J17: 41.383263
A18: ОВДП 2024 | B18: 381.66208 | C18: 363.20119 | D18: 338.67131 | E18: 319.65551 | F18: 303.37284 | G18: 285.01632 | H18: 274.30578 | I18: 260.15231 | J18: 254.21695
A19: ОВДП 2025 | B19: 585.32071 | C19: 587.50756 | D19: 568.24117 | E19: 568.84808 | F19: 551.83722 | G19: 552.07764 | H19: 533.01228 | I19: 513.88243 | J19: 492.98722
A20: ОВДП 2026 | B20: 0 | C20: 61.463252 | D20: 125.74794 | E20: 150.96194 | F20: 176.59535 | G20: 192.64703 | H20: 230.86053 | I20: 299.93359 | J20: 332.9184
A21: 2. Заборгованість перед банківськими та іншими фінансовими установами | B21: =SUM(B$22:B$22) -> 1.3225252 | C21: =SUM(C$22:C$22) -> 1.3225252 | D21: =SUM(D$22:D$22) -> 1.3225252 | E21: =SUM(E$22:E$22) -> 1.2894621 | F21: =SUM(F$22:F$22) -> 1.2894621 | G21: =SUM(G$22:G$22) -> 1.2894621 | H21: =SUM(H$22:H$22) -> 1.256399 | I21: =SUM(I$22:I$22) -> 1.256399 | J21: =SUM(J$22:J$22) -> 1.256399
A22: Національний банк України | B22: 1.3225252 | C22: 1.3225252 | D22: 1.3225252 | E22: 1.2894621 | F22: 1.2894621 | G22: 1.2894621 | H22: 1.256399 | I22: 1.256399 | J22: 1.256399
A23: Зовнішній борг | B23: =B$24+B$35+B$46+B$48+B$55+B$58+B$60 -> 6798.7864 | C23: =C$24+C$35+C$46+C$48+C$55+C$58+C$60 -> 6941.1095 | D23: =D$24+D$35+D$46+D$48+D$55+D$58+D$60 -> 6931.0257 | E23: =E$24+E$35+E$46+E$48+E$55+E$58+E$60 -> 6959.1774 | F23: =F$24+F$35+F$46+F$48+F$55+F$58+F$60 -> 7082.4209 | G23: =G$24+G$35+G$46+G$48+G$55+G$58+G$60 -> 7066.926 | H23: =H$24+H$35+H$46+H$48+H$55+H$58+H$60 -> 7249.2726 | I23: =I$24+I$35+I$46+I$48+I$55+I$58+I$60 -> 7300.3888 | J23: =J$24+J$35+J$46+J$48+J$55+J$58+J$60 -> 7341.7156
A24: 1. Заборгованість за позиками, одержаними від міжнародних фінансових організацій | B24: =SUM(B$25:B$34) -> 5234.26 | C24: =SUM(C$25:C$34) -> 5351.3958 | D24: =SUM(D$25:D$34) -> 5335.6329 | E24: =SUM(E$25:E$34) -> 5351.7873 | F24: =SUM(F$25:F$34) -> 5454.1406 | G24: =SUM(G$25:G$34) -> 5433.445 | H24: =SUM(H$25:H$34) -> 5606.2886 | I24: =SUM(I$25:I$34) -> 5657.5761 | J24: =SUM(J$25:J$34) -> 5695.6404
A25: NEFCO | B25: 0.48614261 | C25: 0.49965532 | D25: 0.49753061 | E25: 0.45992535 | F25: 0.47151666 | G25: 0.47020029 | H25: 0.4677376 | I25: 0.46872304 | J25: 0.47425999
A26: Банк розвитку Ради Європи | B26: 22.867781 | C26: 23.503409 | D26: 23.403464 | E26: 23.076844 | F26: 23.65844 | G26: 24.878299 | H26: 24.747998 | I26: 24.800137 | J26: 26.571689
A27: Європейський банк реконструкції та розвитку | B27: 2.6723083 | C27: 2.759503 | D27: 2.7611334 | E27: 2.7598691 | F27: 2.7718799 | G27: 2.8042889 | H27: 2.7479411 | I27: 2.9262825 | J27: 2.9608503
A28: Європейський Інвестиційний Банк | B28: 142.48458 | C28: 146.44505 | D28: 145.23637 | E28: 143.09707 | F28: 146.57849 | G28: 142.75865 | H28: 142.08096 | I28: 143.29375 | J28: 144.39068
A29: Європейський Союз | B29: 2601.1832 | C29: 2673.4851 | D29: 2662.1165 | E29: 2624.9638 | F29: 2688.5407 | G29: 2681.0349 | H29: 2791.9691 | I29: 2797.8513 | J29: 2830.9019
A30: Європейський Союз ERA* | B30: 903.1852 | C30: 928.28993 | D30: 924.34252 | E30: 911.44234 | F30: 934.41304 | G30: 923.12659 | H30: 918.29167 | I30: 920.22636 | J30: 931.09685
A31: Міжнародна асоціація розвитку | B31: 283.18043 | C31: 287.05993 | D31: 288.85731 | E31: 291.81545 | F31: 294.61257 | G31: 295.76189 | H31: 298.75878 | I31: 297.99131 | J31: 293.68852
A32: Міжнародний банк реконструкції та розвитку | B32: 698.98623 | C32: 706.14146 | D32: 707.00849 | E32: 714.41402 | F32: 719.3889 | G32: 721.54214 | H32: 791.52521 | I32: 810.13502 | J32: 809.07588
A33: Міжнародний Валютний Фонд | B33: 574.79563 | C33: 578.84228 | D33: 576.98911 | E33: 635.27729 | F33: 639.19517 | G33: 636.53938 | H33: 631.30845 | I33: 655.61588 | J33: 652.22599
A34: Фонд чистих технологій (МБРР) | B34: 4.4185232 | C34: 4.369492 | D34: 4.4205297 | E34: 4.4806253 | F34: 4.5099366 | G34: 4.5286896 | H34: 4.3907687 | I34: 4.2672666 | J34: 4.253794
A35: 2.1. Заборгованість за позиками, одержаними від органів управління іноземних держав (крім неврегульованої від органів управління держави-агресора та/або такої, що оскаржується) | B35: =SUM(B$36:B$45) -> 342.93998 | C35: =SUM(C$36:C$45) -> 351.42368 | D35: =SUM(D$36:D$45) -> 350.39061 | E35: =SUM(E$36:E$45) -> 348.65249 | F35: =SUM(F$36:F$45) -> 356.43267 | G35: =SUM(G$36:G$45) -> 354.92074 | H35: =SUM(H$36:H$45) -> 352.46536 | I35: =SUM(I$36:I$45) -> 354.93523 | J35: =SUM(J$36:J$45) -> 358.82974
A36: Великобританія | B36: 1.0879674 | C36: 1.12521 | D36: 1.1132123 | E36: 1.1021122 | F36: 1.1322063 | G36: 1.1286653 | H36: 1.1285075 | I36: 1.1375804 | J36: 1.1509588
A37: Італія | B37: 9.9713 | C37: 10.24846 | D37: 10.20488 | E37: 10.06246 | F37: 10.31606 | G37: 10.28726 | H37: 10.23338 | I37: 10.25494 | J37: 10.37608
A38: Канада | B38: 225.41874 | C38: 230.6763 | D38: 230.20135 | E38: 229.55796 | F38: 234.841 | G38: 233.12087 | H38: 230.73405 | I38: 232.34197 | J38: 234.62137
A39: Нідерланди | B39: 9.9713 | C39: 10.24846 | D39: 10.20488 | E39: 10.06246 | F39: 10.31606 | G39: 10.28726 | H39: 10.23338 | I39: 10.25494 | J39: 10.37608
A40: Німеччина | B40: 28.228916 | C40: 29.01356 | D40: 28.942409 | E40: 28.538487 | F40: 29.25773 | G40: 29.208802 | H40: 29.05582 | I40: 29.127098 | J40: 29.509837
A41: Польща | B41: 5.587075 | C41: 5.742372 | D41: 5.7179535 | E41: 5.6259962 | F41: 5.9601243 | G41: 5.9458789 | H41: 6.1703669 | I41: 6.2279984 | J41: 6.3015688
A42: Республіка Корея | B42: 4.23878 | C42: 4.28483 | D42: 4.32081 | E42: 4.37955 | F42: 4.4082 | G42: 4.42653 | H42: 4.48478 | I42: 4.46916 | J42: 4.45505
A43: США | B43: 0.021724394 | C43: 0.021960408 | D43: 0.022144811 | E43: 0.022445862 | F43: 0.022592698 | G43: 0.022686642 | H43: 0.022985182 | I43: 0.022905127 | J43: 0.022832811
A44: Франція | B44: 22.164439 | C44: 22.780517 | D44: 22.743716 | E44: 22.683182 | F44: 23.399484 | G44: 23.469502 | H44: 23.441491 | I44: 24.082115 | J44: 24.366593
A45: Японія | B45: 36.249739 | C45: 37.282016 | D45: 36.919252 | E45: 36.617838 | F45: 36.779214 | G45: 37.02328 | H45: 36.960596 | I45: 37.016523 | J45: 37.649365
A46: 2.2 Неврегульована заборгованість за позиками, одержаними від органів управління держави-агресора, та/або така, що оскаржується | B46: =SUM(B$47:B$47) -> 25.680897 | C46: =SUM(C$47:C$47) -> 25.959894 | D46: =SUM(D$47:D$47) -> 26.177881 | E46: =SUM(E$47:E$47) -> 26.53376 | F46: =SUM(F$47:F$47) -> 26.707338 | G46: =SUM(G$47:G$47) -> 26.818391 | H46: =SUM(H$47:H$47) -> 27.171302 | I46: =SUM(I$47:I$47) -> 27.076668 | J46: =SUM(J$47:J$47) -> 26.991181
A47: Росія | B47: 25.680897 | C47: 25.959894 | D47: 26.177881 | E47: 26.53376 | F47: 26.707338 | G47: 26.818391 | H47: 27.171302 | I47: 27.076668 | J47: 26.991181
A48: 3. Заборгованість за позиками, одержаними від іноземних комерційних банків, інших іноземних фінансових установ | B48: =SUM(B$49:B$54) -> 90.724546 | C48: =SUM(C$49:C$54) -> 93.469892 | D48: =SUM(D$49:D$54) -> 91.537832 | E48: =SUM(E$49:E$54) -> 92.132327 | F48: =SUM(F$49:F$54) -> 95.436466 | G48: =SUM(G$49:G$54) -> 97.713381 | H48: =SUM(H$49:H$54) -> 95.923144 | I48: =SUM(I$49:I$54) -> 96.374306 | J48: =SUM(J$49:J$54) -> 98.77297
A49: Cargill | B49: 32.406725 | C49: 33.307495 | D49: 33.16586 | E49: 32.702995 | F49: 33.527195 | G49: 33.433595 | H49: 33.258485 | I49: 33.328555 | J49: 33.72226
A50: Chase Manhattan Bank | B50: 0.002549123 | C50: 0.0026199778 | D50: 0.0026088367 | E50: 0.0025724276 | F50: 0.0026372595 | G50: 0.0026298969 | H50: 0.0026161227 | I50: 0.0026216344 | J50: 0.0026526033
A51: Citibank Europe PLC | B51: 27.161416 | C51: 28.087963 | D51: 27.791771 | E51: 29.736883 | F51: 30.547811 | G51: 33.312929 | H51: 33.271353 | I51: 33.535438 | J51: 36.750256
A52: Credit Agricole Corporate and Investment Bank | B52: 7.2839387 | C52: 7.4864014 | D52: 7.3793351 | E52: 6.7824237 | F52: 6.9533583 | G52: 6.6300237 | H52: 6.3991766 | I52: 6.4126586 | J52: 6.1800876
A53: Deutsche Bank | B53: 15.787701 | C53: 16.226532 | D53: 14.928503 | E53: 14.72016 | F53: 15.091146 | G53: 15.049015 | H53: 13.707623 | I53: 13.736503 | J53: 12.649124
A54: National Westminster Bank PLC | B54: 8.0822158 | C54: 8.3588806 | D54: 8.2697528 | E54: 8.187293 | F54: 9.3143184 | G54: 9.2851883 | H54: 9.2838898 | I54: 9.35853 | J54: 9.4685895
A55: 4.1.Заборгованість за випущеними цінними паперами (крім неврегульованої та/або такої, що оскаржується) | B55: =SUM(B$56:B$57) -> 794.79838 | C55: =SUM(C$56:C$57) -> 803.43305 | D55: =SUM(D$56:D$57) -> 810.17953 | E55: =SUM(E$56:E$57) -> 821.19365 | F55: =SUM(F$56:F$57) -> 826.56571 | G55: =SUM(G$56:G$57) -> 830.0027 | H55: =SUM(H$56:H$57) -> 840.92495 | I55: =SUM(I$56:I$57) -> 837.9961 | J55: =SUM(J$56:J$57) -> 835.35039
A56: ОЗДП 2024 року | B56: 646.54004 | C56: 653.56404 | D56: 659.05206 | E56: 668.01165 | F56: 672.38163 | G56: 675.1775 | H56: 684.06236 | I56: 681.67984 | J56: 679.52765
A57: ОЗДП 2025 року | B57: 148.25834 | C57: 149.86901 | D57: 151.12747 | E57: 153.182 | F57: 154.18408 | G57: 154.8252 | H57: 156.86259 | I57: 156.31626 | J57: 155.82274
A58: 4.2.Неврегульована заборгованість за випущеними цінними паперами, та/або така, що оскаржується | B58: =SUM(B$59:B$59) -> 127.1634 | C58: =SUM(C$59:C$59) -> 128.5449 | D58: =SUM(D$59:D$59) -> 129.6243 | E58: =SUM(E$59:E$59) -> 131.3865 | F58: =SUM(F$59:F$59) -> 132.246 | G58: =SUM(G$59:G$59) -> 132.7959 | H58: =SUM(H$59:H$59) -> 134.5434 | I58: =SUM(I$59:I$59) -> 134.0748 | J58: =SUM(J$59:J$59) -> 133.6515
A59: ОЗДП 2013 року | B59: 127.1634 | C59: 128.5449 | D59: 129.6243 | E59: 131.3865 | F59: 132.246 | G59: 132.7959 | H59: 134.5434 | I59: 134.0748 | J59: 133.6515
A60: 5. Заборгованість, не віднесена до інших категорій | B60: =SUM(B$61:B$61) -> 183.21923 | C60: =SUM(C$61:C$61) -> 186.88226 | D60: =SUM(D$61:D$61) -> 187.48257 | E60: =SUM(E$61:E$61) -> 187.4914 | F60: =SUM(F$61:F$61) -> 190.89212 | G60: =SUM(G$61:G$61) -> 191.22988 | H60: =SUM(H$61:H$61) -> 191.95575 | I60: =SUM(I$61:I$61) -> 192.35565 | J60: =SUM(J$61:J$61) -> 192.47935
A61: Міжнародний Валютний Фонд | B61: 183.21923 | C61: 186.88226 | D61: 187.48257 | E61: 187.4914 | F61: 190.89212 | G61: 191.22988 | H61: 191.95575 | I61: 192.35565 | J61: 192.47935
A62: Гарантований державою борг | B62: =B$63+B$77 -> 276.683 | C62: =C$63+C$77 -> 278.8412 | D62: =D$63+D$77 -> 270.55078 | E62: =E$63+E$77 -> 259.96151 | F62: =F$63+F$77 -> 259.3607 | G62: =G$63+G$77 -> 261.05182 | H62: =H$63+H$77 -> 262.08279 | I62: =I$63+I$77 -> 260.95876 | J62: =J$63+J$77 -> 257.81239
A63: Внутрішній борг | B63: =B$64+B$67+B$75 -> 64.294409 | C63: =C$64+C$67+C$75 -> 62.72434 | D63: =D$64+D$67+D$75 -> 62.684864 | E63: =E$64+E$67+E$75 -> 63.170745 | F63: =F$64+F$67+F$75 -> 64.613034 | G63: =G$64+G$67+G$75 -> 64.723576 | H63: =H$64+H$67+H$75 -> 64.683993 | I63: =I$64+I$67+I$75 -> 63.578746 | J63: =J$64+J$67+J$75 -> 61.813395
A64: 1. Заборгованість за випущеними цінними паперами на внутрішньому ринку | B64: =SUM(B$65:B$66) -> 2.4750116 | C64: =SUM(C$65:C$66) -> 2.4750116 | D64: =SUM(D$65:D$66) -> 2.4750116 | E64: =SUM(E$65:E$66) -> 2.4750116 | F64: =SUM(F$65:F$66) -> 2.4750116 | G64: =SUM(G$65:G$66) -> 2.4750116 | H64: =SUM(H$65:H$66) -> 2.4750116 | I64: =SUM(I$65:I$66) -> 2.4750116 | J64: =SUM(J$65:J$66) -> 2.4750116
A65: Державні цінні папери | B65: 1.16e-05 | C65: 1.16e-05 | D65: 1.16e-05 | E65: 1.16e-05 | F65: 1.16e-05 | G65: 1.16e-05 | H65: 1.16e-05 | I65: 1.16e-05 | J65: 1.16e-05
A66: Облігації ДІУ (10 - річні) | B66: 2.475 | C66: 2.475 | D66: 2.475 | E66: 2.475 | F66: 2.475 | G66: 2.475 | H66: 2.475 | I66: 2.475 | J66: 2.475
A67: 2. Заборгованість перед банківськими та іншими фінансовими установами | B67: =SUM(B$68:B$74) -> 61.818443 | C67: =SUM(C$68:C$74) -> 60.248374 | D67: =SUM(D$68:D$74) -> 60.208898 | E67: =SUM(E$68:E$74) -> 60.694779 | F67: =SUM(F$68:F$74) -> 62.137067 | G67: =SUM(G$68:G$74) -> 62.247609 | H67: =SUM(H$68:H$74) -> 62.208027 | I67: =SUM(I$68:I$74) -> 61.10278 | J67: =SUM(J$68:J$74) -> 59.337429
A68: АБ "УКРГАЗБАНК" | B68: 1.5222508 | C68: 1.4493169 | D68: 1.3964207 | E68: 1.4561805 | F68: 1.4910627 | G68: 1.522927 | H68: 1.4415608 | I68: 1.4029685 | J68: 1.3816128
A69: АТ "БАНК КРЕДИТ ДНІПРО" | B69: 0.12245365 | C69: 0.10831098 | D69: 0.093617551 | E69: 0.07907521 | F69: 0.063674002 | G69: 0.047954077 | H69: 0.032390079 | I69: 0.016138635 | J69: 0
A70: АТ "Державний експортно-імпортний банк України" | B70: 10.229765 | C70: 10.103243 | D70: 10.184452 | E70: 9.9761539 | F70: 9.2930399 | G70: 8.9526348 | H70: 8.4628119 | I70: 7.9543772 | J70: 7.7134575
A71: АТ "Державний ощадний банк України" | B71: 14.832616 | C71: 14.360995 | D71: 14.120003 | E71: 14.061395 | F71: 14.193047 | G71: 14.0319 | H71: 13.916137 | I71: 14.026443 | J71: 13.565014
A72: АТ "ПУМБ" | B72: 0.094195108 | C72: 0.083316136 | D72: 0.072013497 | E72: 0.06082708 | F72: 0.048979997 | G72: 0.036887747 | H72: 0.024915441 | I72: 0.01241433 | J72: 0
A73: АТ "ТАСКОМБАНК" | B73: 0.13187315 | C73: 0.11664259 | D73: 0.1008189 | E73: 0.085157915 | F73: 0.068571998 | G73: 0.051642848 | H73: 0.034881621 | I73: 0.017380065 | J73: 0
A74: Портфельні гарантії | B74: 34.885289 | C74: 34.026549 | D74: 34.241573 | E74: 34.975989 | F74: 36.978691 | G74: 37.603663 | H74: 38.29533 | I74: 37.673058 | J74: 36.677344
A75: 3. Заборгованість, не віднесена до інших категорій | B75: =SUM(B$76:B$76) -> 0.00095465 | C75: =SUM(C$76:C$76) -> 0.00095465 | D75: =SUM(D$76:D$76) -> 0.00095465 | E75: =SUM(E$76:E$76) -> 0.00095465 | F75: =SUM(F$76:F$76) -> 0.00095465 | G75: =SUM(G$76:G$76) -> 0.00095465 | H75: =SUM(H$76:H$76) -> 0.00095465 | I75: =SUM(I$76:I$76) -> 0.00095465 | J75: =SUM(J$76:J$76) -> 0.00095465
A76: Інші кредитори | B76: 0.00095465 | C76: 0.00095465 | D76: 0.00095465 | E76: 0.00095465 | F76: 0.00095465 | G76: 0.00095465 | H76: 0.00095465 | I76: 0.00095465 | J76: 0.00095465
A77: Зовнішній борг | B77: =B$78+B$85+B$88+B$90+B$92 -> 212.38859 | C77: =C$78+C$85+C$88+C$90+C$92 -> 216.11686 | D77: =D$78+D$85+D$88+D$90+D$92 -> 207.86592 | E77: =E$78+E$85+E$88+E$90+E$92 -> 196.79076 | F77: =F$78+F$85+F$88+F$90+F$92 -> 194.74767 | G77: =G$78+G$85+G$88+G$90+G$92 -> 196.32825 | H77: =H$78+H$85+H$88+H$90+H$92 -> 197.39879 | I77: =I$78+I$85+I$88+I$90+I$92 -> 197.38002 | J77: =J$78+J$85+J$88+J$90+J$92 -> 195.99899
A78: 1. Заборгованість за позиками, одержаними від міжнародних фінансових організацій | B78: =SUM(B$79:B$84) -> 129.05538 | C78: =SUM(C$79:C$84) -> 131.96632 | D78: =SUM(D$79:D$84) -> 123.05413 | E78: =SUM(E$79:E$84) -> 110.93567 | F78: =SUM(F$79:F$84) -> 108.24534 | G78: =SUM(G$79:G$84) -> 109.65216 | H78: =SUM(H$79:H$84) -> 109.65803 | I78: =SUM(I$79:I$84) -> 110.07276 | J78: =SUM(J$79:J$84) -> 108.92441
A79: Європейське співтоватиство з атомної енергії | B79: 14.95695 | C79: 15.37269 | D79: 15.30732 | E79: 15.09369 | F79: 15.47409 | G79: 15.43089 | H79: 15.35007 | I79: 15.38241 | J79: 15.56412
A80: Європейський банк реконструкції та розвитку | B80: 66.783923 | C80: 68.5135 | D80: 59.600715 | E80: 50.802112 | F80: 51.298582 | G80: 52.655393 | H80: 52.427566 | I80: 52.463465 | J80: 50.914575
A81: Європейський Інвестиційний Банк | B81: 9.0394755 | C81: 9.2201889 | D81: 9.1809814 | E81: 8.9434765 | F81: 9.1688752 | G81: 9.1432778 | H81: 9.0953895 | I81: 9.0439615 | J81: 9.1507964
A82: Міжнародний банк реконструкції та розвитку | B82: 20.653861 | C82: 20.886844 | D82: 20.93152 | E82: 21.606342 | F82: 21.24938 | G82: 21.348509 | H82: 21.668454 | I82: 22.043468 | J82: 22.148478
A83: Міжнародний Валютний Фонд | B83: 17.581329 | C83: 17.932826 | D83: 17.990431 | E83: 14.446308 | F83: 11.008646 | G83: 11.028125 | H83: 11.069986 | I83: 11.093047 | J83: 11.100181
A84: Фонд чистих технологій (МБРР) | B84: 0.039839149 | C84: 0.04027196 | D84: 0.043157676 | E84: 0.043744391 | F84: 0.045771744 | G84: 0.04596207 | H84: 0.046566898 | I84: 0.046404711 | J84: 0.046258202
A85: 2. Заборгованість за позиками, одержаними від органів управління іноземних держав | B85: =SUM(B$86:B$87) -> 36.535842 | C85: =SUM(C$86:C$87) -> 36.959281 | D85: =SUM(D$86:D$87) -> 37.249272 | E85: =SUM(E$86:E$87) -> 37.711511 | F85: =SUM(F$86:F$87) -> 37.987699 | G85: =SUM(G$86:G$87) -> 38.134399 | H85: =SUM(H$86:H$87) -> 38.6065 | I85: =SUM(I$86:I$87) -> 38.481021 | J85: =SUM(J$86:J$87) -> 38.383637
A86: Експортно-імпортний банк Китаю | B86: 34.969935 | C86: 35.349848 | D86: 35.646682 | E86: 36.131287 | F86: 36.36765 | G86: 36.518873 | H86: 36.999435 | I86: 36.87057 | J86: 36.754162
A87: Німеччина | B87: 1.5659074 | C87: 1.609433 | D87: 1.6025892 | E87: 1.5802233 | F87: 1.620049 | G87: 1.6155262 | H87: 1.6070648 | I87: 1.6104506 | J87: 1.6294746
A88: 3. Заборгованість за позиками, одержаними від іноземних комерційних банків, інших іноземних фінансових установ | B88: =SUM(B$89:B$89) -> 7.0996305 | C88: =SUM(C$89:C$89) -> 7.0190789 | D88: =SUM(D$89:D$89) -> 7.0780186 | E88: =SUM(E$89:E$89) -> 7.1742419 | F88: =SUM(F$89:F$89) -> 7.2211742 | G88: =SUM(G$89:G$89) -> 7.0883047 | H88: =SUM(H$89:H$89) -> 7.1815817 | I88: =SUM(I$89:I$89) -> 6.992104 | J88: =SUM(J$89:J$89) -> 6.9700285
A89: Central Storage Safety Project Trust | B89: 7.0996305 | C89: 7.0190789 | D89: 7.0780186 | E89: 7.1742419 | F89: 7.2211742 | G89: 7.0883047 | H89: 7.1815817 | I89: 6.992104 | J89: 6.9700285
A90: 4. Заборгованість за випущеними цінними паперами на зовнішньому ринку | B90: =SUM(B$91:B$91) -> 34.969935 | C90: =SUM(C$91:C$91) -> 35.349848 | D90: =SUM(D$91:D$91) -> 35.646682 | E90: =SUM(E$91:E$91) -> 36.131287 | F90: =SUM(F$91:F$91) -> 36.36765 | G90: =SUM(G$91:G$91) -> 36.518873 | H90: =SUM(H$91:H$91) -> 36.999435 | I90: =SUM(I$91:I$91) -> 36.87057 | J90: =SUM(J$91:J$91) -> 36.754162
A91: Облігації Укренерго (5 - річні) | B91: 34.969935 | C91: 35.349848 | D91: 35.646682 | E91: 36.131287 | F91: 36.36765 | G91: 36.518873 | H91: 36.999435 | I91: 36.87057 | J91: 36.754162
A92: 5. Заборгованість, не віднесена до інших категорій | B92: =SUM(B$93:B$93) -> 4.727807 | C92: =SUM(C$93:C$93) -> 4.8223281 | D92: =SUM(D$93:D$93) -> 4.8378188 | E92: =SUM(E$93:E$93) -> 4.8380466 | F92: =SUM(F$93:F$93) -> 4.925799 | G92: =SUM(G$93:G$93) -> 4.9345146 | H92: =SUM(H$93:H$93) -> 4.9532452 | I92: =SUM(I$93:I$93) -> 4.9635641 | J92: =SUM(J$93:J$93) -> 4.9667561
A93: Міжнародний Валютний Фонд | B93: 4.727807 | C93: 4.8223281 | D93: 4.8378188 | E93: 4.8380466 | F93: 4.925799 | G93: 4.9345146 | H93: 4.9532452 | I93: 4.9635641 | J93: 4.9667561
A94: *Кредит ЄС у межах ERA (Extraordinary Revenue Acceleration) погашення якого буде здійснюватися за рахунок джерел інших, ніж Державний бюджет України, в тому числі за рахунок доходів, отриманих від заморожених активів Російської Федерації, відповідно до механізму кредитної співпраці з Україною, визначеного Регламентом (ЄС) 2024/2773 Європейського Парламенту і Рад и Європейського Союзу від 24 жовтня 2024 року

Sheet MKT2_FCUR
A2: =IF(REPORT_LANG="UKR","Державний та гарантований державою борг України за поточний рік","State debt and State guaranteed debt of Ukraine for the current year") -> Державний та гарантований державою борг України за поточний рік
J4: =VALUSD -> млрд. дол. США
B5: 46022 | C5: 46053 | D5: 46081 | E5: 46112 | F5: 46142 | G5: 46173 | H5: 46203 | I5: 46234 | J5: 46265
A6: =IF(REPORT_LANG="UKR","Загальна сума державного та гарантованого державою боргу","Total amount of state debt and state guaranteed debt") -> Загальна сума державного та гарантованого державою боргу | B6: =B$7+B$62 -> 213.33207 | C6: =C$7+C$62 -> 215.00503 | D6: =D$7+D$62 -> 213.1821 | E6: =E$7+E$62 -> 210.82138 | F6: =F$7+F$62 -> 212.00287 | G6: =G$7+G$62 -> 210.47803 | H6: =H$7+H$62 -> 211.6241 | I6: =I$7+I$62 -> 214.18901 | J6: =J$7+J$62 -> 215.55074
A7: Державний борг | B7: =B$8+B$23 -> 206.80465 | C7: =C$8+C$23 -> 208.49739 | D7: =D$8+D$23 -> 206.92052 | E7: =E$8+E$23 -> 204.88558 | F7: =F$8+F$23 -> 206.11927 | G7: =G$8+G$23 -> 204.58059 | H7: =H$8+H$23 -> 205.78027 | I7: =I$8+I$23 -> 208.34991 | J7: =J$8+J$23 -> 209.76377
A8: Внутрішній борг | B8: =B$9+B$21 -> 46.409759 | C8: =C$9+C$21 -> 46.504743 | D8: =D$9+D$21 -> 46.510189 | E8: =E$9+E$21 -> 45.983924 | F8: =F$9+F$21 -> 45.454581 | G8: =G$9+G$21 -> 44.931248 | H8: =H$9+H$21 -> 44.138618 | I8: =I$9+I$21 -> 44.999557 | J8: =J$9+J$21 -> 44.968409
A9: 1. Заборгованість за випущеними цінними паперами на внутрішньому ринку | B9: =SUM(B$10:B$20) -> 46.378559 | C9: =SUM(C$10:C$20) -> 46.473877 | D9: =SUM(D$10:D$20) -> 46.479581 | E9: =SUM(E$10:E$20) -> 45.954482 | F9: =SUM(F$10:F$20) -> 45.42533 | G9: =SUM(G$10:G$20) -> 44.902118 | H9: =SUM(H$10:H$20) -> 44.110603 | I9: =SUM(I$10:I$20) -> 44.971444 | J9: =SUM(J$10:J$20) -> 44.940208
A10: ОВДП 2014 | B10: 0.1002647 | C10: 0.099187132 | D10: 0.098361187 | E10: 0.097041934 | F10: 0.096411234 | G10: 0.096012 | H10: 0.094764961 | I10: 0.09509617 | J10: 0.095397358
A11: ОВДП 2015 | B11: 0.56384148 | C11: 0.55778176 | D11: 0.55313703 | E11: 0.48863468 | F11: 0.42874643 | G11: 0.38856621 | H11: 0.33892409 | I11: 0.34010866 | J11: 0.34118585
A12: ОВДП 2016 | B12: 2.6012201 | C12: 2.4958049 | D12: 2.475022 | E12: 2.4418262 | F12: 2.4259561 | G12: 2.4159104 | H12: 2.3845316 | I12: 2.3928657 | J12: 2.4004444
A13: ОВДП 2017 | B13: 6.7299296 | C13: 6.6576015 | D13: 6.6021627 | E13: 6.5136123 | F13: 6.4712787 | G13: 6.4444815 | H13: 6.3607782 | I13: 6.3830095 | J13: 6.4032257
A14: ОВДП 2020 | B14: 0.25278302 | C14: 0.2500663 | D14: 0.24798397 | E14: 0.24465792 | F14: 0.24306783 | G14: 0.2420613 | H14: 0.23891732 | I14: 0.23975235 | J14: 0.24051169
A15: ОВДП 2021 | B15: 0.92398782 | C15: 0.91405752 | D15: 0.90644604 | E15: 0.89428848 | F15: 0.88847627 | G15: 0.63745469 | H15: 0.62917519 | I15: 0.6313742 | J15: 0.63337388
A16: ОВДП 2022 | B16: 10.147578 | C16: 10.03852 | D16: 9.9549274 | E16: 9.8214086 | F16: 9.7575768 | G16: 9.7144479 | H16: 9.588273 | I16: 9.6217847 | J16: 9.6522587
A17: ОВДП 2023 | B17: 2.2461923 | C17: 1.8386378 | D17: 1.7418457 | E17: 1.7184835 | F17: 1.7073146 | G17: 1.7002447 | H17: 1.3263089 | I17: 1.2368003 | J17: 0.92890681
A18: ОВДП 2024 | B18: 9.0040548 | C18: 8.4764435 | D18: 7.838144 | E18: 7.2988209 | F18: 6.8820118 | G18: 6.4388204 | H18: 6.1163709 | I18: 5.8210561 | J18: 5.7062648
A19: ОВДП 2025 | B19: 13.808707 | C19: 13.711339 | D19: 13.151265 | E19: 12.988734 | F19: 12.518425 | G19: 12.472018 | H19: 11.884915 | I19: 11.498412 | J19: 11.065807
A20: ОВДП 2026 | B20: 0 | C20: 1.4344385 | D20: 2.9102863 | E20: 3.4469737 | F20: 4.0060648 | G20: 4.3521005 | H20: 5.1476444 | I20: 6.7111848 | J20: 7.4728319
A21: 2. Заборгованість перед банківськими та іншими фінансовими установами | B21: =SUM(B$22:B$22) -> 0.03120061 | C21: =SUM(C$22:C$22) -> 0.03086529 | D21: =SUM(D$22:D$22) -> 0.030608271 | E21: =SUM(E$22:E$22) -> 0.029442799 | F21: =SUM(F$22:F$22) -> 0.029251443 | G21: =SUM(G$22:G$22) -> 0.029130314 | H21: =SUM(H$22:H$22) -> 0.028014729 | I21: =SUM(I$22:I$22) -> 0.028112642 | J21: =SUM(J$22:J$22) -> 0.02820168
A22: Національний банк України | B22: 0.03120061 | C22: 0.03086529 | D22: 0.030608271 | E22: 0.029442799 | F22: 0.029251443 | G22: 0.029130314 | H22: 0.028014729 | I22: 0.028112642 | J22: 0.02820168
A23: Зовнішній борг | B23: =B$24+B$35+B$46+B$48+B$55+B$58+B$60 -> 160.39489 | C23: =C$24+C$35+C$46+C$48+C$55+C$58+C$60 -> 161.99265 | D23: =D$24+D$35+D$46+D$48+D$55+D$58+D$60 -> 160.41033 | E23: =E$24+E$35+E$46+E$48+E$55+E$58+E$60 -> 158.90165 | F23: =F$24+F$35+F$46+F$48+F$55+F$58+F$60 -> 160.66469 | G23: =G$24+G$35+G$46+G$48+G$55+G$58+G$60 -> 159.64934 | H23: =H$24+H$35+H$46+H$48+H$55+H$58+H$60 -> 161.64165 | I23: =I$24+I$35+I$46+I$48+I$55+I$58+I$60 -> 163.35036 | J23: =J$24+J$35+J$46+J$48+J$55+J$58+J$60 -> 164.79536
A24: 1. Заборгованість за позиками, одержаними від міжнародних фінансових організацій | B24: =SUM(B$25:B$34) -> 123.48506 | C24: =SUM(C$25:C$34) -> 124.89167 | D24: =SUM(D$25:D$34) -> 123.48687 | E24: =SUM(E$25:E$34) -> 122.19948 | F24: =SUM(F$25:F$34) -> 123.72716 | G24: =SUM(G$25:G$34) -> 122.74728 | H24: =SUM(H$25:H$34) -> 125.00699 | I24: =SUM(I$25:I$34) -> 126.59149 | J24: =SUM(J$25:J$34) -> 127.84684
A25: NEFCO | B25: 0.011468928 | C25: 0.01166103 | D25: 0.011514753 | E25: 0.010501658 | F25: 0.010696354 | G25: 0.010622323 | H25: 0.010429444 | I25: 0.010487945 | J25: 0.010645447
A26: Банк розвитку Ради Європи | B26: 0.53948969 | C26: 0.54852605 | D26: 0.5416453 | E26: 0.52692272 | F26: 0.53669162 | G26: 0.56202711 | H26: 0.55182188 | I26: 0.5549172 | J26: 0.59643975
A27: Європейський банк реконструкції та розвитку | B27: 0.063044279 | C27: 0.064401691 | D27: 0.063903143 | E27: 0.063017185 | F27: 0.062880084 | G27: 0.063351856 | H27: 0.061272596 | I27: 0.065477238 | J27: 0.066460539
A28: Європейський Інвестиційний Банк | B28: 3.3614525 | C28: 3.4177563 | D28: 3.3613226 | E28: 3.2673921 | F28: 3.3251325 | G28: 3.2250692 | H28: 3.1680697 | I28: 3.2062793 | J28: 3.2410563
A29: Європейський Союз | B29: 61.366317 | C29: 62.394193 | D29: 61.611515 | E29: 59.936839 | F29: 60.989535 | G29: 60.567418 | H29: 62.254317 | I29: 62.603517 | J29: 63.543662
A30: Європейський Союз ERA* | B30: 21.307669 | C30: 21.664569 | D30: 21.392807 | E30: 20.811324 | F30: 21.197156 | G30: 20.854407 | H30: 20.475735 | I30: 20.590589 | J30: 20.899807
A31: Міжнародна асоціація розвитку | B31: 6.6807061 | C31: 6.6994475 | D31: 6.6852583 | E31: 6.6631378 | F31: 6.683285 | G31: 6.6815742 | H31: 6.6616151 | I31: 6.6677252 | J31: 6.5922608
A32: Міжнародний банк реконструкції та розвитку | B32: 16.490269 | C32: 16.480034 | D32: 16.362869 | E32: 16.312498 | F32: 16.319334 | G32: 16.300401 | H32: 17.649142 | I32: 18.127232 | J32: 18.160871
A33: Міжнародний Валютний Фонд | B33: 13.560403 | C33: 13.509107 | D33: 13.353726 | E33: 14.505538 | F33: 14.50014 | G33: 14.380099 | H33: 14.076687 | I33: 14.669779 | J33: 14.64015
A34: Фонд чистих технологій (МБРР) | B34: 0.10424045 | C34: 0.10197585 | D34: 0.10230789 | E34: 0.10230789 | F34: 0.10230789 | G34: 0.10230789 | H34: 0.097903769 | I34: 0.095482519 | J34: 0.095482519
A35: 2.1. Заборгованість за позиками, одержаними від органів управління іноземних держав (крім неврегульованої від органів управління держави-агресора та/або такої, що оскаржується) | B35: =SUM(B$36:B$45) -> 8.0905349 | C35: =SUM(C$36:C$45) -> 8.2015782 | D35: =SUM(D$36:D$45) -> 8.1093732 | E35: =SUM(E$36:E$45) -> 7.9609204 | F35: =SUM(F$36:F$45) -> 8.0856737 | G35: =SUM(G$36:G$45) -> 8.0180353 | H35: =SUM(H$36:H$45) -> 7.8591449 | I35: =SUM(I$36:I$45) -> 7.9418779 | J35: =SUM(J$36:J$45) -> 8.0544492
A36: Великобританія | B36: 0.025666995 | C36: 0.026260318 | D36: 0.025763972 | E36: 0.025164963 | F36: 0.025684095 | G36: 0.025497745 | H36: 0.025163051 | I36: 0.02545401 | J36: 0.025834923
A37: Італія | B37: 0.23523986 | C37: 0.23918008 | D37: 0.23617979 | E37: 0.22976014 | F37: 0.23401978 | G37: 0.2324001 | H37: 0.2281802 | I37: 0.22946012 | J37: 0.23290603
A38: Канада | B38: 5.3180098 | C38: 5.3835577 | D38: 5.327736 | E38: 5.2415878 | F38: 5.3273671 | G38: 5.2664473 | H38: 5.1448244 | I38: 5.198784 | J38: 5.2664139
A39: Нідерланди | B39: 0.23523986 | C39: 0.23918008 | D39: 0.23617979 | E39: 0.22976014 | F39: 0.23401978 | G39: 0.2324001 | H39: 0.2281802 | I39: 0.22946012 | J39: 0.23290603
A40: Німеччина | B40: 0.66596793 | C40: 0.67712278 | D40: 0.66983757 | E40: 0.65163057 | F40: 0.6637115 | G40: 0.65985777 | H40: 0.64787614 | I40: 0.6517354 | J40: 0.66239069
A41: Польща | B41: 0.13180856 | C41: 0.13401633 | D41: 0.13233522 | E41: 0.1284606 | F41: 0.1352054 | G41: 0.1343237 | H41: 0.13758461 | I41: 0.13935501 | J41: 0.14144777
A42: Республіка Корея | B42: 0.1 | C42: 0.1 | D42: 0.1 | E42: 0.1 | F42: 0.1 | G42: 0.1 | H42: 0.1 | I42: 0.1 | J42: 0.1
A43: США | B43: 0.00051251526 | C43: 0.00051251526 | D43: 0.00051251526 | E43: 0.00051251526 | F43: 0.00051251526 | G43: 0.00051251526 | H43: 0.00051251526 | I43: 0.00051251526 | J43: 0.00051251526
A44: Франція | B44: 0.52289666 | C44: 0.53165509 | D44: 0.52637621 | E44: 0.51793409 | F44: 0.5308172 | G44: 0.5302009 | H44: 0.52268987 | I44: 0.53885103 | J44: 0.5469432
A45: Японія | B45: 0.85519274 | C45: 0.87009324 | D45: 0.8544521 | E45: 0.83610959 | F45: 0.83433634 | G45: 0.8363951 | H45: 0.82413399 | I45: 0.82826578 | J45: 0.8450941
A46: 2.2 Неврегульована заборгованість за позиками, одержаними від органів управління держави-агресора, та/або така, що оскаржується | B46: =SUM(B$47:B$47) -> 0.60585586 | C46: =SUM(C$47:C$47) -> 0.60585586 | D46: =SUM(D$47:D$47) -> 0.60585586 | E46: =SUM(E$47:E$47) -> 0.60585586 | F46: =SUM(F$47:F$47) -> 0.60585586 | G46: =SUM(G$47:G$47) -> 0.60585586 | H46: =SUM(H$47:H$47) -> 0.60585586 | I46: =SUM(I$47:I$47) -> 0.60585586 | J46: =SUM(J$47:J$47) -> 0.60585586
A47: Росія | B47: 0.60585586 | C47: 0.60585586 | D47: 0.60585586 | E47: 0.60585586 | F47: 0.60585586 | G47: 0.60585586 | H47: 0.60585586 | I47: 0.60585586 | J47: 0.60585586
A48: 3. Заборгованість за позиками, одержаними від іноземних комерційних банків, інших іноземних фінансових установ | B48: =SUM(B$49:B$54) -> 2.1403457 | C48: =SUM(C$49:C$54) -> 2.1814142 | D48: =SUM(D$49:D$54) -> 2.1185341 | E48: =SUM(E$49:E$54) -> 2.1036939 | F48: =SUM(F$49:F$54) -> 2.1649759 | G48: =SUM(G$49:G$54) -> 2.2074487 | H48: =SUM(H$49:H$54) -> 2.1388595 | I48: =SUM(I$49:I$54) -> 2.15643 | J48: =SUM(J$49:J$54) -> 2.2171013
A49: Cargill | B49: 0.76452953 | C49: 0.77733527 | D49: 0.76758432 | E49: 0.74672044 | F49: 0.76056429 | G49: 0.75530031 | H49: 0.74158565 | I49: 0.7457454 | J49: 0.75694459
A50: Chase Manhattan Bank | B50: 6.013813e-05 | C50: 6.114543e-05 | D50: 6.037842e-05 | E50: 5.873726e-05 | F50: 5.982622e-05 | G50: 5.941216e-05 | H50: 5.833336e-05 | I50: 5.866056e-05 | J50: 5.954149e-05
A51: Citibank Europe PLC | B51: 0.64078382 | C51: 0.65552105 | D51: 0.64320744 | E51: 0.67899403 | F51: 0.69297697 | G51: 0.75257433 | H51: 0.74187258 | I51: 0.75037451 | J51: 0.82491232
A52: Credit Agricole Corporate and Investment Bank | B52: 0.17184045 | C52: 0.17471875 | D52: 0.17078592 | E52: 0.15486577 | F52: 0.15773691 | G52: 0.14977926 | H52: 0.14268652 | I52: 0.14348689 | J52: 0.13872095
A53: Deutsche Bank | B53: 0.37245861 | C53: 0.37869723 | D53: 0.34550243 | E53: 0.33611125 | F53: 0.3423426 | G53: 0.33997319 | H53: 0.30564762 | I53: 0.30736208 | J53: 0.28392776
A54: National Westminster Bank PLC | B54: 0.19067316 | C54: 0.1950808 | D54: 0.19139358 | E54: 0.18694371 | F54: 0.21129528 | G54: 0.20976224 | H54: 0.20700881 | I54: 0.20940244 | J54: 0.2125361
A55: 4.1.Заборгованість за випущеними цінними паперами (крім неврегульованої та/або такої, що оскаржується) | B55: =SUM(B$56:B$57) -> 18.75064 | C55: =SUM(C$56:C$57) -> 18.75064 | D55: =SUM(D$56:D$57) -> 18.75064 | E55: =SUM(E$56:E$57) -> 18.75064 | F55: =SUM(F$56:F$57) -> 18.75064 | G55: =SUM(G$56:G$57) -> 18.75064 | H55: =SUM(H$56:H$57) -> 18.75064 | I55: =SUM(I$56:I$57) -> 18.75064 | J55: =SUM(J$56:J$57) -> 18.75064
A56: ОЗДП 2024 року | B56: 15.252975 | C56: 15.252975 | D56: 15.252975 | E56: 15.252975 | F56: 15.252975 | G56: 15.252975 | H56: 15.252975 | I56: 15.252975 | J56: 15.252975
A57: ОЗДП 2025 року | B57: 3.4976653 | C57: 3.4976653 | D57: 3.4976653 | E57: 3.4976653 | F57: 3.4976653 | G57: 3.4976653 | H57: 3.4976653 | I57: 3.4976653 | J57: 3.4976653
A58: 4.2.Неврегульована заборгованість за випущеними цінними паперами, та/або така, що оскаржується | B58: =SUM(B$59:B$59) -> 3 | C58: =SUM(C$59:C$59) -> 3 | D58: =SUM(D$59:D$59) -> 3 | E58: =SUM(E$59:E$59) -> 3 | F58: =SUM(F$59:F$59) -> 3 | G58: =SUM(G$59:G$59) -> 3 | H58: =SUM(H$59:H$59) -> 3 | I58: =SUM(I$59:I$59) -> 3 | J58: =SUM(J$59:J$59) -> 3
A59: ОЗДП 2013 року | B59: 3 | C59: 3 | D59: 3 | E59: 3 | F59: 3 | G59: 3 | H59: 3 | I59: 3 | J59: 3
A60: 5. Заборгованість, не віднесена до інших категорій | B60: =SUM(B$61:B$61) -> 4.3224519 | C60: =SUM(C$61:C$61) -> 4.3614859 | D60: =SUM(D$61:D$61) -> 4.3390608 | E60: =SUM(E$61:E$61) -> 4.2810655 | F60: =SUM(F$61:F$61) -> 4.3303869 | G60: =SUM(G$61:G$61) -> 4.3200854 | H60: =SUM(H$61:H$61) -> 4.2801599 | I60: =SUM(I$61:I$61) -> 4.3040672 | J60: =SUM(J$61:J$61) -> 4.3204757
A61: Міжнародний Валютний Фонд | B61: 4.3224519 | C61: 4.3614859 | D61: 4.3390608 | E61: 4.2810655 | F61: 4.3303869 | G61: 4.3200854 | H61: 4.2801599 | I61: 4.3040672 | J61: 4.3204757
A62: Гарантований державою борг | B62: =B$63+B$77 -> 6.5274207 | C62: =C$63+C$77 -> 6.5076373 | D62: =D$63+D$77 -> 6.2615755 | E62: =E$63+E$77 -> 5.935804 | F62: =F$63+F$77 -> 5.8835965 | G62: =G$63+G$77 -> 5.8974371 | H62: =H$63+H$77 -> 5.8438271 | I62: =I$63+I$77 -> 5.8391009 | J62: =J$63+J$77 -> 5.7869696
A63: Внутрішній борг | B63: =B$64+B$67+B$75 -> 1.516814 | C63: =C$64+C$67+C$75 -> 1.46387 | D63: =D$64+D$67+D$75 -> 1.4507665 | E63: =E$64+E$67+E$75 -> 1.4424026 | F63: =F$64+F$67+F$75 -> 1.4657464 | G63: =G$64+G$67+G$75 -> 1.4621741 | H63: =H$64+H$67+H$75 -> 1.4423003 | I63: =I$64+I$67+I$75 -> 1.4226107 | J63: =J$64+J$67+J$75 -> 1.3874905
A64: 1. Заборгованість за випущеними цінними паперами на внутрішньому ринку | B64: =SUM(B$65:B$66) -> 0.058389716 | C64: =SUM(C$65:C$66) -> 0.057762189 | D64: =SUM(D$65:D$66) -> 0.057281195 | E64: =SUM(E$65:E$66) -> 0.05651292 | F64: =SUM(F$65:F$66) -> 0.056145629 | G64: =SUM(G$65:G$66) -> 0.055913133 | H64: =SUM(H$65:H$66) -> 0.055186912 | I64: =SUM(I$65:I$66) -> 0.055379794 | J64: =SUM(J$65:J$66) -> 0.055555192
A65: Державні цінні папери | B65: 2.7366e-07 | C65: 2.7072e-07 | D65: 2.6847e-07 | E65: 2.6487e-07 | F65: 2.6315e-07 | G65: 2.6206e-07 | H65: 2.5865e-07 | I65: 2.5956e-07 | J65: 2.6038e-07
A66: Облігації ДІУ (10 - річні) | B66: 0.058389442 | C66: 0.057761918 | D66: 0.057280927 | E66: 0.056512655 | F66: 0.056145365 | G66: 0.055912871 | H66: 0.055186654 | I66: 0.055379534 | J66: 0.055554932
A67: 2. Заборгованість перед банківськими та іншими фінансовими установами | B67: =SUM(B$68:B$74) -> 1.4584018 | C67: =SUM(C$68:C$74) -> 1.4060855 | D67: =SUM(D$68:D$74) -> 1.3934632 | E67: =SUM(E$68:E$74) -> 1.3858679 | F67: =SUM(F$68:F$74) -> 1.4095791 | G67: =SUM(G$68:G$74) -> 1.4062394 | H67: =SUM(H$68:H$74) -> 1.3870921 | I67: =SUM(I$68:I$74) -> 1.3672095 | J67: =SUM(J$68:J$74) -> 1.3319139
A68: АБ "УКРГАЗБАНК" | B68: 0.035912474 | C68: 0.033824374 | D68: 0.032318494 | E68: 0.033249547 | F68: 0.033824751 | G68: 0.034404534 | H68: 0.032143401 | I68: 0.031392219 | J68: 0.031012284
A69: АТ "БАНК КРЕДИТ ДНІПРО" | B69: 0.0028888889 | C69: 0.0025277778 | D69: 0.0021666667 | E69: 0.0018055556 | F69: 0.0014444445 | G69: 0.0010833334 | H69: 0.00072222226 | I69: 0.00036111115 | J69: 0
A70: АТ "Державний експортно-імпортний банк України" | B70: 0.24133749 | C70: 0.23579098 | D70: 0.235707 | E70: 0.22778947 | F70: 0.21081258 | G70: 0.2022495 | H70: 0.18870071 | I70: 0.17798372 | J70: 0.17313964
A71: АТ "Державний ощадний банк України" | B71: 0.34992654 | C71: 0.33515904 | D71: 0.32679065 | E71: 0.3210694 | F71: 0.32196922 | G71: 0.31699548 | H71: 0.31029698 | I71: 0.31384964 | J71: 0.30448624
A72: АТ "ПУМБ" | B72: 0.0022222222 | C72: 0.0019444444 | D72: 0.0016666666 | E72: 0.0013888888 | F72: 0.001111111 | G72: 0.00083333326 | H72: 0.00055555548 | I72: 0.0002777777 | J72: 0
A73: АТ "ТАСКОМБАНК" | B73: 0.0031111111 | C73: 0.0027222222 | D73: 0.0023333333 | E73: 0.0019444444 | F73: 0.0015555555 | G73: 0.0011666666 | H73: 0.00077777774 | I73: 0.00038888885 | J73: 0
A74: Портфельні гарантії | B74: 0.82300305 | C74: 0.79411667 | D74: 0.79248041 | E74: 0.79862062 | F74: 0.83886147 | G74: 0.84950656 | H74: 0.85389541 | I74: 0.84295614 | J74: 0.82327571
A75: 3. Заборгованість, не віднесена до інших категорій | B75: =SUM(B$76:B$76) -> 2.252181e-05 | C75: =SUM(C$76:C$76) -> 2.227976e-05 | D75: =SUM(D$76:D$76) -> 2.209424e-05 | E75: =SUM(E$76:E$76) -> 2.17979e-05 | F75: =SUM(F$76:F$76) -> 2.165623e-05 | G75: =SUM(G$76:G$76) -> 2.156655e-05 | H75: =SUM(H$76:H$76) -> 2.128644e-05 | I75: =SUM(I$76:I$76) -> 2.136084e-05 | J75: =SUM(J$76:J$76) -> 2.142849e-05
A76: Інші кредитори | B76: 2.252181e-05 | C76: 2.227976e-05 | D76: 2.209424e-05 | E76: 2.17979e-05 | F76: 2.165623e-05 | G76: 2.156655e-05 | H76: 2.128644e-05 | I76: 2.136084e-05 | J76: 2.142849e-05
A77: Зовнішній борг | B77: =B$78+B$85+B$88+B$90+B$92 -> 5.0106067 | C77: =C$78+C$85+C$88+C$90+C$92 -> 5.0437673 | D77: =D$78+D$85+D$88+D$90+D$92 -> 4.810809 | E77: =E$78+E$85+E$88+E$90+E$92 -> 4.4934014 | F77: =F$78+F$85+F$88+F$90+F$92 -> 4.4178501 | G77: =G$78+G$85+G$88+G$90+G$92 -> 4.435263 | H77: =H$78+H$85+H$88+H$90+H$92 -> 4.4015268 | I77: =I$78+I$85+I$88+I$90+I$92 -> 4.4164902 | J77: =J$78+J$85+J$88+J$90+J$92 -> 4.3994791
A78: 1. Заборгованість за позиками, одержаними від міжнародних фінансових організацій | B78: =SUM(B$79:B$84) -> 3.044635 | C78: =SUM(C$79:C$84) -> 3.0798496 | D78: =SUM(D$79:D$84) -> 2.8479411 | E78: =SUM(E$79:E$84) -> 2.5330382 | F78: =SUM(F$79:F$84) -> 2.4555452 | G78: =SUM(G$79:G$84) -> 2.4771583 | H78: =SUM(H$79:H$84) -> 2.4451151 | I78: =SUM(I$79:I$84) -> 2.4629406 | J78: =SUM(J$79:J$84) -> 2.4449649
A79: Європейське співтоватиство з атомної енергії | B79: 0.35285979 | C79: 0.35877013 | D79: 0.35426969 | E79: 0.3446402 | F79: 0.35102967 | G79: 0.34860015 | H79: 0.3422703 | I79: 0.34419018 | J79: 0.34935904
A80: Європейський банк реконструкції та розвитку | B80: 1.5755459 | C80: 1.5989783 | D80: 1.3793875 | E80: 1.1599847 | F80: 1.1637081 | G80: 1.1895411 | H80: 1.1690109 | I80: 1.1738999 | J80: 1.1428508
A81: Європейський Інвестиційний Банк | B81: 0.21325654 | C81: 0.21518214 | D81: 0.21248288 | E81: 0.20420994 | F81: 0.2079959 | G81: 0.20655633 | H81: 0.2028057 | I81: 0.20236379 | J81: 0.20540278
A82: Міжнародний банк реконструкції та розвитку | B82: 0.48725958 | C82: 0.48746026 | D82: 0.4844351 | E82: 0.49334618 | F82: 0.4820421 | G82: 0.48228543 | H82: 0.48315534 | I82: 0.49323515 | J82: 0.49715443
A83: Міжнародний Валютний Фонд | B83: 0.41477333 | C83: 0.41851895 | D83: 0.41636709 | E83: 0.32985827 | F83: 0.2497311 | G83: 0.24913701 | H83: 0.24683453 | I83: 0.24821325 | J83: 0.24915952
A84: Фонд чистих технологій (МБРР) | B84: 0.000939873 | C84: 0.000939873 | D84: 0.000998833 | E84: 0.000998833 | F84: 0.0010383318 | G84: 0.0010383318 | H84: 0.0010383318 | I84: 0.0010383318 | J84: 0.0010383318
A85: 2. Заборгованість за позиками, одержаними від органів управління іноземних держав | B85: =SUM(B$86:B$87) -> 0.86194241 | C85: =SUM(C$86:C$87) -> 0.86256119 | D85: =SUM(D$86:D$87) -> 0.86209002 | E85: =SUM(E$86:E$87) -> 0.86108186 | F85: =SUM(F$86:F$87) -> 0.86175081 | G85: =SUM(G$86:G$87) -> 0.86149645 | H85: =SUM(H$86:H$87) -> 0.86083375 | I85: =SUM(I$86:I$87) -> 0.86103475 | J85: =SUM(J$86:J$87) -> 0.8615759
A86: Експортно-імпортний банк Китаю | B86: 0.825 | C86: 0.825 | D86: 0.825 | E86: 0.825 | F86: 0.825 | G86: 0.825 | H86: 0.825 | I86: 0.825 | J86: 0.825
A87: Німеччина | B87: 0.036942408 | C87: 0.037561187 | D87: 0.037090017 | E87: 0.036081865 | F87: 0.036750806 | G87: 0.036496448 | H87: 0.03583375 | I87: 0.03603475 | J87: 0.0365759
A88: 3. Заборгованість за позиками, одержаними від іноземних комерційних банків, інших іноземних фінансових установ | B88: =SUM(B$89:B$89) -> 0.16749231 | C88: =SUM(C$89:C$89) -> 0.16381231 | D88: =SUM(D$89:D$89) -> 0.16381231 | E88: =SUM(E$89:E$89) -> 0.16381231 | F88: =SUM(F$89:F$89) -> 0.16381231 | G88: =SUM(G$89:G$89) -> 0.16013231 | H88: =SUM(H$89:H$89) -> 0.16013231 | I88: =SUM(I$89:I$89) -> 0.15645231 | J88: =SUM(J$89:J$89) -> 0.15645231
A89: Central Storage Safety Project Trust | B89: 0.16749231 | C89: 0.16381231 | D89: 0.16381231 | E89: 0.16381231 | F89: 0.16381231 | G89: 0.16013231 | H89: 0.16013231 | I89: 0.15645231 | J89: 0.15645231
A90: 4. Заборгованість за випущеними цінними паперами на зовнішньому ринку | B90: =SUM(B$91:B$91) -> 0.825 | C90: =SUM(C$91:C$91) -> 0.825 | D90: =SUM(D$91:D$91) -> 0.825 | E90: =SUM(E$91:E$91) -> 0.825 | F90: =SUM(F$91:F$91) -> 0.825 | G90: =SUM(G$91:G$91) -> 0.825 | H90: =SUM(H$91:H$91) -> 0.825 | I90: =SUM(I$91:I$91) -> 0.825 | J90: =SUM(J$91:J$91) -> 0.825
A91: Облігації Укренерго (5 - річні) | B91: 0.825 | C91: 0.825 | D91: 0.825 | E91: 0.825 | F91: 0.825 | G91: 0.825 | H91: 0.825 | I91: 0.825 | J91: 0.825
A92: 5. Заборгованість, не віднесена до інших категорій | B92: =SUM(B$93:B$93) -> 0.11153697 | C92: =SUM(C$93:C$93) -> 0.11254421 | D92: =SUM(D$93:D$93) -> 0.11196555 | E92: =SUM(E$93:E$93) -> 0.11046904 | F92: =SUM(F$93:F$93) -> 0.11174173 | G92: =SUM(G$93:G$93) -> 0.11147591 | H92: =SUM(H$93:H$93) -> 0.11044567 | I92: =SUM(I$93:I$93) -> 0.11106257 | J92: =SUM(J$93:J$93) -> 0.11148598
A93: Міжнародний Валютний Фонд | B93: 0.11153697 | C93: 0.11254421 | D93: 0.11196555 | E93: 0.11046904 | F93: 0.11174173 | G93: 0.11147591 | H93: 0.11044567 | I93: 0.11106257 | J93: 0.11148598
A94: *Кредит ЄС у межах ERA (Extraordinary Revenue Acceleration) погашення якого буде здійснюватися за рахунок джерел інших, ніж Державний бюджет України, в тому числі за рахунок доходів, отриманих від заморожених активів Російської Федерації, відповідно до механізму кредитної співпраці з Україною, визначеного Регламентом (ЄС) 2024/2773 Європейського Парламенту і Рад и Європейського Союзу від 24 жовтня 2024 року

Sheet MKT2_EUR
A2: =IF(REPORT_LANG="UKR","Державний та гарантований державою борг України за поточний рік","State debt and State guaranteed debt of Ukraine for the current year") -> Державний та гарантований державою борг України за поточний рік
J4: =VALEUR -> млрд. євро
B5: 46022 | C5: 46053 | D5: 46081 | E5: 46112 | F5: 46142 | G5: 46173 | H5: 46203 | I5: 46234 | J5: 46265
A6: =IF(REPORT_LANG="UKR","Загальна сума державного та гарантованого державою боргу","Total amount of state debt and state guaranteed debt") -> Загальна сума державного та гарантованого державою боргу | B6: =B$7+B$62 -> 181.37408 | C6: =C$7+C$62 -> 179.78506 | D6: =D$7+D$62 -> 180.52527 | E6: =E$7+E$62 -> 183.51433 | F6: =F$7+F$62 -> 181.18372 | G6: =G$7+G$62 -> 181.1342 | H6: =H$7+H$62 -> 185.48857 | I6: =I$7+I$62 -> 186.68953 | J6: =J$7+J$62 -> 185.09674
A7: Державний борг | B7: =B$8+B$23 -> 175.8245 | C7: =C$8+C$23 -> 174.34344 | D7: =D$8+D$23 -> 175.22289 | E7: =E$8+E$23 -> 178.34737 | F7: =F$8+F$23 -> 176.15543 | G7: =G$8+G$23 -> 176.05895 | H7: =H$8+H$23 -> 180.36646 | I7: =I$8+I$23 -> 181.60011 | J7: =J$8+J$23 -> 180.12738
A8: Внутрішній борг | B8: =B$9+B$21 -> 39.457395 | C8: =C$9+C$21 -> 38.886802 | D8: =D$9+D$21 -> 39.38541 | E8: =E$9+E$21 -> 40.027766 | F8: =F$9+F$21 -> 38.846785 | G8: =G$9+G$21 -> 38.667151 | H8: =H$9+H$21 -> 38.687509 | I8: =I$9+I$21 -> 39.222115 | J8: =J$9+J$21 -> 38.615067
A9: 1. Заборгованість за випущеними цінними паперами на внутрішньому ринку | B9: =SUM(B$10:B$20) -> 39.430868 | C9: =SUM(C$10:C$20) -> 38.860993 | D9: =SUM(D$10:D$20) -> 39.359491 | E9: =SUM(E$10:E$20) -> 40.002137 | F9: =SUM(F$10:F$20) -> 38.821786 | G9: =SUM(G$10:G$20) -> 38.642082 | H9: =SUM(H$10:H$20) -> 38.662954 | I9: =SUM(I$10:I$20) -> 39.197612 | J9: =SUM(J$10:J$20) -> 38.59085
A10: ОВДП 2014 | B10: 0.085244652 | C10: 0.08293929 | D10: 0.083293483 | E10: 0.084472385 | F10: 0.082395798 | G10: 0.082626472 | H10: 0.08306151 | I10: 0.082886882 | J10: 0.081919183
A11: ОВДП 2015 | B11: 0.47937581 | C11: 0.46641154 | D11: 0.46840335 | E11: 0.42534331 | F11: 0.36641896 | G11: 0.33439419 | H11: 0.29706705 | I11: 0.2964425 | J11: 0.29298155
A12: ОВДП 2016 | B12: 2.2115471 | C12: 2.0869672 | D12: 2.0958796 | E12: 2.1255438 | F12: 2.0732915 | G12: 2.0790959 | H12: 2.0900425 | I12: 2.0856484 | J12: 2.0612986
A13: ОВДП 2017 | B13: 5.7217596 | C13: 5.56702 | D13: 5.590794 | E13: 5.6699238 | F13: 5.5305399 | G13: 5.5460231 | H13: 5.5752236 | I13: 5.5635022 | J13: 5.4985487
A14: ОВДП 2020 | B14: 0.21491513 | C14: 0.20910295 | D14: 0.20999592 | E14: 0.21296812 | F14: 0.20773272 | G14: 0.20831428 | H14: 0.20941108 | I14: 0.20897082 | J14: 0.2065311
A15: ОВДП 2021 | B15: 0.78557081 | C15: 0.76432578 | D15: 0.76758984 | E15: 0.778454 | F15: 0.75931724 | G15: 0.54858384 | H15: 0.5514722 | I15: 0.55031279 | J15: 0.54388792
A16: ОВДП 2022 | B16: 8.6274307 | C16: 8.3941099 | D16: 8.429957 | E16: 8.5492713 | F16: 8.3391043 | G16: 8.3601066 | H16: 8.4041236 | I16: 8.3864548 | J16: 8.2885435
A17: ОВДП 2023 | B17: 1.9097039 | C17: 1.5374506 | D17: 1.4750167 | E17: 1.4958935 | F17: 1.4591199 | G17: 1.4632048 | H17: 1.16251 | I17: 1.0780089 | J17: 0.79766661
A18: ОВДП 2024 | B18: 7.655212 | C18: 7.0879175 | D18: 6.6374384 | E18: 6.3534267 | F18: 5.8815641 | G18: 5.5411512 | H18: 5.3610006 | I18: 5.0736973 | J18: 4.9000576
A19: ОВДП 2025 | B19: 11.740108 | C19: 11.465285 | D19: 11.136656 | E19: 11.306342 | F19: 10.698604 | G19: 10.73323 | H19: 10.417131 | I19: 10.022144 | J19: 9.5023789
A20: ОВДП 2026 | B20: 0 | C20: 1.1994632 | D20: 2.4644668 | E20: 3.0004977 | F20: 3.4236976 | G20: 3.7453517 | H20: 4.5119116 | I20: 5.8495435 | J20: 6.417036
A21: 2. Заборгованість перед банківськими та іншими фінансовими установами | B21: =SUM(B$22:B$22) -> 0.026526636 | C21: =SUM(C$22:C$22) -> 0.025809248 | D21: =SUM(D$22:D$22) -> 0.025919466 | E21: =SUM(E$22:E$22) -> 0.025629162 | F21: =SUM(F$22:F$22) -> 0.02499912 | G21: =SUM(G$22:G$22) -> 0.025069107 | H21: =SUM(H$22:H$22) -> 0.024554917 | I21: =SUM(I$22:I$22) -> 0.024503292 | J21: =SUM(J$22:J$22) -> 0.024217218
A22: Національний банк України | B22: 0.026526636 | C22: 0.025809248 | D22: 0.025919466 | E22: 0.025629162 | F22: 0.02499912 | G22: 0.025069107 | H22: 0.024554917 | I22: 0.024503292 | J22: 0.024217218
A23: Зовнішній борг | B23: =B$24+B$35+B$46+B$48+B$55+B$58+B$60 -> 136.3671 | C23: =C$24+C$35+C$46+C$48+C$55+C$58+C$60 -> 135.45663 | D23: =D$24+D$35+D$46+D$48+D$55+D$58+D$60 -> 135.83748 | E23: =E$24+E$35+E$46+E$48+E$55+E$58+E$60 -> 138.3196 | F23: =F$24+F$35+F$46+F$48+F$55+F$58+F$60 -> 137.30864 | G23: =G$24+G$35+G$46+G$48+G$55+G$58+G$60 -> 137.3918 | H23: =H$24+H$35+H$46+H$48+H$55+H$58+H$60 -> 141.67895 | I23: =I$24+I$35+I$46+I$48+I$55+I$58+I$60 -> 142.37799 | J23: =J$24+J$35+J$46+J$48+J$55+J$58+J$60 -> 141.51232
A24: 1. Заборгованість за позиками, одержаними від міжнародних фінансових організацій | B24: =SUM(B$25:B$34) -> 104.98651 | C24: =SUM(C$25:C$34) -> 104.43317 | D24: =SUM(D$25:D$34) -> 104.57022 | E24: =SUM(E$25:E$34) -> 106.37135 | F24: =SUM(F$25:F$34) -> 105.74077 | G24: =SUM(G$25:G$34) -> 105.63445 | H24: =SUM(H$25:H$34) -> 109.56866 | I24: =SUM(I$25:I$34) -> 110.33855 | J24: =SUM(J$25:J$34) -> 109.78405
A25: NEFCO | B25: 0.0097508371 | C25: 0.0097508371 | D25: 0.0097508371 | E25: 0.0091414098 | F25: 0.0091414098 | G25: 0.0091414098 | H25: 0.0091414098 | I25: 0.0091414098 | J25: 0.0091414098
A26: Банк розвитку Ради Європи | B26: 0.45867201 | C26: 0.45867201 | D26: 0.45867201 | E26: 0.45867201 | F26: 0.45867201 | G26: 0.48367201 | H26: 0.48367201 | I26: 0.48367201 | J26: 0.51217201
A27: Європейський банк реконструкції та розвитку | B27: 0.053599998 | C27: 0.053852051 | D27: 0.054113981 | E27: 0.054854759 | F27: 0.053739119 | G27: 0.054519647 | H27: 0.053705445 | I27: 0.05707069 | J27: 0.05707069
A28: Європейський Інвестиційний Банк | B28: 2.8578937 | C28: 2.8578937 | D28: 2.8464101 | E28: 2.8441767 | F28: 2.8417534 | G28: 2.7754456 | H28: 2.7768139 | I28: 2.7946288 | J28: 2.7831451
A29: Європейський Союз | B29: 52.173401 | C29: 52.173401 | D29: 52.173401 | E29: 52.173401 | F29: 52.123401 | G29: 52.123401 | H29: 54.565923 | I29: 54.565923 | J29: 54.565923
A30: Європейський Союз ERA* | B30: 18.115696 | C30: 18.115696 | D30: 18.115696 | E30: 18.115696 | F30: 18.115696 | G30: 17.946987 | H30: 17.946987 | I30: 17.946987 | J30: 17.946987
A31: Міжнародна асоціація розвитку | B31: 5.67991 | C31: 5.6020111 | D31: 5.6611603 | E31: 5.8000817 | F31: 5.7117266 | G31: 5.7500615 | H31: 5.8389072 | I31: 5.8116636 | J31: 5.6608761
A32: Міжнародний банк реконструкції та розвитку | B32: 14.019962 | C32: 13.78044 | D32: 13.856282 | E32: 14.19959 | F32: 13.94697 | G32: 14.027878 | H32: 15.469478 | I32: 15.799898 | J32: 15.59502
A33: Міжнародний Валютний Фонд | B33: 11.529001 | C33: 11.296181 | D33: 11.308102 | E33: 12.62668 | F33: 12.392234 | G33: 12.375295 | H33: 12.33822 | I33: 12.786343 | J33: 12.571722
A34: Фонд чистих технологій (МБРР) | B34: 0.088624817 | C34: 0.085271192 | D34: 0.086635603 | E34: 0.089056261 | F34: 0.087435252 | G34: 0.088044622 | H34: 0.085812677 | I34: 0.083223628 | J34: 0.081992312
A35: 2.1. Заборгованість за позиками, одержаними від органів управління іноземних держав (крім неврегульованої від органів управління держави-агресора та/або такої, що оскаржується) | B35: =SUM(B$36:B$45) -> 6.8785409 | C35: =SUM(C$36:C$45) -> 6.8580778 | D35: =SUM(D$36:D$45) -> 6.8671187 | E35: =SUM(E$36:E$45) -> 6.9297665 | F35: =SUM(F$36:F$45) -> 6.9102481 | G35: =SUM(G$36:G$45) -> 6.9001996 | H35: =SUM(H$36:H$45) -> 6.8885424 | I35: =SUM(I$36:I$45) -> 6.9222293 | J35: =SUM(J$36:J$45) -> 6.9164798
A36: Великобританія | B36: 0.021821978 | C36: 0.021958616 | D36: 0.021817254 | E36: 0.021905422 | F36: 0.021950362 | G36: 0.021942973 | H36: 0.022055421 | I36: 0.022185999 | J36: 0.022184847
A37: Італія | B37: 0.2 | C37: 0.2 | D37: 0.2 | E37: 0.2 | F37: 0.2 | G37: 0.2 | H37: 0.2 | I37: 0.2 | J37: 0.2
A38: Канада | B38: 4.521351 | C38: 4.5016773 | D38: 4.5115935 | E38: 4.5626608 | F38: 4.5529203 | G38: 4.5322247 | H38: 4.5094398 | I38: 4.531318 | J38: 4.5223509
A39: Нідерланди | B39: 0.2 | C39: 0.2 | D39: 0.2 | E39: 0.2 | F39: 0.2 | G39: 0.2 | H39: 0.2 | I39: 0.2 | J39: 0.2
A40: Німеччина | B40: 0.56620332 | C40: 0.56620332 | D40: 0.56722683 | E40: 0.56722683 | F40: 0.56722683 | G40: 0.56786359 | H40: 0.56786359 | I40: 0.56805984 | J40: 0.56880511
A41: Польща | B41: 0.11206312 | C41: 0.11206312 | D41: 0.11206312 | E41: 0.11182149 | F41: 0.1155504 | G41: 0.11559694 | H41: 0.12059294 | I41: 0.12146338 | J41: 0.12146338
A42: Республіка Корея | B42: 0.085019606 | C42: 0.083619002 | D42: 0.084681251 | E42: 0.087047303 | F42: 0.085462861 | G42: 0.086058484 | H42: 0.087650024 | I42: 0.087161115 | J42: 0.085871543
A43: США | B43: 0.00043573845 | C43: 0.00042856014 | D43: 0.00043400434 | E43: 0.00044613071 | F43: 0.0004380102 | G43: 0.00044106287 | H43: 0.00044921974 | I43: 0.00044671401 | J43: 0.00044010477
A44: Франція | B44: 0.44456468 | C44: 0.44456468 | D44: 0.44574196 | E44: 0.45084765 | F44: 0.45365157 | G44: 0.45628286 | H44: 0.4581378 | I44: 0.46966857 | J44: 0.46966857
A45: Японія | B45: 0.7270815 | C45: 0.72756328 | D45: 0.72356073 | E45: 0.72781085 | F45: 0.7130477 | G45: 0.71978894 | H45: 0.72235364 | I45: 0.72192568 | J45: 0.72569534
A46: 2.2 Неврегульована заборгованість за позиками, одержаними від органів управління держави-агресора, та/або така, що оскаржується | B46: =SUM(B$47:B$47) -> 0.51509627 | C46: =SUM(C$47:C$47) -> 0.50661063 | D46: =SUM(D$47:D$47) -> 0.51304632 | E46: =SUM(E$47:E$47) -> 0.52738118 | F46: =SUM(F$47:F$47) -> 0.51778175 | G46: =SUM(G$47:G$47) -> 0.52139037 | H46: =SUM(H$47:H$47) -> 0.53103281 | I46: =SUM(I$47:I$47) -> 0.52807072 | J46: =SUM(J$47:J$47) -> 0.52025778
A47: Росія | B47: 0.51509627 | C47: 0.50661063 | D47: 0.51304632 | E47: 0.52738118 | F47: 0.51778175 | G47: 0.52139037 | H47: 0.53103281 | I47: 0.52807072 | J47: 0.52025778
A48: 3. Заборгованість за позиками, одержаними від іноземних комерційних банків, інших іноземних фінансових установ | B48: =SUM(B$49:B$54) -> 1.8197135 | C48: =SUM(C$49:C$54) -> 1.8240768 | D48: =SUM(D$49:D$54) -> 1.7940011 | E48: =SUM(E$49:E$54) -> 1.8312088 | F48: =SUM(F$49:F$54) -> 1.8502503 | G48: =SUM(G$49:G$54) -> 1.8996969 | H48: =SUM(H$49:H$54) -> 1.8747109 | I48: =SUM(I$49:I$54) -> 1.8795684 | J48: =SUM(J$49:J$54) -> 1.9038591
A49: Cargill | B49: 0.65 | C49: 0.65 | D49: 0.65 | E49: 0.65 | F49: 0.65 | G49: 0.65 | H49: 0.65 | I49: 0.65 | J49: 0.65
A50: Chase Manhattan Bank | B50: 5.11292e-05 | C50: 5.11292e-05 | D50: 5.11292e-05 | E50: 5.11292e-05 | F50: 5.11292e-05 | G50: 5.11292e-05 | H50: 5.11292e-05 | I50: 5.11292e-05 | J50: 5.11292e-05
A51: Citibank Europe PLC | B51: 0.54479188 | C51: 0.54814016 | D51: 0.54467611 | E51: 0.59104598 | F51: 0.59223794 | G51: 0.64765406 | H51: 0.65025149 | I51: 0.65403479 | J51: 0.70836494
A52: Credit Agricole Corporate and Investment Bank | B52: 0.14609808 | C52: 0.14609808 | D52: 0.14462365 | E52: 0.13480647 | F52: 0.13480647 | G52: 0.12889776 | H52: 0.12506477 | I52: 0.12506477 | J52: 0.11912182
A53: Deutsche Bank | B53: 0.31666284 | C53: 0.31666284 | D53: 0.29257578 | E53: 0.29257578 | F53: 0.29257578 | G53: 0.29257578 | H53: 0.26790021 | I53: 0.26790021 | J53: 0.24381315
A54: National Westminster Bank PLC | B54: 0.16210957 | C54: 0.16312462 | D54: 0.16207447 | E54: 0.16272945 | F54: 0.18057899 | G54: 0.1805182 | H54: 0.18144327 | I54: 0.1825175 | J54: 0.18250803
A55: 4.1.Заборгованість за випущеними цінними паперами (крім неврегульованої та/або такої, що оскаржується) | B55: =SUM(B$56:B$57) -> 15.94172 | C55: =SUM(C$56:C$57) -> 15.679098 | D55: =SUM(D$56:D$57) -> 15.878276 | E55: =SUM(E$56:E$57) -> 16.321926 | F55: =SUM(F$56:F$57) -> 16.024833 | G55: =SUM(G$56:G$57) -> 16.136517 | H55: =SUM(H$56:H$57) -> 16.43494 | I55: =SUM(I$56:I$57) -> 16.343267 | J55: =SUM(J$56:J$57) -> 16.101464
A56: ОЗДП 2024 року | B56: 12.968019 | C56: 12.754385 | D56: 12.91641 | E56: 13.277303 | F56: 13.035629 | G56: 13.126479 | H56: 13.369236 | I56: 13.294663 | J56: 13.097965
A57: ОЗДП 2025 року | B57: 2.9737013 | C57: 2.9247128 | D57: 2.9618667 | E57: 3.0446233 | F57: 2.9892048 | G57: 3.0100377 | H57: 3.0657045 | I57: 3.0486041 | J57: 3.0034992
A58: 4.2.Неврегульована заборгованість за випущеними цінними паперами, та/або така, що оскаржується | B58: =SUM(B$59:B$59) -> 2.5505882 | C58: =SUM(C$59:C$59) -> 2.5085701 | D58: =SUM(D$59:D$59) -> 2.5404375 | E58: =SUM(E$59:E$59) -> 2.6114191 | F58: =SUM(F$59:F$59) -> 2.5638858 | G58: =SUM(G$59:G$59) -> 2.5817545 | H58: =SUM(H$59:H$59) -> 2.6295007 | I58: =SUM(I$59:I$59) -> 2.6148334 | J58: =SUM(J$59:J$59) -> 2.5761463
A59: ОЗДП 2013 року | B59: 2.5505882 | C59: 2.5085701 | D59: 2.5404375 | E59: 2.6114191 | F59: 2.5638858 | G59: 2.5817545 | H59: 2.6295007 | I59: 2.6148334 | J59: 2.5761463
A60: 5. Заборгованість, не віднесена до інших категорій | B60: =SUM(B$61:B$61) -> 3.6749316 | C60: =SUM(C$61:C$61) -> 3.647031 | D60: =SUM(D$61:D$61) -> 3.6743709 | E60: =SUM(E$61:E$61) -> 3.726552 | F60: =SUM(F$61:F$61) -> 3.7008726 | G60: =SUM(G$61:G$61) -> 3.7178 | H60: =SUM(H$61:H$61) -> 3.7515611 | I60: =SUM(I$61:I$61) -> 3.7514729 | J60: =SUM(J$61:J$61) -> 3.7100591
A61: Міжнародний Валютний Фонд | B61: 3.6749316 | C61: 3.647031 | D61: 3.6743709 | E61: 3.726552 | F61: 3.7008726 | G61: 3.7178 | H61: 3.7515611 | I61: 3.7514729 | J61: 3.7100591
A62: Гарантований державою борг | B62: =B$63+B$77 -> 5.5495874 | C62: =C$63+C$77 -> 5.4416214 | D62: =D$63+D$77 -> 5.3023805 | E62: =E$63+E$77 -> 5.1669573 | F62: =F$63+F$77 -> 5.0282899 | G62: =G$63+G$77 -> 5.075245 | H62: =H$63+H$77 -> 5.1221158 | I62: =I$63+I$77 -> 5.0894254 | J62: =J$63+J$77 -> 4.9693601
A63: Внутрішній борг | B63: =B$64+B$67+B$75 -> 1.2895893 | C63: =C$64+C$67+C$75 -> 1.2240735 | D63: =D$64+D$67+D$75 -> 1.2285272 | E63: =E$64+E$67+E$75 -> 1.2555726 | F63: =F$64+F$67+F$75 -> 1.2526688 | G63: =G$64+G$67+G$75 -> 1.2583249 | H63: =H$64+H$67+H$75 -> 1.2641765 | I63: =I$64+I$67+I$75 -> 1.2399633 | J63: =J$64+J$67+J$75 -> 1.1914595
A64: 1. Заборгованість за випущеними цінними паперами на внутрішньому ринку | B64: =SUM(B$65:B$66) -> 0.049642707 | C64: =SUM(C$65:C$66) -> 0.048300166 | D64: =SUM(D$65:D$66) -> 0.048506432 | E64: =SUM(E$65:E$66) -> 0.049192973 | F64: =SUM(F$65:F$66) -> 0.04798366 | G64: =SUM(G$65:G$66) -> 0.048117994 | H64: =SUM(H$65:H$66) -> 0.048371342 | I64: =SUM(I$65:I$66) -> 0.048269646 | J64: =SUM(J$65:J$66) -> 0.047706101
A65: Державні цінні папери | B65: 2.3267e-07 | C65: 2.2638e-07 | D65: 2.2734e-07 | E65: 2.3056e-07 | F65: 2.2489e-07 | G65: 2.2552e-07 | H65: 2.2671e-07 | I65: 2.2623e-07 | J65: 2.2359e-07
A66: Облігації ДІУ (10 - річні) | B66: 0.049642474 | C66: 0.04829994 | D66: 0.048506205 | E66: 0.049192742 | F66: 0.047983436 | G66: 0.048117769 | H66: 0.048371115 | I66: 0.048269419 | J66: 0.047705877
A67: 2. Заборгованість перед банківськими та іншими фінансовими установами | B67: =SUM(B$68:B$74) -> 1.2399274 | C67: =SUM(C$68:C$74) -> 1.1757547 | D67: =SUM(D$68:D$74) -> 1.1800021 | E67: =SUM(E$68:E$74) -> 1.2063606 | F67: =SUM(F$68:F$74) -> 1.2046667 | G67: =SUM(G$68:G$74) -> 1.2101883 | H67: =SUM(H$68:H$74) -> 1.2157865 | I67: =SUM(I$68:I$74) -> 1.191675 | J67: =SUM(J$68:J$74) -> 1.143735
A68: АБ "УКРГАЗБАНК" | B68: 0.030532644 | C68: 0.028283604 | D68: 0.027367705 | E68: 0.028942834 | F68: 0.0289076 | G68: 0.029608021 | H68: 0.028173698 | I68: 0.027361808 | J68: 0.026630727
A69: АТ "БАНК КРЕДИТ ДНІПРО" | B69: 0.002456122 | C69: 0.0021137026 | D69: 0.0018347605 | E69: 0.0015716874 | F69: 0.0012344636 | G69: 0.00093230027 | H69: 0.00063302798 | I69: 0.0003147485 | J69: 0
A70: АТ "Державний експортно-імпортний банк України" | B70: 0.20518419 | C70: 0.19716606 | D70: 0.19959964 | E70: 0.19828459 | F70: 0.18016646 | G70: 0.17405285 | H70: 0.16539622 | I70: 0.15513259 | J70: 0.14867768
A71: АТ "Державний ощадний банк України" | B71: 0.29750617 | C71: 0.28025664 | D71: 0.27673041 | E71: 0.27948225 | F71: 0.27516411 | G71: 0.27280151 | H71: 0.27197538 | I71: 0.27355485 | J71: 0.26146704
A72: АТ "ПУМБ" | B72: 0.0018893245 | C72: 0.001625925 | D72: 0.0014113541 | E72: 0.0012089902 | F72: 0.00094958728 | G72: 0.00071715397 | H72: 0.00048694451 | I72: 0.00024211414 | J72: 0
A73: АТ "ТАСКОМБАНК" | B73: 0.0026450544 | C73: 0.002276295 | D73: 0.0019758958 | E73: 0.0016925864 | F73: 0.0013294222 | G73: 0.0010040156 | H73: 0.00068172237 | I73: 0.00033895986 | J73: 0
A74: Портфельні гарантії | B74: 0.69971395 | C74: 0.66403244 | D74: 0.67108232 | E74: 0.69517771 | F74: 0.71691501 | G74: 0.73107246 | H74: 0.74843953 | I74: 0.73472996 | J74: 0.70695955
A75: 3. Заборгованість, не віднесена до інших категорій | B75: =SUM(B$76:B$76) -> 1.914795e-05 | C75: =SUM(C$76:C$76) -> 1.863012e-05 | D75: =SUM(D$76:D$76) -> 1.870968e-05 | E75: =SUM(E$76:E$76) -> 1.897449e-05 | F75: =SUM(F$76:F$76) -> 1.850804e-05 | G75: =SUM(G$76:G$76) -> 1.855985e-05 | H75: =SUM(H$76:H$76) -> 1.865757e-05 | I75: =SUM(I$76:I$76) -> 1.861834e-05 | J75: =SUM(J$76:J$76) -> 1.840098e-05
A76: Інші кредитори | B76: 1.914795e-05 | C76: 1.863012e-05 | D76: 1.870968e-05 | E76: 1.897449e-05 | F76: 1.850804e-05 | G76: 1.855985e-05 | H76: 1.865757e-05 | I76: 1.861834e-05 | J76: 1.840098e-05
A77: Зовнішній борг | B77: =B$78+B$85+B$88+B$90+B$92 -> 4.2599981 | C77: =C$78+C$85+C$88+C$90+C$92 -> 4.2175479 | D77: =D$78+D$85+D$88+D$90+D$92 -> 4.0738532 | E77: =E$78+E$85+E$88+E$90+E$92 -> 3.9113847 | F77: =F$78+F$85+F$88+F$90+F$92 -> 3.7756211 | G77: =G$78+G$85+G$88+G$90+G$92 -> 3.8169201 | H77: =H$78+H$85+H$88+H$90+H$92 -> 3.8579393 | I77: =I$78+I$85+I$88+I$90+I$92 -> 3.8494621 | J77: =J$78+J$85+J$88+J$90+J$92 -> 3.7779006
A78: 1. Заборгованість за позиками, одержаними від міжнародних фінансових організацій | B78: =SUM(B$79:B$84) -> 2.5885367 | C78: =SUM(C$79:C$84) -> 2.5753395 | D78: =SUM(D$79:D$84) -> 2.4116722 | E78: =SUM(E$79:E$84) -> 2.2049414 | F78: =SUM(F$79:F$84) -> 2.0985792 | G78: =SUM(G$79:G$84) -> 2.1318049 | H78: =SUM(H$79:H$84) -> 2.1431439 | I78: =SUM(I$79:I$84) -> 2.1467265 | J78: =SUM(J$79:J$84) -> 2.0995291
A79: Європейське співтоватиство з атомної енергії | B79: 0.3 | C79: 0.3 | D79: 0.3 | E79: 0.3 | F79: 0.3 | G79: 0.3 | H79: 0.3 | I79: 0.3 | J79: 0.3
A80: Європейський банк реконструкції та розвитку | B80: 1.3395229 | C80: 1.3370497 | D80: 1.1680826 | E80: 1.0097354 | F80: 0.99453826 | G80: 1.023701 | H80: 1.0246383 | I80: 1.0231842 | J80: 0.98138362
A81: Європейський Інвестиційний Банк | B81: 0.18130987 | C81: 0.17993316 | D81: 0.17993316 | E81: 0.17775924 | F81: 0.17775924 | G81: 0.17775924 | H81: 0.17775924 | I81: 0.17638253 | J81: 0.17638253
A82: Міжнародний банк реконструкції та розвитку | B82: 0.41426617 | C82: 0.40760941 | D82: 0.4102257 | E82: 0.42944454 | F82: 0.41196697 | G82: 0.41504753 | H82: 0.42348577 | I82: 0.42990925 | J82: 0.42691418
A83: Міжнародний Валютний Фонд | B83: 0.35263866 | C83: 0.34996137 | D83: 0.35258486 | E83: 0.28713273 | F83: 0.21342734 | G83: 0.21440354 | H83: 0.21635052 | I83: 0.21634544 | J83: 0.21395712
A84: Фонд чистих технологій (МБРР) | B84: 0.00079907632 | C84: 0.00078591243 | D84: 0.00084582428 | E84: 0.00086945718 | F84: 0.00088738809 | G84: 0.00089357263 | H84: 0.00091009809 | I84: 0.00090502159 | J84: 0.00089163156
A85: 2. Заборгованість за позиками, одержаними від органів управління іноземних держав | B85: =SUM(B$86:B$87) -> 0.73282004 | C85: =SUM(C$86:C$87) -> 0.72126506 | D85: =SUM(D$86:D$87) -> 0.73002861 | E85: =SUM(E$86:E$87) -> 0.74954854 | F85: =SUM(F$86:F$87) -> 0.73647689 | G85: =SUM(G$86:G$87) -> 0.74139078 | H85: =SUM(H$86:H$87) -> 0.75452099 | I85: =SUM(I$86:I$87) -> 0.75048748 | J85: =SUM(J$86:J$87) -> 0.73984852
A86: Експортно-імпортний банк Китаю | B86: 0.70141175 | C86: 0.68985677 | D86: 0.69862032 | E86: 0.71814025 | F86: 0.7050686 | G86: 0.70998249 | H86: 0.7231127 | I86: 0.71907919 | J86: 0.70844023
A87: Німеччина | B87: 0.03140829 | C87: 0.03140829 | D87: 0.03140829 | E87: 0.03140829 | F87: 0.03140829 | G87: 0.03140829 | H87: 0.03140829 | I87: 0.03140829 | J87: 0.03140829
A88: 3. Заборгованість за позиками, одержаними від іноземних комерційних банків, інших іноземних фінансових установ | B88: =SUM(B$89:B$89) -> 0.1424013 | C88: =SUM(C$89:C$89) -> 0.13697822 | D88: =SUM(D$89:D$89) -> 0.13871831 | E88: =SUM(E$89:E$89) -> 0.1425942 | F88: =SUM(F$89:F$89) -> 0.13999868 | G88: =SUM(G$89:G$89) -> 0.13780744 | H88: =SUM(H$89:H$89) -> 0.14035601 | I88: =SUM(I$89:I$89) -> 0.13636558 | J88: =SUM(J$89:J$89) -> 0.13434801
A89: Central Storage Safety Project Trust | B89: 0.1424013 | C89: 0.13697822 | D89: 0.13871831 | E89: 0.1425942 | F89: 0.13999868 | G89: 0.13780744 | H89: 0.14035601 | I89: 0.13636558 | J89: 0.13434801
A90: 4. Заборгованість за випущеними цінними паперами на зовнішньому ринку | B90: =SUM(B$91:B$91) -> 0.70141175 | C90: =SUM(C$91:C$91) -> 0.68985677 | D90: =SUM(D$91:D$91) -> 0.69862032 | E90: =SUM(E$91:E$91) -> 0.71814025 | F90: =SUM(F$91:F$91) -> 0.7050686 | G90: =SUM(G$91:G$91) -> 0.70998249 | H90: =SUM(H$91:H$91) -> 0.7231127 | I90: =SUM(I$91:I$91) -> 0.71907919 | J90: =SUM(J$91:J$91) -> 0.70844023
A91: Облігації Укренерго (5 - річні) | B91: 0.70141175 | C91: 0.68985677 | D91: 0.69862032 | E91: 0.71814025 | F91: 0.7050686 | G91: 0.70998249 | H91: 0.7231127 | I91: 0.71907919 | J91: 0.70844023
A92: 5. Заборгованість, не віднесена до інших категорій | B92: =SUM(B$93:B$93) -> 0.094828296 | C92: =SUM(C$93:C$93) -> 0.094108347 | D92: =SUM(D$93:D$93) -> 0.094813829 | E92: =SUM(E$93:E$93) -> 0.096160315 | F92: =SUM(F$93:F$93) -> 0.09549768 | G92: =SUM(G$93:G$93) -> 0.095934477 | H92: =SUM(H$93:H$93) -> 0.096805653 | I92: =SUM(I$93:I$93) -> 0.096803377 | J92: =SUM(J$93:J$93) -> 0.095734731
A93: Міжнародний Валютний Фонд | B93: 0.094828296 | C93: 0.094108347 | D93: 0.094813829 | E93: 0.096160315 | F93: 0.09549768 | G93: 0.095934477 | H93: 0.096805653 | I93: 0.096803377 | J93: 0.095734731
A94: *Кредит ЄС у межах ERA (Extraordinary Revenue Acceleration) погашення якого буде здійснюватися за рахунок джерел інших, ніж Державний бюджет України, в тому числі за рахунок доходів, отриманих від заморожених активів Російської Федерації, відповідно до механізму кредитної співпраці з Україною, визначеного Регламентом (ЄС) 2024/2773 Європейського Парламенту і Рад и Європейського Союзу від 24 жовтня 2024 року

Sheet MT_ALL
A2: =DEBT_AS_OF_CURR_YEAR -> Державний та гарантований державою борг України за поточний рік
A4: =$A$2 & " (" &J4 & ")" -> Державний та гарантований державою борг України за поточний рік (млрд. грн) | J4: =VALUAH -> млрд. грн
B5: 46022 | C5: 46053 | D5: 46081 | E5: 46112 | F5: 46142 | G5: 46173 | H5: 46203 | I5: 46234 | J5: 46265
A6: =DEBT_TOTAL -> Загальна сума державного та гарантованого державою боргу | B6: =SUM(B7:B8) -> 9042.677 | C6: =SUM(C7:C8) -> 9212.5998 | D6: =SUM(D7:D8) -> 9211.1934 | E6: =SUM(E7:E8) -> 9233.0279 | F6: =SUM(F7:F8) -> 9345.5105 | G6: =SUM(G7:G8) -> 9316.873 | H6: =SUM(H7:H8) -> 9490.8753 | I6: =SUM(I7:I8) -> 9572.4498 | J6: =SUM(J7:J8) -> 9602.8931
A7: Внутрішній борг | B7: 2031.502 | C7: 2055.3735 | D7: 2072.3018 | E7: 2077.0597 | F7: 2068.3419 | G7: 2053.6188 | H7: 2044.2039 | I7: 2074.6809 | J7: 2065.1785
A8: Зовнішній борг | B8: 7011.175 | C8: 7157.2263 | D8: 7138.8916 | E8: 7155.9682 | F8: 7277.1686 | G8: 7263.2543 | H8: 7446.6714 | I8: 7497.7688 | J8: 7537.7145
A10: =$A$2 & " (" &J10 & ")" -> Державний та гарантований державою борг України за поточний рік (млрд. дол. США) | J10: =VALUSD -> млрд. дол. США
B11: 46022 | C11: 46053 | D11: 46081 | E11: 46112 | F11: 46142 | G11: 46173 | H11: 46203 | I11: 46234 | J11: 46265
A12: =DEBT_TOTAL -> Загальна сума державного та гарантованого державою боргу | B12: =SUM(B13:B14) -> 213.33207 | C12: =SUM(C13:C14) -> 215.00503 | D12: =SUM(D13:D14) -> 213.1821 | E12: =SUM(E13:E14) -> 210.82138 | F12: =SUM(F13:F14) -> 212.00287 | G12: =SUM(G13:G14) -> 210.47803 | H12: =SUM(H13:H14) -> 211.6241 | I12: =SUM(I13:I14) -> 214.18901 | J12: =SUM(J13:J14) -> 215.55074
A13: Внутрішній борг | B13: 47.926573 | C13: 47.968613 | D13: 47.960956 | E13: 47.426327 | F13: 46.920328 | G13: 46.393422 | H13: 45.580918 | I13: 46.422168 | J13: 46.3559
A14: Зовнішній борг | B14: 165.40549 | C14: 167.03641 | D14: 165.22114 | E14: 163.39506 | F14: 165.08254 | G14: 164.08461 | H14: 166.04318 | I14: 167.76685 | J14: 169.19484
J16: %%
B17: 46022 | C17: 46053 | D17: 46081 | E17: 46112 | F17: 46142 | G17: 46173 | H17: 46203 | I17: 46234 | J17: 46265
A18: =DEBT_TOTAL -> Загальна сума державного та гарантованого державою боргу | B18: =SUM(B19:B20) -> 1 | C18: =SUM(C19:C20) -> 1 | D18: =SUM(D19:D20) -> 1 | E18: =SUM(E19:E20) -> 1 | F18: =SUM(F19:F20) -> 1 | G18: =SUM(G19:G20) -> 1 | H18: =SUM(H19:H20) -> 1 | I18: =SUM(I19:I20) -> 1 | J18: =SUM(J19:J20) -> 1
A19: Внутрішній борг | B19: 0.224657 | C19: 0.223105 | D19: 0.224976 | E19: 0.22496 | F19: 0.221319 | G19: 0.220419 | H19: 0.215386 | I19: 0.216735 | J19: 0.215058
A20: Зовнішній борг | B20: 0.775343 | C20: 0.776895 | D20: 0.775024 | E20: 0.77504 | F20: 0.778681 | G20: 0.779581 | H20: 0.784614 | I20: 0.783265 | J20: 0.784942

Sheet MTM_ALL
A2: =DEBT_AS_OF_CURR_YEAR -> Державний та гарантований державою борг України за поточний рік
J4: =VALUAH -> млрд. грн
B5: =MT_ALL!B5 -> 46022 | C5: =MT_ALL!C5 -> 46053 | D5: =MT_ALL!D5 -> 46081 | E5: =MT_ALL!E5 -> 46112 | F5: =MT_ALL!F5 -> 46142 | G5: =MT_ALL!G5 -> 46173 | H5: =MT_ALL!H5 -> 46203 | I5: =MT_ALL!I5 -> 46234 | J5: =MT_ALL!J5 -> 46265
A6: =MT_ALL!A6 -> Загальна сума державного та гарантованого державою боргу | B6: =SUM(B7:B8) -> 9042.677 | C6: =SUM(C7:C8) -> 9212.5998 | D6: =SUM(D7:D8) -> 9211.1934 | E6: =SUM(E7:E8) -> 9233.0279 | F6: =SUM(F7:F8) -> 9345.5105 | G6: =SUM(G7:G8) -> 9316.873 | H6: =SUM(H7:H8) -> 9490.8753 | I6: =SUM(I7:I8) -> 9572.4498 | J6: =SUM(J7:J8) -> 9602.8931
A7: =MT_ALL!A7 -> Внутрішній борг | B7: =MT_ALL!B7/DMLMLR -> 2031.502 | C7: =MT_ALL!C7/DMLMLR -> 2055.3735 | D7: =MT_ALL!D7/DMLMLR -> 2072.3018 | E7: =MT_ALL!E7/DMLMLR -> 2077.0597 | F7: =MT_ALL!F7/DMLMLR -> 2068.3419 | G7: =MT_ALL!G7/DMLMLR -> 2053.6188 | H7: =MT_ALL!H7/DMLMLR -> 2044.2039 | I7: =MT_ALL!I7/DMLMLR -> 2074.6809 | J7: =MT_ALL!J7/DMLMLR -> 2065.1785
A8: =MT_ALL!A8 -> Зовнішній борг | B8: =MT_ALL!B8/DMLMLR -> 7011.175 | C8: =MT_ALL!C8/DMLMLR -> 7157.2263 | D8: =MT_ALL!D8/DMLMLR -> 7138.8916 | E8: =MT_ALL!E8/DMLMLR -> 7155.9682 | F8: =MT_ALL!F8/DMLMLR -> 7277.1686 | G8: =MT_ALL!G8/DMLMLR -> 7263.2543 | H8: =MT_ALL!H8/DMLMLR -> 7446.6714 | I8: =MT_ALL!I8/DMLMLR -> 7497.7688 | J8: =MT_ALL!J8/DMLMLR -> 7537.7145
J10: =VALUSD -> млрд. дол. США
B11: =MT_ALL!B11 -> 46022 | C11: =MT_ALL!C11 -> 46053 | D11: =MT_ALL!D11 -> 46081 | E11: =MT_ALL!E11 -> 46112 | F11: =MT_ALL!F11 -> 46142 | G11: =MT_ALL!G11 -> 46173 | H11: =MT_ALL!H11 -> 46203 | I11: =MT_ALL!I11 -> 46234 | J11: =MT_ALL!J11 -> 46265
A12: =MT_ALL!A12 -> Загальна сума державного та гарантованого державою боргу | B12: =SUM(B13:B14) -> 213.33207 | C12: =SUM(C13:C14) -> 215.00503 | D12: =SUM(D13:D14) -> 213.1821 | E12: =SUM(E13:E14) -> 210.82138 | F12: =SUM(F13:F14) -> 212.00287 | G12: =SUM(G13:G14) -> 210.47803 | H12: =SUM(H13:H14) -> 211.6241 | I12: =SUM(I13:I14) -> 214.18901 | J12: =SUM(J13:J14) -> 215.55074
A13: =MT_ALL!A13 -> Внутрішній борг | B13: =MT_ALL!B13/DMLMLR -> 47.926573 | C13: =MT_ALL!C13/DMLMLR -> 47.968613 | D13: =MT_ALL!D13/DMLMLR -> 47.960956 | E13: =MT_ALL!E13/DMLMLR -> 47.426327 | F13: =MT_ALL!F13/DMLMLR -> 46.920328 | G13: =MT_ALL!G13/DMLMLR -> 46.393422 | H13: =MT_ALL!H13/DMLMLR -> 45.580918 | I13: =MT_ALL!I13/DMLMLR -> 46.422168 | J13: =MT_ALL!J13/DMLMLR -> 46.3559
A14: =MT_ALL!A14 -> Зовнішній борг | B14: =MT_ALL!B14/DMLMLR -> 165.40549 | C14: =MT_ALL!C14/DMLMLR -> 167.03641 | D14: =MT_ALL!D14/DMLMLR -> 165.22114 | E14: =MT_ALL!E14/DMLMLR -> 163.39506 | F14: =MT_ALL!F14/DMLMLR -> 165.08254 | G14: =MT_ALL!G14/DMLMLR -> 164.08461 | H14: =MT_ALL!H14/DMLMLR -> 166.04318 | I14: =MT_ALL!I14/DMLMLR -> 167.76685 | J14: =MT_ALL!J14/DMLMLR -> 169.19484
J16: %%
B17: =MT_ALL!B17 -> 46022 | C17: =MT_ALL!C17 -> 46053 | D17: =MT_ALL!D17 -> 46081 | E17: =MT_ALL!E17 -> 46112 | F17: =MT_ALL!F17 -> 46142 | G17: =MT_ALL!G17 -> 46173 | H17: =MT_ALL!H17 -> 46203 | I17: =MT_ALL!I17 -> 46234 | J17: =MT_ALL!J17 -> 46265
A18: =MT_ALL!A18 -> Загальна сума державного та гарантованого державою боргу | B18: =SUM(B19:B20) -> 1 | C18: =SUM(C19:C20) -> 1 | D18: =SUM(D19:D20) -> 1 | E18: =SUM(E19:E20) -> 1 | F18: =SUM(F19:F20) -> 1 | G18: =SUM(G19:G20) -> 1 | H18: =SUM(H19:H20) -> 1 | I18: =SUM(I19:I20) -> 1 | J18: =SUM(J19:J20) -> 1
A19: =MT_ALL!A19 -> Внутрішній борг | B19: =MT_ALL!B19 -> 0.224657 | C19: =MT_ALL!C19 -> 0.223105 | D19: =MT_ALL!D19 -> 0.224976 | E19: =MT_ALL!E19 -> 0.22496 | F19: =MT_ALL!F19 -> 0.221319 | G19: =MT_ALL!G19 -> 0.220419 | H19: =MT_ALL!H19 -> 0.215386 | ... J19: =MT_ALL!J19 -> 0.215058
A20: =MT_ALL!A20 -> Зовнішній борг | B20: =MT_ALL!B20 -> 0.775343 | C20: =MT_ALL!C20 -> 0.776895 | D20: =MT_ALL!D20 -> 0.775024 | E20: =MT_ALL!E20 -> 0.77504 | F20: =MT_ALL!F20 -> 0.778681 | G20: =MT_ALL!G20 -> 0.779581 | H20: =MT_ALL!H20 -> 0.784614 | ... J20: =MT_ALL!J20 -> 0.784942

Sheet MK_ALL
A2: =DEBT_AS_OF_CURR_YEAR -> Державний та гарантований державою борг України за поточний рік
A4: =$A$2 & " (" &J4 & ")" -> Державний та гарантований державою борг України за поточний рік (млрд. грн) | J4: =VALUAH -> млрд. грн
B5: 46022 | C5: 46053 | D5: 46081 | E5: 46112 | F5: 46142 | G5: 46173 | H5: 46203 | I5: 46234 | J5: 46265
A6: =DEBT_TOTAL -> Загальна сума державного та гарантованого державою боргу | B6: =SUM(B7:B8) -> 9042.677 | C6: =SUM(C7:C8) -> 9212.5998 | D6: =SUM(D7:D8) -> 9211.1934 | E6: =SUM(E7:E8) -> 9233.0279 | F6: =SUM(F7:F8) -> 9345.5105 | G6: =SUM(G7:G8) -> 9316.873 | H6: =SUM(H7:H8) -> 9490.8753 | I6: =SUM(I7:I8) -> 9572.4498 | J6: =SUM(J7:J8) -> 9602.8931
A7: Державний борг | B7: 8765.994 | C7: 8933.7586 | D7: 8940.6426 | E7: 8973.0664 | F7: 9086.1498 | G7: 9055.8212 | H7: 9228.7925 | I7: 9311.491 | J7: 9345.0807
A8: Гарантований державою борг | B8: 276.683 | C8: 278.8412 | D8: 270.55078 | E8: 259.96151 | F8: 259.3607 | G8: 261.05182 | H8: 262.08279 | I8: 260.95876 | J8: 257.81239
A10: =$A$2 & " (" &J10 & ")" -> Державний та гарантований державою борг України за поточний рік (млрд. дол. США) | J10: =VALUSD -> млрд. дол. США
B11: 46022 | C11: 46053 | D11: 46081 | E11: 46112 | F11: 46142 | G11: 46173 | H11: 46203 | I11: 46234 | J11: 46265
A12: =DEBT_TOTAL -> Загальна сума державного та гарантованого державою боргу | B12: =SUM(B13:B14) -> 213.33207 | C12: =SUM(C13:C14) -> 215.00503 | D12: =SUM(D13:D14) -> 213.1821 | E12: =SUM(E13:E14) -> 210.82138 | F12: =SUM(F13:F14) -> 212.00287 | G12: =SUM(G13:G14) -> 210.47803 | H12: =SUM(H13:H14) -> 211.6241 | I12: =SUM(I13:I14) -> 214.18901 | J12: =SUM(J13:J14) -> 215.55074
A13: Державний борг | B13: 206.80465 | C13: 208.49739 | D13: 206.92052 | E13: 204.88558 | F13: 206.11927 | G13: 204.58059 | H13: 205.78027 | I13: 208.34991 | J13: 209.76377
A14: Гарантований державою борг | B14: 6.5274207 | C14: 6.5076373 | D14: 6.2615755 | E14: 5.935804 | F14: 5.8835965 | G14: 5.8974371 | H14: 5.8438271 | I14: 5.8391009 | J14: 5.7869696
J16: %%
B17: 46022 | C17: 46053 | D17: 46081 | E17: 46112 | F17: 46142 | G17: 46173 | H17: 46203 | I17: 46234 | J17: 46265
A18: =DEBT_TOTAL -> Загальна сума державного та гарантованого державою боргу | B18: =SUM(B19:B20) -> 1 | C18: =SUM(C19:C20) -> 1 | D18: =SUM(D19:D20) -> 1 | E18: =SUM(E19:E20) -> 1 | F18: =SUM(F19:F20) -> 1 | G18: =SUM(G19:G20) -> 1 | H18: =SUM(H19:H20) -> 1 | I18: =SUM(I19:I20) -> 1 | J18: =SUM(J19:J20) -> 1
A19: Державний борг | B19: 0.969403 | C19: 0.969733 | D19: 0.970628 | E19: 0.971844 | F19: 0.972248 | G19: 0.971981 | H19: 0.972386 | I19: 0.972739 | J19: 0.973153
A20: Гарантований державою борг | B20: 0.030597 | C20: 0.030267 | D20: 0.029372 | E20: 0.028156 | F20: 0.027752 | G20: 0.028019 | H20: 0.027614 | I20: 0.027261 | J20: 0.026847

Sheet SRATE_M
A2: =DEBT_AS_OF_DATE&" "&BY_INTEREST_RATE -> Державний та гарантований державою борг України станом на 31.08.2026 (за видами відсоткових ставок)
E4: =VALVAL -> млрд. одиниць
B5: =USD -> дол. США | C5: =EUR -> євро | D5: =UAH -> грн. | E5: %
A6: =DEBT_TOTAL -> Загальна сума державного та гарантованого державою боргу | B6: =SUM(B$7+ B$8) -> 215.55074 | C6: =SUM(C$7+ C$8) -> 185.09674 | D6: =SUM(D$7+ D$8) -> 9602.8931 | E6: =SUM(E$7+ E$8) -> 1
A7: Борг, по якому сплата відсотків здійснюється за плаваючими процентними ставками | B7: 61.752006 | C7: 53.027401 | D7: 2751.0828 | E7: 0.286485
A8: Борг, по якому сплата відсотків здійснюється за фіксованими процентними ставками | B8: 153.79873 | C8: 132.06934 | D8: 6851.8103 | E8: 0.713515

Sheet SRATE
A2: =DEBT_AS_OF_DATE -> Державний та гарантований державою борг України станом на 31.08.2026
A3: =BY_INTEREST_RATE -> (за видами відсоткових ставок)
E5: =VALVAL -> млрд. одиниць
B6: =USD -> дол. США | C6: =EUR -> євро | D6: =UAH -> грн. | E6: %
A7: =DEBT_TOTAL -> Загальна сума державного та гарантованого державою боргу | B7: =SUM(B$8+ B$9) -> 215.55074 | C7: =SUM(C$8+ C$9) -> 185.09674 | D7: =SUM(D$8+ D$9) -> 9602.8931 | E7: =SUM(E$8+ E$9) -> 1
A8: =SRATE_M!A7 -> Борг, по якому сплата відсотків здійснюється за плаваючими процентними ставками | B8: =SRATE_M!B7 -> 61.752006 | C8: =SRATE_M!C7 -> 53.027401 | D8: =SRATE_M!D7 -> 2751.0828 | E8: =SRATE_M!E7 -> 0.286485
A9: =SRATE_M!A8 -> Борг, по якому сплата відсотків здійснюється за фіксованими процентними ставками | B9: =SRATE_M!B8 -> 153.79873 | C9: =SRATE_M!C8 -> 132.06934 | D9: =SRATE_M!D8 -> 6851.8103 | E9: =SRATE_M!E8 -> 0.713515
A11: =INCLUDING -> В тому числі:
E12: =VALVAL -> млрд. одиниць
B13: =USD -> дол. США | C13: =EUR -> євро | D13: =UAH -> грн. | E13: %
A14: =DEBT_TOTAL -> Загальна сума державного та гарантованого державою боргу | B14: =B$15+B$18 -> 215.55074 | C14: =C$15+C$18 -> 185.09674 | D14: =D$15+D$18 -> 9602.8931 | E14: =E$15+E$18 -> 0.999999
A15: Державний борг | B15: =SUM(B$16:B$17) -> 209.76377 | C15: =SUM(C$16:C$17) -> 180.12738 | D15: =SUM(D$16:D$17) -> 9345.0807 | E15: =SUM(E$16:E$17) -> 0.973152
A16: Борг, по якому сплата відсотків здійснюється за плаваючими процентними ставками | B16: 58.261091 | C16: 50.029698 | D16: 2595.5607 | E16: 0.270289
A17: Борг, по якому сплата відсотків здійснюється за фіксованими процентними ставками | B17: 151.50268 | C17: 130.09769 | D17: 6749.5199 | E17: 0.702863
A18: Гарантований державою борг | B18: =SUM(B$19:B$20) -> 5.7869696 | C18: =SUM(C$19:C$20) -> 4.9693601 | D18: =SUM(D$19:D$20) -> 257.81239 | E18: =SUM(E$19:E$20) -> 0.026847
A19: Борг, по якому сплата відсотків здійснюється за плаваючими процентними ставками | B19: 3.4909156 | C19: 2.9977031 | D19: 155.52204 | E19: 0.016195
A20: Борг, по якому сплата відсотків здійснюється за фіксованими процентними ставками | B20: 2.2960539 | C20: 1.971657 | D20: 102.29035 | E20: 0.010652

Sheet RATE_M
A2: =IF(REPORT_LANG="UKR","Державний та гарантований державою борг України за станом на ","State debt and State guaranteed debt of Ukraine as of ") & STRPRESENTDATE -> Державний та гарантований державою борг України за станом на 31.08.2026
A3: =IF(REPORT_LANG="UKR","(за видами відсоткових ставок)","by interest rate types") -> (за видами відсоткових ставок)
E5: =VALVAL -> млрд. одиниць
B6: =USD -> дол. США | C6: =EUR -> євро | D6: =UAH -> грн. | E6: %
A7: =IF(REPORT_LANG="UKR","Загальна сума державного та гарантованого державою боргу","Total amount of state debt and state guaranteed debt") -> Загальна сума державного та гарантованого державою боргу | B7: =SUM(B8:B19) -> 215.55074 | C7: =SUM(C8:C19) -> 185.09674 | D7: =SUM(D8:D19) -> 9602.8931 | E7: =SUM(E8:E19) -> 1.000001
A8: EURIBOR | B8: 7.919038 | C8: 6.8002002 | D8: 352.7971 | E8: 0.036739
A9: SOFR | B9: 23.29223 | C9: 20.001397 | D9: 1037.6805 | E9: 0.108059
A10: SONIA | B10: 1.0243712 | C10: 0.87964334 | D10: 45.636248 | E10: 0.004752
A11: TORF | B11: 0.19161684 | C11: 0.16454433 | D11: 8.5366258 | E11: 0.000889
A12: Індекс споживчих цін (СРІ) | B12: 3.2586152 | C12: 2.7982231 | D12: 145.17293 | E12: 0.015118
A13: Облікова ставка НБУ | B13: 6.5000588 | C13: 5.5817008 | D13: 289.58087 | E13: 0.030156
A14: Ставка МВФ | B14: 19.321271 | C14: 16.591473 | D14: 860.77228 | E14: 0.089637
A15: Український індекс ставок за депозитами фізичних осіб | B15: 0.24480577 | C15: 0.21021849 | D15: 10.90622 | E15: 0.001136
A16: Фіксована | B16: 153.79873 | C16: 132.06934 | D16: 6851.8103 | E16: 0.713515

Sheet RATE
A2: =DEBT_AS_OF_DATE -> Державний та гарантований державою борг України станом на 31.08.2026
A3: =BY_INTEREST_RATE -> (за видами відсоткових ставок)
E5: =VALVAL -> млрд. одиниць
B6: =USD -> дол. США | C6: =EUR -> євро | D6: =UAH -> грн. | E6: %
A7: =DEBT_TOTAL -> Загальна сума державного та гарантованого державою боргу | B7: =SUM(B8:B18) -> 215.55074 | C7: =SUM(C8:C18) -> 185.09674 | D7: =SUM(D8:D18) -> 9602.8931 | E7: =SUM(E8:E18) -> 1.000001
A8: EURIBOR | B8: 7.919038 | C8: 6.8002002 | D8: 352.7971 | E8: 0.036739
A9: SOFR | B9: 23.29223 | C9: 20.001397 | D9: 1037.6805 | E9: 0.108059
A10: SONIA | B10: 1.0243712 | C10: 0.87964334 | D10: 45.636248 | E10: 0.004752
A11: TORF | B11: 0.19161684 | C11: 0.16454433 | D11: 8.5366258 | E11: 0.000889
A12: Індекс споживчих цін (СРІ) | B12: 3.2586152 | C12: 2.7982231 | D12: 145.17293 | E12: 0.015118
A13: Облікова ставка НБУ | B13: 6.5000588 | C13: 5.5817008 | D13: 289.58087 | E13: 0.030156
A14: Ставка МВФ | B14: 19.321271 | C14: 16.591473 | D14: 860.77228 | E14: 0.089637
A15: Український індекс ставок за депозитами фізичних осіб | B15: 0.24480577 | C15: 0.21021849 | D15: 10.90622 | E15: 0.001136
A16: Фіксована | B16: 153.79873 | C16: 132.06934 | D16: 6851.8103 | E16: 0.713515
A19: =INCLUDING -> В тому числі:
B20: ="Державний борг України за станом на " & TEXT(DREPORTDATE,"dd.MM.yyyy") -> Державний борг України за станом на 31.08.2026 | E20: =VALVAL -> млрд. одиниць
B21: =USD -> дол. США | C21: =EUR -> євро | D21: =UAH -> грн. | E21: %
A22: =DEBT_TOTAL -> Загальна сума державного та гарантованого державою боргу | B22: =B$23+B$32 -> 215.55074 | C22: =C$23+C$32 -> 185.09674 | D22: =D$23+D$32 -> 9602.8931 | E22: =E$23+E$32 -> 1.000001
A23: Державний борг | B23: =SUM(B$24:B$31) -> 209.76377 | C23: =SUM(C$24:C$31) -> 180.12738 | D23: =SUM(D$24:D$31) -> 9345.0807 | E23: =SUM(E$24:E$31) -> 0.973153
A24: EURIBOR | B24: 6.5707845 | C24: 5.642434 | D24: 292.73173 | E24: 0.030484
A25: SOFR | B25: 21.970075 | C25: 18.866043 | D25: 978.77785 | E25: 0.101925
A26: SONIA | B26: 1.0243712 | C26: 0.87964334 | D26: 45.636248 | E26: 0.004752
A27: TORF | B27: 0.19161684 | C27: 0.16454433 | D27: 8.5366258 | E27: 0.000889
A28: Індекс споживчих цін (СРІ) | B28: 3.2586152 | C28: 2.7982231 | D28: 145.17293 | E28: 0.015118
A29: Облікова ставка НБУ | B29: 6.2850024 | C29: 5.3970286 | D29: 280 | E29: 0.029158
A30: Ставка МВФ | B30: 18.960625 | C30: 16.281782 | D30: 844.70534 | E30: 0.087964
A31: Фіксована | B31: 151.50268 | C31: 130.09769 | D31: 6749.5199 | E31: 0.702863
A32: Гарантований державою борг | B32: =SUM(B$33:B$38) -> 5.7869696 | C32: =SUM(C$33:C$38) -> 4.9693601 | D32: =SUM(D$33:D$38) -> 257.81239 | E32: =SUM(E$33:E$38) -> 0.026848
A33: EURIBOR | B33: 1.3482536 | C33: 1.1577662 | D33: 60.065371 | E33: 0.006255
A34: SOFR | B34: 1.3221544 | C34: 1.1353544 | D34: 58.902641 | E34: 0.006134
A35: Облікова ставка НБУ | B35: 0.21505635 | C35: 0.18467221 | D35: 9.5808681 | E35: 0.000998
A36: Ставка МВФ | B36: 0.3606455 | C36: 0.30969185 | D36: 16.066937 | E36: 0.001673
A37: Український індекс ставок за депозитами фізичних осіб | B37: 0.24480577 | C37: 0.21021849 | D37: 10.90622 | E37: 0.001136
A38: Фіксована | B38: 2.2960539 | C38: 1.971657 | D38: 102.29035 | E38: 0.010652

Sheet RATE_CMP
A2: =DEBT_BY_RATE_TYPE -> Структура боргу за типом ставки на кінець попереднього року та звітну дату
H4: =VALVAL -> млрд. одиниць
B5: 46022 | E5: 46265
B6: =USD -> дол. США | C6: =UAH -> грн. | D6: % | E6: =USD -> дол. США | F6: =UAH -> грн. | G6: % | H6: =CHANGE_OF_STRUCTURE -> Зміна структури
A7: =DEBT_TOTAL -> Загальна сума державного та гарантованого державою боргу | B7: =SUM(B8:B15) -> 60.217132 | C7: =SUM(C8:C15) -> 2552.4718 | D7: =SUM(D8:D15) -> 0.282269 | E7: =SUM(E8:E15) -> 61.752006 | F7: =SUM(F8:F15) -> 2751.0828 | G7: =SUM(G8:G15) -> 0.286486 | H7: =SUM(H8:H15) -> 0.004214
A8: EURIBOR | B8: 8.3038367 | C8: 351.98137 | D8: 0.038924 | E8: 7.919038 | F8: 352.7971 | G8: 0.036739 | H8: -0.002186
A9: SOFR | B9: 21.843225 | C9: 925.88623 | D9: 0.102391 | E9: 23.29223 | F9: 1037.6805 | G9: 0.108059 | H9: 0.005668
A10: SONIA | B10: 0.81963749 | C10: 34.74263 | D10: 0.003842 | E10: 1.0243712 | F10: 45.636248 | G10: 0.004752 | H10: 0.00091
A11: TORF | B11: 0.22070492 | C11: 9.3551959 | D11: 0.001035 | E11: 0.19161684 | F11: 8.5366258 | G11: 0.000889 | H11: -0.000146
A12: Індекс споживчих цін (СРІ) | B12: 3.4248754 | C12: 145.17293 | D12: 0.016054 | E12: 3.2586152 | F12: 145.17293 | G12: 0.015118 | H12: -0.000937
A13: Облікова ставка НБУ | B13: 6.8402575 | C13: 289.94347 | D13: 0.032064 | E13: 6.5000588 | F13: 289.58087 | G13: 0.030156 | H13: -0.001908
A14: Ставка МВФ | B14: 18.409165 | C14: 780.32399 | D14: 0.086293 | E14: 19.321271 | F14: 860.77228 | G14: 0.089637 | H14: 0.003343
A15: Український індекс ставок за депозитами фізичних осіб | B15: 0.35543086 | C15: 15.065932 | D15: 0.001666 | E15: 0.24480577 | F15: 10.90622 | G15: 0.001136 | H15: -0.00053
A16: Фіксована | B16: 153.11494 | C16: 6490.2053 | D16: 0.717731 | E16: 153.79873 | F16: 6851.8103 | G16: 0.713515 | H16: -0.004215
H17: =VALVAL -> млрд. одиниць
B18: 46022 | E18: 46265
B19: =USD -> дол. США | C19: =UAH -> грн. | D19: % | E19: =USD -> дол. США | F19: =UAH -> грн. | G19: % | H19: =CHANGE_OF_STRUCTURE -> Зміна структури
A20: =DEBT_TOTAL -> Загальна сума державного та гарантованого державою боргу | B20: =B$21+B$30 -> 213.33207 | C20: =C$21+C$30 -> 9042.677 | D20: =D$21+D$30 -> 0.999998 | E20: =E$21+E$30 -> 215.55074 | F20: =F$21+F$30 -> 9602.8931 | G20: =G$21+G$30 -> 1.000001 | H20: =H$21+H$30 -> 0
A21: Державний борг | B21: =SUM(B$22:B$29) -> 206.80465 | C21: =SUM(C$22:C$29) -> 8765.994 | D21: =SUM(D$22:D$29) -> 0.969401 | E21: =SUM(E$22:E$29) -> 209.76377 | F21: =SUM(F$22:F$29) -> 9345.0807 | G21: =SUM(G$22:G$29) -> 0.973153 | H21: =SUM(H$22:H$29) -> 0.003749
A22: EURIBOR | B22: 6.5150342 | C22: 276.15797 | D22: 0.030539 | E22: 6.5707845 | F22: 292.73173 | G22: 0.030484 | H22: -5.6e-05
A23: SOFR | B23: 20.530965 | C23: 870.26244 | D23: 0.096239 | E23: 21.970075 | F23: 978.77785 | G23: 0.101925 | H23: 0.005686
A24: SONIA | B24: 0.81963749 | C24: 34.74263 | D24: 0.003842 | E24: 1.0243712 | F24: 45.636248 | G24: 0.004752 | H24: 0.00091
A25: TORF | B25: 0.22070492 | C25: 9.3551959 | D25: 0.001035 | E25: 0.19161684 | F25: 8.5366258 | G25: 0.000889 | H25: -0.000146
A26: Індекс споживчих цін (СРІ) | B26: 3.4248754 | C26: 145.17293 | D26: 0.016054 | E26: 3.2586152 | F26: 145.17293 | G26: 0.015118 | H26: -0.000937
A27: Облікова ставка НБУ | B27: 6.6056743 | C27: 280 | D27: 0.030964 | E27: 6.2850024 | F27: 280 | G27: 0.029158 | H27: -0.001806
A28: Ставка МВФ | B28: 17.882854 | C28: 758.01486 | D28: 0.083826 | E28: 18.960625 | F28: 844.70534 | G28: 0.087964 | H28: 0.004137
A29: Фіксована | B29: 150.8049 | C29: 6392.288 | D29: 0.706902 | E29: 151.50268 | F29: 6749.5199 | G29: 0.702863 | H29: -0.004039
A30: Гарантований державою борг | B30: =SUM(B$31:B$36) -> 6.5274207 | C30: =SUM(C$31:C$36) -> 276.683 | D30: =SUM(D$31:D$36) -> 0.030597 | E30: =SUM(E$31:E$36) -> 5.7869696 | F30: =SUM(F$31:F$36) -> 257.81239 | G30: =SUM(G$31:G$36) -> 0.026848 | H30: =SUM(H$31:H$36) -> -0.003749
A31: EURIBOR | B31: 1.7888024 | C31: 75.823399 | D31: 0.008385 | E31: 1.3482536 | F31: 60.065371 | G31: 0.006255 | H31: -0.00213
A32: SOFR | B32: 1.3122596 | C32: 55.623796 | D32: 0.006151 | E32: 1.3221544 | F32: 58.902641 | G32: 0.006134 | H32: -1.7e-05
A33: Облікова ставка НБУ | B33: 0.2345832 | C33: 9.9434657 | D33: 0.0011 | E33: 0.21505635 | F33: 9.5808681 | G33: 0.000998 | H33: -0.000102
A34: Ставка МВФ | B34: 0.52631031 | C34: 22.309136 | D34: 0.002467 | E34: 0.3606455 | F34: 16.066937 | G34: 0.001673 | H34: -0.000794
A35: Український індекс ставок за депозитами фізичних осіб | B35: 0.35543086 | C35: 15.065932 | D35: 0.001666 | E35: 0.24480577 | F35: 10.90622 | G35: 0.001136 | H35: -0.00053
A36: Фіксована | B36: 2.3100343 | C36: 97.917273 | D36: 0.010828 | E36: 2.2960539 | F36: 102.29035 | G36: 0.010652 | H36: -0.000176

Sheet CUR_M
A2: =IF(REPORT_LANG="UKR","Державний та гарантований державою борг України за станом на ","State debt and State guaranteed debt of Ukraine as of ") & STRPRESENTDATE -> Державний та гарантований державою борг України за станом на 31.08.2026
A3: =BY_REPAYMENT_CURR -> (в розрізі валют погашення)
E5: =VALVAL -> млрд. одиниць
B6: =USD -> дол. США | C6: =EUR -> євро | D6: =UAH -> грн. | E6: %
A7: =IF(REPORT_LANG="UKR","Загальна сума державного та гарантованого державою боргу","Total amount of state debt and state guaranteed debt") -> Загальна сума державного та гарантованого державою боргу | B7: =SUM(B8:B26) -> 215.55074 | C7: =SUM(C8:C26) -> 185.09674 | D7: =SUM(D8:D26) -> 9602.8931 | E7: =SUM(E8:E26) -> 1.000001
A8: Анг. фунт стерлінгів | B8: 1.0502061 | C8: 0.90182819 | D8: 46.787207 | E8: 0.004872
A9: Долар США | B9: 49.451782 | C9: 42.465008 | D9: 2203.1016 | E9: 0.229421
A10: ЄВРО | B10: 96.94063 | C10: 83.244415 | D10: 4318.7535 | E10: 0.449735
A11: Канадський долар | B11: 4.873612 | C11: 4.1850458 | D11: 217.12185 | E11: 0.02261
A12: СПЗ | B12: 19.321271 | C12: 16.591473 | D12: 860.77228 | E12: 0.089637
A13: Українська гривня | B13: 43.068141 | C13: 36.983278 | D13: 1918.7072 | E13: 0.199805
A14: Японська єна | B14: 0.8450941 | C14: 0.72569534 | D14: 37.649365 | E14: 0.003921

Sheet CUR
A2: =DEBT_AS_OF_DATE -> Державний та гарантований державою борг України станом на 31.08.2026
A3: =BY_REPAYMENT_CURR -> (в розрізі валют погашення)
E5: =VALVAL -> млрд. одиниць
B6: =USD -> дол. США | C6: =EUR -> євро | D6: =UAH -> грн. | E6: %
A7: =DEBT_TOTAL -> Загальна сума державного та гарантованого державою боргу | B7: =SUM(B8:B18) -> 215.55074 | C7: =SUM(C8:C18) -> 185.09674 | D7: =SUM(D8:D18) -> 9602.8931 | E7: =SUM(E8:E18) -> 1.000001
A8: Анг. фунт стерлінгів | B8: 1.0502061 | C8: 0.90182819 | D8: 46.787207 | E8: 0.004872
A9: Долар США | B9: 49.451782 | C9: 42.465008 | D9: 2203.1016 | E9: 0.229421
A10: ЄВРО | B10: 96.94063 | C10: 83.244415 | D10: 4318.7535 | E10: 0.449735
A11: Канадський долар | B11: 4.873612 | C11: 4.1850458 | D11: 217.12185 | E11: 0.02261
A12: СПЗ | B12: 19.321271 | C12: 16.591473 | D12: 860.77228 | E12: 0.089637
A13: Українська гривня | B13: 43.068141 | C13: 36.983278 | D13: 1918.7072 | E13: 0.199805
A14: Японська єна | B14: 0.8450941 | C14: 0.72569534 | D14: 37.649365 | E14: 0.003921
A20: =INCLUDING -> В тому числі:
E21: =VALVAL -> млрд. одиниць
B22: =USD -> дол. США | C22: =EUR -> євро | D22: =UAH -> грн. | E22: %
A23: =DEBT_TOTAL -> Загальна сума державного та гарантованого державою боргу | B23: =B$24+B$36 -> 215.55074 | C23: =C$24+C$36 -> 185.09674 | D23: =D$24+D$36 -> 9602.8931 | E23: =E$24+E$36 -> 1
A24: Державний борг | B24: =B$25+B$29 -> 209.76377 | C24: =C$25+C$29 -> 180.12738 | D24: =D$25+D$29 -> 9345.0807 | E24: =E$25+E$29 -> 0.973153
A25: Внутрішній борг | B25: =SUM(B$26:B$28) -> 44.968409 | C25: =SUM(C$26:C$28) -> 38.615067 | D25: =SUM(D$26:D$28) -> 2003.3651 | E25: =SUM(E$26:E$28) -> 0.208621
A26: Долар США | B26: 2.220985 | C26: 1.9071941 | D26: 98.945992 | E26: 0.010304
A27: ЄВРО | B27: 1.0559901 | C27: 0.906795 | D27: 47.044887 | E27: 0.004899
A28: Українська гривня | B28: 41.691434 | C28: 35.801078 | D28: 1857.3742 | E28: 0.193418
A29: Зовнішній борг | B29: =SUM(B$30:B$35) -> 164.79536 | C29: =SUM(C$30:C$35) -> 141.51232 | D29: =SUM(D$30:D$35) -> 7341.7156 | E29: =SUM(E$30:E$35) -> 0.764532
A30: Анг. фунт стерлінгів | B30: 1.0502061 | C30: 0.90182819 | D30: 46.787207 | E30: 0.004872
A31: Долар США | B31: 44.915368 | C31: 38.56952 | D31: 2001.0021 | E31: 0.208375
A32: ЄВРО | B32: 94.150451 | C32: 80.848445 | D32: 4194.4497 | E32: 0.43679
A33: Канадський долар | B33: 4.873612 | C33: 4.1850458 | D33: 217.12185 | E33: 0.02261
A34: СПЗ | B34: 18.960625 | C34: 16.281782 | D34: 844.70534 | E34: 0.087964
A35: Японська єна | B35: 0.8450941 | C35: 0.72569534 | D35: 37.649365 | E35: 0.003921
A36: Гарантований державою борг | B36: =B$37+B$40 -> 5.7869696 | C36: =C$37+C$40 -> 4.9693601 | D36: =D$37+D$40 -> 257.81239 | E36: =E$37+E$40 -> 0.026847
A37: Внутрішній борг | B37: =SUM(B$38:B$39) -> 1.3874905 | C37: =SUM(C$38:C$39) -> 1.1914595 | D37: =SUM(D$38:D$39) -> 61.813395 | E37: =SUM(E$38:E$39) -> 0.006437
A38: Долар США | B38: 0.010783333 | C38: 0.0092598148 | D38: 0.4804029 | E38: 5e-05
A39: Українська гривня | B39: 1.3767072 | C39: 1.1821997 | D39: 61.332992 | E39: 0.006387
A40: Зовнішній борг | B40: =SUM(B$41:B$43) -> 4.3994791 | C40: =SUM(C$41:C$43) -> 3.7779006 | D40: =SUM(D$41:D$43) -> 195.99899 | E40: =SUM(E$41:E$43) -> 0.02041
A41: Долар США | B41: 2.3046451 | C41: 1.9790343 | D41: 102.67309 | E41: 0.010692
A42: ЄВРО | B42: 1.7341885 | C42: 1.4891744 | D42: 77.258966 | E42: 0.008045
A43: СПЗ | B43: 0.3606455 | C43: 0.30969185 | D43: 16.066937 | E43: 0.001673

Sheet CUR_CMP
A2: =DEBT_CURR_STRUCT -> Валютна структура боргу на кінець попереднього року та на звітну дату
H5: =VALVAL -> млрд. одиниць
B6: 46022 | E6: 46265
B7: =USD -> дол. США | C7: =UAH -> грн. | D7: % | E7: =USD -> дол. США | F7: =UAH -> грн. | G7: % | H7: =CHANGE_OF_STRUCTURE -> Зміна структури
A8: =DEBT_TOTAL -> Загальна сума державного та гарантованого державою боргу | B8: =SUM(B9:B18) -> 213.33207 | C8: =SUM(C9:C18) -> 9042.677 | D8: =SUM(D9:D18) -> 1 | E8: =SUM(E9:E18) -> 215.55074 | F8: =SUM(F9:F18) -> 9602.8931 | G8: =SUM(G9:G18) -> 1.000001 | H8: =SUM(H9:H18) -> -4.6078592e-19
A9: Анг. фунт стерлінгів | B9: 0.84530449 | C9: 35.830598 | D9: 0.003962 | E9: 1.0502061 | F9: 46.787207 | G9: 0.004872 | H9: 0.00091
A10: Долар США | B10: 48.310866 | C10: 2047.7913 | D10: 0.226459 | E10: 49.451782 | F10: 2203.1016 | G10: 0.229421 | H10: 0.002962
A11: ЄВРО | B11: 95.489766 | C11: 4047.6011 | D11: 0.447611 | E11: 96.94063 | F11: 4318.7535 | G11: 0.449735 | H11: 0.002124
A12: Канадський долар | B12: 4.9252078 | C12: 208.76872 | D12: 0.023087 | E12: 4.873612 | F12: 217.12185 | G12: 0.02261 | H12: -0.000477
A13: СПЗ | B13: 18.409165 | C13: 780.32399 | D13: 0.086293 | E13: 19.321271 | F13: 860.77228 | G13: 0.089637 | H13: 0.003343
A14: Українська гривня | B14: 44.496566 | C14: 1886.1116 | D14: 0.208579 | E14: 43.068141 | F14: 1918.7072 | G14: 0.199805 | H14: -0.008774
A15: Японська єна | B15: 0.85519274 | C15: 36.249739 | D15: 0.004009 | E15: 0.8450941 | F15: 37.649365 | G15: 0.003921 | H15: -8.8e-05
H21: =VALVAL -> млрд. одиниць
B22: 46022 | E22: 46265
B23: =USD -> дол. США | C23: =UAH -> грн. | D23: % | E23: =USD -> дол. США | F23: =UAH -> грн. | G23: % | H23: =CHANGE_OF_STRUCTURE -> Зміна структури
A24: =DEBT_TOTAL -> Загальна сума державного та гарантованого державою боргу | B24: =B$25+B$33 -> 213.33207 | C24: =C$25+C$33 -> 9042.677 | D24: =D$25+D$33 -> 1 | E24: =E$25+E$33 -> 215.55074 | F24: =F$25+F$33 -> 9602.8931 | G24: =G$25+G$33 -> 1 | H24: =H$25+H$33 -> 1e-06
A25: Державний борг | B25: =SUM(B$26:B$32) -> 206.80465 | C25: =SUM(C$26:C$32) -> 8765.994 | D25: =SUM(D$26:D$32) -> 0.969403 | E25: =SUM(E$26:E$32) -> 209.76377 | F25: =SUM(F$26:F$32) -> 9345.0807 | G25: =SUM(G$26:G$32) -> 0.973153 | H25: =SUM(H$26:H$32) -> 0.003751
A26: Анг. фунт стерлінгів | B26: 0.84530449 | C26: 35.830598 | D26: 0.003962 | E26: 1.0502061 | F26: 46.787207 | G26: 0.004872 | H26: 0.00091
A27: Долар США | B27: 45.906001 | C27: 1945.8544 | D27: 0.215186 | E27: 47.136353 | F27: 2099.9481 | G27: 0.218679 | H27: 0.003493
A28: ЄВРО | B28: 93.311162 | C28: 3955.2549 | D28: 0.437399 | E28: 95.206441 | F28: 4241.4946 | G28: 0.441689 | H28: 0.004291
A29: Канадський долар | B29: 4.9252078 | C29: 208.76872 | D29: 0.023087 | E29: 4.873612 | F29: 217.12185 | G29: 0.02261 | H29: -0.000477
A30: СПЗ | B30: 17.882854 | C30: 758.01486 | D30: 0.083826 | E30: 18.960625 | F30: 844.70534 | G30: 0.087964 | H30: 0.004137
A31: Українська гривня | B31: 43.078925 | C31: 1826.0209 | D31: 0.201934 | E31: 41.691434 | F31: 1857.3742 | G31: 0.193418 | H31: -0.008515
A32: Японська єна | B32: 0.85519274 | C32: 36.249739 | D32: 0.004009 | E32: 0.8450941 | F32: 37.649365 | G32: 0.003921 | H32: -8.8e-05
A33: Гарантований державою борг | B33: =SUM(B$34:B$37) -> 6.5274207 | C33: =SUM(C$34:C$37) -> 276.683 | D33: =SUM(D$34:D$37) -> 0.030597 | E33: =SUM(E$34:E$37) -> 5.7869696 | F33: =SUM(F$34:F$37) -> 257.81239 | G33: =SUM(G$34:G$37) -> 0.026847 | H33: =SUM(H$34:H$37) -> -0.00375
A34: Долар США | B34: 2.4048648 | C34: 101.93693 | D34: 0.011273 | E34: 2.3154284 | F34: 103.15349 | G34: 0.010742 | H34: -0.000531
A35: ЄВРО | B35: 2.1786046 | C35: 92.346256 | D35: 0.010212 | E35: 1.7341885 | F35: 77.258966 | G35: 0.008045 | H35: -0.002167
A36: СПЗ | B36: 0.52631031 | C36: 22.309136 | D36: 0.002467 | E36: 0.3606455 | F36: 16.066937 | G36: 0.001673 | H36: -0.000794
A37: Українська гривня | B37: 1.417641 | C37: 60.090683 | D37: 0.006645 | E37: 1.3767072 | F37: 61.332992 | G37: 0.006387 | H37: -0.000258

Sheet CUR_M_EXT
A2: =DEBT_CURR_STRUCT -> Валютна структура боргу на кінець попереднього року та на звітну дату
N4: =VALVAL -> млрд. одиниць
B5: 46022 | H5: 46265
B6: =ORIGINAL -> оріг. | C6: =EXCH_RATE_TO_USD -> курс до USD | D6: =EXCH_RATE_TO_UAH -> курс до UAH | E6: =USD -> дол. США | F6: =UAH -> грн. | G6: % | H6: =ORIGINAL -> оріг. | I6: =EXCH_RATE_TO_USD -> курс до USD | J6: =EXCH_RATE_TO_UAH -> курс до UAH | K6: =USD -> дол. США | L6: =UAH -> грн. | M6: % | N6: =CHANGE_OF_STRUCTURE -> Зміна структури
A7: =DEBT_TOTAL -> Загальна сума державного та гарантованого державою боргу | E7: =SUM(E8:E23) -> 213.33207 | F7: =SUM(F8:F23) -> 9042.677 | G7: =SUM(G8:G23) -> 1 | K7: =SUM(K8:K23) -> 215.55074 | L7: =SUM(L8:L23) -> 9602.8931 | M7: =SUM(M8:M23) -> 1.000001 | N7: =SUM(N8:N23) -> -4.6078592e-19
A8: Анг. фунт стерлінгів | B8: 0.6262908 | C8: 1.3497 | D8: 57.2108 | E8: 0.84530449 | F8: 35.830598 | G8: 0.003962 | H8: 0.77304582 | I8: 1.35853 | J8: 60.5232 | K8: 1.0502061 | L8: 46.787207 | M8: 0.004872 | N8: 0.00091
A9: Долар США | B9: 48.310866 | C9: 1 | D9: 42.3878 | E9: 48.310866 | F9: 2047.7913 | G9: 0.226459 | H9: 49.451782 | I9: 1 | J9: 44.5505 | K9: 49.451782 | L9: 2203.1016 | M9: 0.229421 | N9: 0.002962
A10: ЄВРО | B10: 81.185023 | C10: 1.176199 | D10: 49.8565 | E10: 95.489766 | F10: 4047.6011 | G10: 0.447611 | H10: 83.244415 | I10: 1.16453 | J10: 51.8804 | K10: 96.94063 | L10: 4318.7535 | M10: 0.449735 | N10: 0.002124
A11: Канадський долар | B11: 6.75 | C11: 0.72966 | D11: 30.9287 | E11: 4.9252078 | F11: 208.76872 | G11: 0.023087 | H11: 6.75 | I11: 0.722017 | J11: 32.1662 | K11: 4.873612 | L11: 217.12185 | M11: 0.02261 | N11: -0.000477
A12: СПЗ | B12: 13.442225 | C12: 1.369503 | D12: 58.050211 | E12: 18.409165 | F12: 780.32399 | G12: 0.086293 | H12: 14.114691 | I12: 1.368877 | J12: 60.98414 | K12: 19.321271 | L12: 860.77228 | M12: 0.089637 | N12: 0.003343
A13: Українська гривня | B13: 1886.1116 | C13: 0.023592 | D13: 1 | E13: 44.496566 | F13: 1886.1116 | G13: 0.208579 | H13: 1918.7072 | I13: 0.022446 | J13: 1 | K13: 43.068141 | L13: 1918.7072 | M13: 0.199805 | N13: -0.008774
A14: Японська єна | B14: 133.36916 | C14: 0.006412 | D14: 0.2718 | E14: 0.85519274 | F14: 36.249739 | G14: 0.004009 | H14: 134.93429 | I14: 0.006263 | J14: 0.27902 | K14: 0.8450941 | L14: 37.649365 | M14: 0.003921 | N14: -8.8e-05

Sheet CUR_CMP_EXT
A2: =DEBT_CURR_STRUCT&" "&EXTENDED -> Валютна структура боргу на кінець попереднього року та на звітну дату (розширений)
N4: =VALVAL -> млрд. одиниць
B5: 46022 | H5: 46265
B6: =ORIGINAL -> оріг. | C6: =EXCH_RATE_TO_USD -> курс до USD | D6: =EXCH_RATE_TO_UAH -> курс до UAH | E6: =USD -> дол. США | F6: =UAH -> грн. | G6: % | H6: =ORIGINAL -> оріг. | I6: =EXCH_RATE_TO_USD -> курс до USD | J6: =EXCH_RATE_TO_UAH -> курс до UAH | K6: =USD -> дол. США | L6: =UAH -> грн. | M6: % | N6: =CHANGE_OF_STRUCTURE -> Зміна структури
A7: =DEBT_TOTAL -> Загальна сума державного та гарантованого державою боргу | E7: =SUM(E8:E24) -> 213.33207 | F7: =SUM(F8:F24) -> 9042.677 | G7: =SUM(G8:G24) -> 1 | K7: =SUM(K8:K24) -> 215.55074 | L7: =SUM(L8:L24) -> 9602.8931 | M7: =SUM(M8:M24) -> 1.000001 | N7: =SUM(N8:N24) -> -4.6078592e-19
A8: Анг. фунт стерлінгів | B8: 0.6262908 | C8: 1.3497 | D8: 57.2108 | E8: 0.84530449 | F8: 35.830598 | G8: 0.003962 | H8: 0.77304582 | I8: 1.35853 | J8: 60.5232 | K8: 1.0502061 | L8: 46.787207 | M8: 0.004872 | N8: 0.00091
A9: Долар США | B9: 48.310866 | C9: 1 | D9: 42.3878 | E9: 48.310866 | F9: 2047.7913 | G9: 0.226459 | H9: 49.451782 | I9: 1 | J9: 44.5505 | K9: 49.451782 | L9: 2203.1016 | M9: 0.229421 | N9: 0.002962
A10: ЄВРО | B10: 81.185023 | C10: 1.176199 | D10: 49.8565 | E10: 95.489766 | F10: 4047.6011 | G10: 0.447611 | H10: 83.244415 | I10: 1.16453 | J10: 51.8804 | K10: 96.94063 | L10: 4318.7535 | M10: 0.449735 | N10: 0.002124
A11: Канадський долар | B11: 6.75 | C11: 0.72966 | D11: 30.9287 | E11: 4.9252078 | F11: 208.76872 | G11: 0.023087 | H11: 6.75 | I11: 0.722017 | J11: 32.1662 | K11: 4.873612 | L11: 217.12185 | M11: 0.02261 | N11: -0.000477
A12: СПЗ | B12: 13.442225 | C12: 1.369503 | D12: 58.050211 | E12: 18.409165 | F12: 780.32399 | G12: 0.086293 | H12: 14.114691 | I12: 1.368877 | J12: 60.98414 | K12: 19.321271 | L12: 860.77228 | M12: 0.089637 | N12: 0.003343
A13: Українська гривня | B13: 1886.1116 | C13: 0.023592 | D13: 1 | E13: 44.496566 | F13: 1886.1116 | G13: 0.208579 | H13: 1918.7072 | I13: 0.022446 | J13: 1 | K13: 43.068141 | L13: 1918.7072 | M13: 0.199805 | N13: -0.008774
A14: Японська єна | B14: 133.36916 | C14: 0.006412 | D14: 0.2718 | E14: 0.85519274 | F14: 36.249739 | G14: 0.004009 | H14: 134.93429 | I14: 0.006263 | J14: 0.27902 | K14: 0.8450941 | L14: 37.649365 | M14: 0.003921 | N14: -8.8e-05
N23: =VALVAL -> млрд. одиниць
B24: 46022 | H24: 46265
B25: =ORIGINAL -> оріг. | C25: =EXCH_RATE_TO_USD -> курс до USD | D25: =EXCH_RATE_TO_UAH -> курс до UAH | E25: =USD -> дол. США | F25: =UAH -> грн. | G25: % | H25: =ORIGINAL -> оріг. | I25: =EXCH_RATE_TO_USD -> курс до USD | J25: =EXCH_RATE_TO_UAH -> курс до UAH | K25: =USD -> дол. США | L25: =UAH -> грн. | M25: % | N25: =CHANGE_OF_STRUCTURE -> Зміна структури
A26: =DEBT_TOTAL -> Загальна сума державного та гарантованого державою боргу | B26: =B$27+B$35 -> 2169.7951 | C26: =C$27+C$35 -> 9.22436 | D26: =D$27+D$35 -> 391.00032 | E26: =E$27+E$35 -> 213.33207 | F26: =F$27+F$35 -> 9042.677 | G26: =G$27+G$35 -> 1 | H26: =H$27+H$35 -> 2207.9755 | I26: =I$27+I$35 -> 9.198516 | ... N26: =N$27+N$35 -> 1e-06
A27: Державний борг | B27: =SUM(B$28:B$34) -> 2105.063 | C27: =SUM(C$28:C$34) -> 5.655066 | D27: =SUM(D$28:D$34) -> 239.70581 | E27: =SUM(E$28:E$34) -> 206.80465 | F27: =SUM(F$28:F$34) -> 8765.994 | G27: =SUM(G$28:G$34) -> 0.969403 | H27: =SUM(H$28:H$34) -> 2142.5744 | I27: =SUM(I$28:I$34) -> 5.642663 | ... N27: =SUM(N$28:N$34) -> 0.003751
A28: Анг. фунт стерлінгів | B28: 0.6262908 | C28: 1.3497 | D28: 57.2108 | E28: 0.84530449 | F28: 35.830598 | G28: 0.003962 | H28: 0.77304582 | I28: 1.35853 | J28: 60.5232 | K28: 1.0502061 | L28: 46.787207 | M28: 0.004872 | N28: 0.00091
A29: Долар США | B29: 45.906001 | C29: 1 | D29: 42.3878 | E29: 45.906001 | F29: 1945.8544 | G29: 0.215186 | H29: 47.136353 | I29: 1 | J29: 44.5505 | K29: 47.136353 | L29: 2099.9481 | M29: 0.218679 | N29: 0.003493
A30: ЄВРО | B30: 79.332782 | C30: 1.176199 | D30: 49.8565 | E30: 93.311162 | F30: 3955.2549 | G30: 0.437399 | H30: 81.75524 | I30: 1.16453 | J30: 51.8804 | K30: 95.206441 | L30: 4241.4946 | M30: 0.441689 | N30: 0.004291
A31: Канадський долар | B31: 6.75 | C31: 0.72966 | D31: 30.9287 | E31: 4.9252078 | F31: 208.76872 | G31: 0.023087 | H31: 6.75 | I31: 0.722017 | J31: 32.1662 | K31: 4.873612 | L31: 217.12185 | M31: 0.02261 | N31: -0.000477
A32: СПЗ | B32: 13.057917 | C32: 1.369503 | D32: 58.050211 | E32: 17.882854 | F32: 758.01486 | G32: 0.083826 | H32: 13.85123 | I32: 1.368877 | J32: 60.98414 | K32: 18.960625 | L32: 844.70534 | M32: 0.087964 | N32: 0.004137
A33: Українська гривня | B33: 1826.0209 | C33: 0.023592 | D33: 1 | E33: 43.078925 | F33: 1826.0209 | G33: 0.201934 | H33: 1857.3742 | I33: 0.022446 | J33: 1 | K33: 41.691434 | L33: 1857.3742 | M33: 0.193418 | N33: -0.008515
A34: Японська єна | B34: 133.36916 | C34: 0.006412 | D34: 0.2718 | E34: 0.85519274 | F34: 36.249739 | G34: 0.004009 | H34: 134.93429 | I34: 0.006263 | J34: 0.27902 | K34: 0.8450941 | L34: 37.649365 | M34: 0.003921 | N34: -8.8e-05
A35: Гарантований державою борг | B35: =SUM(B$36:B$39) -> 64.732096 | C35: =SUM(C$36:C$39) -> 3.569294 | D35: =SUM(D$36:D$39) -> 151.29451 | E35: =SUM(E$36:E$39) -> 6.5274207 | F35: =SUM(F$36:F$39) -> 276.683 | G35: =SUM(G$36:G$39) -> 0.030597 | H35: =SUM(H$36:H$39) -> 65.401056 | I35: =SUM(I$36:I$39) -> 3.555853 | ... N35: =SUM(N$36:N$39) -> -0.00375
A36: Долар США | B36: 2.4048648 | C36: 1 | D36: 42.3878 | E36: 2.4048648 | F36: 101.93693 | G36: 0.011273 | H36: 2.3154284 | I36: 1 | J36: 44.5505 | K36: 2.3154284 | L36: 103.15349 | M36: 0.010742 | N36: -0.000531
A37: ЄВРО | B37: 1.8522411 | C37: 1.176199 | D37: 49.8565 | E37: 2.1786046 | F37: 92.346256 | G37: 0.010212 | H37: 1.4891744 | I37: 1.16453 | J37: 51.8804 | K37: 1.7341885 | L37: 77.258966 | M37: 0.008045 | N37: -0.002167
A38: СПЗ | B38: 0.38430758 | C38: 1.369503 | D38: 58.050211 | E38: 0.52631031 | F38: 22.309136 | G38: 0.002467 | H38: 0.26346091 | I38: 1.368877 | J38: 60.98414 | K38: 0.3606455 | L38: 16.066937 | M38: 0.001673 | N38: -0.000794
A39: Українська гривня | B39: 60.090683 | C39: 0.023592 | D39: 1 | E39: 1.417641 | F39: 60.090683 | G39: 0.006645 | H39: 61.332992 | I39: 0.022446 | J39: 1 | K39: 1.3767072 | L39: 61.332992 | M39: 0.006387 | N39: -0.000258

Sheet DKT1
A2: =DEBT_AS_OF_DATE -> Державний та гарантований державою борг України станом на 31.08.2026
A3: =BY_CREDITOR_TYPE -> (за типом кредитора)
E5: =VALVAL -> млрд. одиниць
B6: =USD -> дол. США | C6: =EUR -> євро | D6: =UAH -> грн. | E6: % | F6: FORMAT
A7: =DEBT_TOTAL -> Загальна сума державного та гарантованого державою боргу | B7: =B$8+B$20 -> 215.55074 | C7: =C$8+C$20 -> 185.09674 | D7: =D$8+D$20 -> 9602.8931 | E7: =E$8+E$20 -> 1 | F7: 3
A8: Державний борг | B8: =B$9+B$12 -> 209.76377 | C8: =C$9+C$12 -> 180.12738 | D8: =D$9+D$12 -> 9345.0807 | E8: =E$9+E$12 -> 0.973153 | F8: 3
A9: Внутрішній борг | B9: =SUM(B$10:B$11) -> 44.968409 | C9: =SUM(C$10:C$11) -> 38.615067 | D9: =SUM(D$10:D$11) -> 2003.3651 | E9: =SUM(E$10:E$11) -> 0.208621 | F9: 2
A10: 1. Заборгованість за випущеними цінними паперами на внутрішньому ринку | B10: 44.940208 | C10: 38.59085 | D10: 2002.1087 | E10: 0.20849 | F10: 1
A11: 2. Заборгованість перед банківськими та іншими фінансовими установами | B11: 0.02820168 | C11: 0.024217218 | D11: 1.256399 | E11: 0.000131
A12: Зовнішній борг | B12: =SUM(B$13:B$19) -> 164.79536 | C12: =SUM(C$13:C$19) -> 141.51232 | D12: =SUM(D$13:D$19) -> 7341.7156 | E12: =SUM(E$13:E$19) -> 0.764532
A13: 1. Заборгованість за позиками, одержаними від міжнародних фінансових організацій | B13: 127.84684 | C13: 109.78405 | D13: 5695.6404 | E13: 0.593117
A14: 2.1. Заборгованість за позиками, одержаними від органів управління іноземних держав (крім неврегульованої від органів управління держави-агресора та/або такої, що оскаржується) | B14: 8.0544492 | C14: 6.9164798 | D14: 358.82974 | E14: 0.037367
A15: 2.2 Неврегульована заборгованість за позиками, одержаними від органів управління держави-агресора, та/або така, що оскаржується | B15: 0.60585586 | C15: 0.52025778 | D15: 26.991181 | E15: 0.002811
A16: 3. Заборгованість за позиками, одержаними від іноземних комерційних банків, інших іноземних фінансових установ | B16: 2.2171013 | C16: 1.9038591 | D16: 98.77297 | E16: 0.010286
A17: 4.1.Заборгованість за випущеними цінними паперами (крім неврегульованої та/або такої, що оскаржується) | B17: 18.75064 | C17: 16.101464 | D17: 835.35039 | E17: 0.086989
A18: 4.2.Неврегульована заборгованість за випущеними цінними паперами, та/або така, що оскаржується | B18: 3 | C18: 2.5761463 | D18: 133.6515 | E18: 0.013918
A19: 5. Заборгованість, не віднесена до інших категорій | B19: 4.3204757 | C19: 3.7100591 | D19: 192.47935 | E19: 0.020044
A20: Гарантований державою борг | B20: =B$21+B$25 -> 5.7869696 | C20: =C$21+C$25 -> 4.9693601 | D20: =D$21+D$25 -> 257.81239 | E20: =E$21+E$25 -> 0.026847
A21: Внутрішній борг | B21: =SUM(B$22:B$24) -> 1.3874905 | C21: =SUM(C$22:C$24) -> 1.1914595 | D21: =SUM(D$22:D$24) -> 61.813395 | E21: =SUM(E$22:E$24) -> 0.006437
A22: 1. Заборгованість за випущеними цінними паперами на внутрішньому ринку | B22: 0.055555192 | C22: 0.047706101 | D22: 2.4750116 | E22: 0.000258
A23: 2. Заборгованість перед банківськими та іншими фінансовими установами | B23: 1.3319139 | C23: 1.143735 | D23: 59.337429 | E23: 0.006179
A24: 3. Заборгованість, не віднесена до інших категорій | B24: 2.142849e-05 | C24: 1.840098e-05 | D24: 0.00095465 | E24: 0
A25: Зовнішній борг | B25: =SUM(B$26:B$30) -> 4.3994791 | C25: =SUM(C$26:C$30) -> 3.7779006 | D25: =SUM(D$26:D$30) -> 195.99899 | E25: =SUM(E$26:E$30) -> 0.02041
A26: 1. Заборгованість за позиками, одержаними від міжнародних фінансових організацій | B26: 2.4449649 | C26: 2.0995291 | D26: 108.92441 | E26: 0.011343
A27: 2. Заборгованість за позиками, одержаними від органів управління іноземних держав | B27: 0.8615759 | C27: 0.73984852 | D27: 38.383637 | E27: 0.003997
A28: 3. Заборгованість за позиками, одержаними від іноземних комерційних банків, інших іноземних фінансових установ | B28: 0.15645231 | C28: 0.13434801 | D28: 6.9700285 | E28: 0.000726
A29: 4. Заборгованість за випущеними цінними паперами на зовнішньому ринку | B29: 0.825 | C29: 0.70844023 | D29: 36.754162 | E29: 0.003827
A30: 5. Заборгованість, не віднесена до інших категорій | B30: 0.11148598 | C30: 0.095734731 | D30: 4.9667561 | E30: 0.000517

Sheet DKT2
A2: =IF(REPORT_LANG="UKR","Державний та гарантований державою борг України за станом на ","State debt and State guaranteed debt of Ukraine as of ") & STRPRESENTDATE -> Державний та гарантований державою борг України за станом на 31.08.2026
A3: =IF(REPORT_LANG="UKR","(за ознакою умовності)","based on characteristic of conventionality") -> (за ознакою умовності)
E5: =VALVAL -> млрд. одиниць
B6: =USD -> дол. США | C6: =EUR -> євро | D6: =UAH -> грн. | E6: %
A7: =DEBT_TOTAL -> Загальна сума державного та гарантованого державою боргу | B7: =B$8+B$63 -> 215.55074 | C7: =C$8+C$63 -> 185.09674 | D7: =D$8+D$63 -> 9602.8931 | E7: =E$8+E$63 -> 1
A8: Державний борг | B8: =B$9+B$24 -> 209.76377 | C8: =C$9+C$24 -> 180.12738 | D8: =D$9+D$24 -> 9345.0807 | E8: =E$9+E$24 -> 0.973153
A9: Внутрішній борг | B9: =B$10+B$22 -> 44.968409 | C9: =C$10+C$22 -> 38.615067 | D9: =D$10+D$22 -> 2003.3651 | E9: =E$10+E$22 -> 0.208621
A10: 1. Заборгованість за випущеними цінними паперами на внутрішньому ринку | B10: =SUM(B$11:B$21) -> 44.940208 | C10: =SUM(C$11:C$21) -> 38.59085 | D10: =SUM(D$11:D$21) -> 2002.1087 | E10: =SUM(E$11:E$21) -> 0.20849
A11: ОВДП 2014 | B11: 0.095397358 | C11: 0.081919183 | D11: 4.25 | E11: 0.000443
A12: ОВДП 2015 | B12: 0.34118585 | C12: 0.29298155 | D12: 15.2 | E12: 0.001583
A13: ОВДП 2016 | B13: 2.4004444 | C13: 2.0612986 | D13: 106.941 | E13: 0.011136
A14: ОВДП 2017 | B14: 6.4032257 | C14: 5.4985487 | D14: 285.26691 | E14: 0.029706
A15: ОВДП 2020 | B15: 0.24051169 | C15: 0.2065311 | D15: 10.714916 | E15: 0.001116
A16: ОВДП 2021 | B16: 0.63337388 | C16: 0.54388792 | D16: 28.217123 | E16: 0.002938
A17: ОВДП 2022 | B17: 9.6522587 | C17: 8.2885435 | D17: 430.01295 | E17: 0.04478
A18: ОВДП 2023 | B18: 0.92890681 | C18: 0.79766661 | D18: 41.383263 | E18: 0.004309
A19: ОВДП 2024 | B19: 5.7062648 | C19: 4.9000576 | D19: 254.21695 | E19: 0.026473
A20: ОВДП 2025 | B20: 11.065807 | C20: 9.5023789 | D20: 492.98722 | E20: 0.051337
A21: ОВДП 2026 | B21: 7.4728319 | C21: 6.417036 | D21: 332.9184 | E21: 0.034669
A22: 2. Заборгованість перед банківськими та іншими фінансовими установами | B22: =SUM(B$23:B$23) -> 0.02820168 | C22: =SUM(C$23:C$23) -> 0.024217218 | D22: =SUM(D$23:D$23) -> 1.256399 | E22: =SUM(E$23:E$23) -> 0.000131
A23: Національний банк України | B23: 0.02820168 | C23: 0.024217218 | D23: 1.256399 | E23: 0.000131
A24: Зовнішній борг | B24: =B$25+B$36+B$47+B$49+B$56+B$59+B$61 -> 164.79536 | C24: =C$25+C$36+C$47+C$49+C$56+C$59+C$61 -> 141.51232 | D24: =D$25+D$36+D$47+D$49+D$56+D$59+D$61 -> 7341.7156 | E24: =E$25+E$36+E$47+E$49+E$56+E$59+E$61 -> 0.764532
A25: 1. Заборгованість за позиками, одержаними від міжнародних фінансових організацій | B25: =SUM(B$26:B$35) -> 127.84684 | C25: =SUM(C$26:C$35) -> 109.78405 | D25: =SUM(D$26:D$35) -> 5695.6404 | E25: =SUM(E$26:E$35) -> 0.593116
A26: NEFCO | B26: 0.010645447 | C26: 0.0091414098 | D26: 0.47425999 | E26: 4.9e-05
A27: Банк розвитку Ради Європи | B27: 0.59643975 | C27: 0.51217201 | D27: 26.571689 | E27: 0.002767
A28: Європейський банк реконструкції та розвитку | B28: 0.066460539 | C28: 0.05707069 | D28: 2.9608503 | E28: 0.000308
A29: Європейський Інвестиційний Банк | B29: 3.2410563 | C29: 2.7831451 | D29: 144.39068 | E29: 0.015036
A30: Європейський Союз | B30: 63.543662 | C30: 54.565923 | D30: 2830.9019 | E30: 0.294797
A31: Європейський Союз ERA* | B31: 20.899807 | C31: 17.946987 | D31: 931.09685 | E31: 0.09696
A32: Міжнародна асоціація розвитку | B32: 6.5922608 | C32: 5.6608761 | D32: 293.68852 | E32: 0.030583
A33: Міжнародний банк реконструкції та розвитку | B33: 18.160871 | C33: 15.59502 | D33: 809.07588 | E33: 0.084253
A34: Міжнародний Валютний Фонд | B34: 14.64015 | C34: 12.571722 | D34: 652.22599 | E34: 0.06792
A35: Фонд чистих технологій (МБРР) | B35: 0.095482519 | C35: 0.081992312 | D35: 4.253794 | E35: 0.000443
A36: 2.1. Заборгованість за позиками, одержаними від органів управління іноземних держав (крім неврегульованої від органів управління держави-агресора та/або такої, що оскаржується) | B36: =SUM(B$37:B$46) -> 8.0544492 | C36: =SUM(C$37:C$46) -> 6.9164798 | D36: =SUM(D$37:D$46) -> 358.82974 | E36: =SUM(E$37:E$46) -> 0.037367
A37: Великобританія | B37: 0.025834923 | C37: 0.022184847 | D37: 1.1509588 | E37: 0.00012
A38: Італія | B38: 0.23290603 | C38: 0.2 | D38: 10.37608 | E38: 0.001081
A39: Канада | B39: 5.2664139 | C39: 4.5223509 | D39: 234.62137 | E39: 0.024432
A40: Нідерланди | B40: 0.23290603 | C40: 0.2 | D40: 10.37608 | E40: 0.001081
A41: Німеччина | B41: 0.66239069 | C41: 0.56880511 | D41: 29.509837 | E41: 0.003073
A42: Польща | B42: 0.14144777 | C42: 0.12146338 | D42: 6.3015688 | E42: 0.000656
A43: Республіка Корея | B43: 0.1 | C43: 0.085871543 | D43: 4.45505 | E43: 0.000464
A44: США | B44: 0.00051251526 | C44: 0.00044010477 | D44: 0.022832811 | E44: 2e-06
A45: Франція | B45: 0.5469432 | C45: 0.46966857 | D45: 24.366593 | E45: 0.002537
A46: Японія | B46: 0.8450941 | C46: 0.72569534 | D46: 37.649365 | E46: 0.003921
A47: 2.2 Неврегульована заборгованість за позиками, одержаними від органів управління держави-агресора, та/або така, що оскаржується | B47: =SUM(B$48:B$48) -> 0.60585586 | C47: =SUM(C$48:C$48) -> 0.52025778 | D47: =SUM(D$48:D$48) -> 26.991181 | E47: =SUM(E$48:E$48) -> 0.002811
A48: Росія | B48: 0.60585586 | C48: 0.52025778 | D48: 26.991181 | E48: 0.002811
A49: 3. Заборгованість за позиками, одержаними від іноземних комерційних банків, інших іноземних фінансових установ | B49: =SUM(B$50:B$55) -> 2.2171013 | C49: =SUM(C$50:C$55) -> 1.9038591 | D49: =SUM(D$50:D$55) -> 98.77297 | E49: =SUM(E$50:E$55) -> 0.010286
A50: Cargill | B50: 0.75694459 | C50: 0.65 | D50: 33.72226 | E50: 0.003512
A51: Chase Manhattan Bank | B51: 5.954149e-05 | C51: 5.11292e-05 | D51: 0.0026526033 | E51: 0
A52: Citibank Europe PLC | B52: 0.82491232 | C52: 0.70836494 | D52: 36.750256 | E52: 0.003827
A53: Credit Agricole Corporate and Investment Bank | B53: 0.13872095 | C53: 0.11912182 | D53: 6.1800876 | E53: 0.000644
A54: Deutsche Bank | B54: 0.28392776 | C54: 0.24381315 | D54: 12.649124 | E54: 0.001317
A55: National Westminster Bank PLC | B55: 0.2125361 | C55: 0.18250803 | D55: 9.4685895 | E55: 0.000986
A56: 4.1.Заборгованість за випущеними цінними паперами (крім неврегульованої та/або такої, що оскаржується) | B56: =SUM(B$57:B$58) -> 18.75064 | C56: =SUM(C$57:C$58) -> 16.101464 | D56: =SUM(D$57:D$58) -> 835.35039 | E56: =SUM(E$57:E$58) -> 0.08699
A57: ОЗДП 2024 року | B57: 15.252975 | C57: 13.097965 | D57: 679.52765 | E57: 0.070763
A58: ОЗДП 2025 року | B58: 3.4976653 | C58: 3.0034992 | D58: 155.82274 | E58: 0.016227
A59: 4.2.Неврегульована заборгованість за випущеними цінними паперами, та/або така, що оскаржується | B59: =SUM(B$60:B$60) -> 3 | C59: =SUM(C$60:C$60) -> 2.5761463 | D59: =SUM(D$60:D$60) -> 133.6515 | E59: =SUM(E$60:E$60) -> 0.013918
A60: ОЗДП 2013 року | B60: 3 | C60: 2.5761463 | D60: 133.6515 | E60: 0.013918
A61: 5. Заборгованість, не віднесена до інших категорій | B61: =SUM(B$62:B$62) -> 4.3204757 | C61: =SUM(C$62:C$62) -> 3.7100591 | D61: =SUM(D$62:D$62) -> 192.47935 | E61: =SUM(E$62:E$62) -> 0.020044
A62: Міжнародний Валютний Фонд | B62: 4.3204757 | C62: 3.7100591 | D62: 192.47935 | E62: 0.020044
A63: Гарантований державою борг | B63: =B$64+B$75 -> 5.7869696 | C63: =C$64+C$75 -> 4.9693601 | D63: =D$64+D$75 -> 257.81239 | E63: =E$64+E$75 -> 0.026847
A64: Внутрішній борг | B64: =B$65+B$68+B$73 -> 1.3874905 | C64: =C$65+C$68+C$73 -> 1.1914595 | D64: =D$65+D$68+D$73 -> 61.813395 | E64: =E$65+E$68+E$73 -> 0.006437
A65: 1. Заборгованість за випущеними цінними паперами на внутрішньому ринку | B65: =SUM(B$66:B$67) -> 0.055555192 | C65: =SUM(C$66:C$67) -> 0.047706101 | D65: =SUM(D$66:D$67) -> 2.4750116 | E65: =SUM(E$66:E$67) -> 0.000258
A66: Державні цінні папери | B66: 2.6038e-07 | C66: 2.2359e-07 | D66: 1.16e-05 | E66: 0
A67: Облігації ДІУ (10 - річні) | B67: 0.055554932 | C67: 0.047705877 | D67: 2.475 | E67: 0.000258
A68: 2. Заборгованість перед банківськими та іншими фінансовими установами | B68: =SUM(B$69:B$72) -> 1.3319139 | C68: =SUM(C$69:C$72) -> 1.143735 | D68: =SUM(D$69:D$72) -> 59.337429 | E68: =SUM(E$69:E$72) -> 0.006179
A69: АБ "УКРГАЗБАНК" | B69: 0.031012284 | C69: 0.026630727 | D69: 1.3816128 | E69: 0.000144
A70: АТ "Державний експортно-імпортний банк України" | B70: 0.17313964 | C70: 0.14867768 | D70: 7.7134575 | E70: 0.000803
A71: АТ "Державний ощадний банк України" | B71: 0.30448624 | C71: 0.26146704 | D71: 13.565014 | E71: 0.001413
A72: Портфельні гарантії | B72: 0.82327571 | C72: 0.70695955 | D72: 36.677344 | E72: 0.003819
A73: 3. Заборгованість, не віднесена до інших категорій | B73: =SUM(B$74:B$74) -> 2.142849e-05 | C73: =SUM(C$74:C$74) -> 1.840098e-05 | D73: =SUM(D$74:D$74) -> 0.00095465 | E73: =SUM(E$74:E$74) -> 0
A74: Інші кредитори | B74: 2.142849e-05 | C74: 1.840098e-05 | D74: 0.00095465 | E74: 0
A75: Зовнішній борг | B75: =B$76+B$83+B$86+B$88+B$90 -> 4.3994791 | C75: =C$76+C$83+C$86+C$88+C$90 -> 3.7779006 | D75: =D$76+D$83+D$86+D$88+D$90 -> 195.99899 | E75: =E$76+E$83+E$86+E$88+E$90 -> 0.02041
A76: 1. Заборгованість за позиками, одержаними від міжнародних фінансових організацій | B76: =SUM(B$77:B$82) -> 2.4449649 | C76: =SUM(C$77:C$82) -> 2.0995291 | D76: =SUM(D$77:D$82) -> 108.92441 | E76: =SUM(E$77:E$82) -> 0.011343
A77: Європейське співтоватиство з атомної енергії | B77: 0.34935904 | C77: 0.3 | D77: 15.56412 | E77: 0.001621
A78: Європейський банк реконструкції та розвитку | B78: 1.1428508 | C78: 0.98138362 | D78: 50.914575 | E78: 0.005302
A79: Європейський Інвестиційний Банк | B79: 0.20540278 | C79: 0.17638253 | D79: 9.1507964 | E79: 0.000953
A80: Міжнародний банк реконструкції та розвитку | B80: 0.49715443 | C80: 0.42691418 | D80: 22.148478 | E80: 0.002306
A81: Міжнародний Валютний Фонд | B81: 0.24915952 | C81: 0.21395712 | D81: 11.100181 | E81: 0.001156
A82: Фонд чистих технологій (МБРР) | B82: 0.0010383318 | C82: 0.00089163156 | D82: 0.046258202 | E82: 5e-06
A83: 2. Заборгованість за позиками, одержаними від органів управління іноземних держав | B83: =SUM(B$84:B$85) -> 0.8615759 | C83: =SUM(C$84:C$85) -> 0.73984852 | D83: =SUM(D$84:D$85) -> 38.383637 | E83: =SUM(E$84:E$85) -> 0.003997
A84: Експортно-імпортний банк Китаю | B84: 0.825 | C84: 0.70844023 | D84: 36.754162 | E84: 0.003827
A85: Німеччина | B85: 0.0365759 | C85: 0.03140829 | D85: 1.6294746 | E85: 0.00017
A86: 3. Заборгованість за позиками, одержаними від іноземних комерційних банків, інших іноземних фінансових установ | B86: =SUM(B$87:B$87) -> 0.15645231 | C86: =SUM(C$87:C$87) -> 0.13434801 | D86: =SUM(D$87:D$87) -> 6.9700285 | E86: =SUM(E$87:E$87) -> 0.000726
A87: Central Storage Safety Project Trust | B87: 0.15645231 | C87: 0.13434801 | D87: 6.9700285 | E87: 0.000726
A88: 4. Заборгованість за випущеними цінними паперами на зовнішньому ринку | B88: =SUM(B$89:B$89) -> 0.825 | C88: =SUM(C$89:C$89) -> 0.70844023 | D88: =SUM(D$89:D$89) -> 36.754162 | E88: =SUM(E$89:E$89) -> 0.003827
A89: Облігації Укренерго (5 - річні) | B89: 0.825 | C89: 0.70844023 | D89: 36.754162 | E89: 0.003827
A90: 5. Заборгованість, не віднесена до інших категорій | B90: =SUM(B$91:B$91) -> 0.11148598 | C90: =SUM(C$91:C$91) -> 0.095734731 | D90: =SUM(D$91:D$91) -> 4.9667561 | E90: =SUM(E$91:E$91) -> 0.000517
A91: Міжнародний Валютний Фонд | B91: 0.11148598 | C91: 0.095734731 | D91: 4.9667561 | E91: 0.000517
A92: *Кредит ЄС у межах ERA (Extraordinary Revenue Acceleration) погашення якого буде здійснюватися за рахунок джерел інших, ніж Державний бюджет України, в тому числі за рахунок доходів, отриманих від заморожених активів Російської Федерації, відповідно до механізму кредитної співпраці з Україною, визначеного Регламентом (ЄС) 2024/2773 Європейського Парламенту і Рад и Європейського Союзу від 24 жовтня 2024 року

Sheet DTK2
A2: =IF(REPORT_LANG="UKR","Державний та гарантований державою борг України за станом на ","State debt and State guaranteed debt of Ukraine as of ") & STRPRESENTDATE -> Державний та гарантований державою борг України за станом на 31.08.2026
A3: =IF(REPORT_LANG="UKR","(за типом кредитора)","by borrowing market (creditors)") -> (за типом кредитора)
E5: =VALVAL -> млрд. одиниць
B6: =USD -> дол. США | C6: =EUR -> євро | D6: =UAH -> грн. | E6: %
A7: =DEBT_TOTAL -> Загальна сума державного та гарантованого державою боргу | B7: =B$35+B$8 -> 215.55074 | C7: =C$35+C$8 -> 185.09674 | D7: =D$35+D$8 -> 9602.8931 | E7: =E$35+E$8 -> 1
A8: Внутрішній борг | B8: =B$9+B$24 -> 46.3559 | C8: =C$9+C$24 -> 39.806527 | D8: =D$9+D$24 -> 2065.1785 | E8: =E$9+E$24 -> 0.215058
A9: Державний борг | B9: =B$10+B$22 -> 44.968409 | C9: =C$10+C$22 -> 38.615067 | D9: =D$10+D$22 -> 2003.3651 | E9: =E$10+E$22 -> 0.208621
A10: 1. Заборгованість за випущеними цінними паперами на внутрішньому ринку | B10: =SUM(B$11:B$21) -> 44.940208 | C10: =SUM(C$11:C$21) -> 38.59085 | D10: =SUM(D$11:D$21) -> 2002.1087 | E10: =SUM(E$11:E$21) -> 0.20849
A11: ОВДП 2014 | B11: 0.095397358 | C11: 0.081919183 | D11: 4.25 | E11: 0.000443
A12: ОВДП 2015 | B12: 0.34118585 | C12: 0.29298155 | D12: 15.2 | E12: 0.001583
A13: ОВДП 2016 | B13: 2.4004444 | C13: 2.0612986 | D13: 106.941 | E13: 0.011136
A14: ОВДП 2017 | B14: 6.4032257 | C14: 5.4985487 | D14: 285.26691 | E14: 0.029706
A15: ОВДП 2020 | B15: 0.24051169 | C15: 0.2065311 | D15: 10.714916 | E15: 0.001116
A16: ОВДП 2021 | B16: 0.63337388 | C16: 0.54388792 | D16: 28.217123 | E16: 0.002938
A17: ОВДП 2022 | B17: 9.6522587 | C17: 8.2885435 | D17: 430.01295 | E17: 0.04478
A18: ОВДП 2023 | B18: 0.92890681 | C18: 0.79766661 | D18: 41.383263 | E18: 0.004309
A19: ОВДП 2024 | B19: 5.7062648 | C19: 4.9000576 | D19: 254.21695 | E19: 0.026473
A20: ОВДП 2025 | B20: 11.065807 | C20: 9.5023789 | D20: 492.98722 | E20: 0.051337
A21: ОВДП 2026 | B21: 7.4728319 | C21: 6.417036 | D21: 332.9184 | E21: 0.034669
A22: 2. Заборгованість перед банківськими та іншими фінансовими установами | B22: =SUM(B$23:B$23) -> 0.02820168 | C22: =SUM(C$23:C$23) -> 0.024217218 | D22: =SUM(D$23:D$23) -> 1.256399 | E22: =SUM(E$23:E$23) -> 0.000131
A23: Національний банк України | B23: 0.02820168 | C23: 0.024217218 | D23: 1.256399 | E23: 0.000131
A24: Гарантований державою борг | B24: =B$25+B$28+B$33 -> 1.3874905 | C24: =C$25+C$28+C$33 -> 1.1914595 | D24: =D$25+D$28+D$33 -> 61.813395 | E24: =E$25+E$28+E$33 -> 0.006437
A25: 1. Заборгованість за випущеними цінними паперами на внутрішньому ринку | B25: =SUM(B$26:B$27) -> 0.055555192 | C25: =SUM(C$26:C$27) -> 0.047706101 | D25: =SUM(D$26:D$27) -> 2.4750116 | E25: =SUM(E$26:E$27) -> 0.000258
A26: Державні цінні папери | B26: 2.6038e-07 | C26: 2.2359e-07 | D26: 1.16e-05 | E26: 0
A27: Облігації ДІУ (10 - річні) | B27: 0.055554932 | C27: 0.047705877 | D27: 2.475 | E27: 0.000258
A28: 2. Заборгованість перед банківськими та іншими фінансовими установами | B28: =SUM(B$29:B$32) -> 1.3319139 | C28: =SUM(C$29:C$32) -> 1.143735 | D28: =SUM(D$29:D$32) -> 59.337429 | E28: =SUM(E$29:E$32) -> 0.006179
A29: АБ "УКРГАЗБАНК" | B29: 0.031012284 | C29: 0.026630727 | D29: 1.3816128 | E29: 0.000144
A30: АТ "Державний експортно-імпортний банк України" | B30: 0.17313964 | C30: 0.14867768 | D30: 7.7134575 | E30: 0.000803
A31: АТ "Державний ощадний банк України" | B31: 0.30448624 | C31: 0.26146704 | D31: 13.565014 | E31: 0.001413
A32: Портфельні гарантії | B32: 0.82327571 | C32: 0.70695955 | D32: 36.677344 | E32: 0.003819
A33: 3. Заборгованість, не віднесена до інших категорій | B33: =SUM(B$34:B$34) -> 2.142849e-05 | C33: =SUM(C$34:C$34) -> 1.840098e-05 | D33: =SUM(D$34:D$34) -> 0.00095465 | E33: =SUM(E$34:E$34) -> 0
A34: Інші кредитори | B34: 2.142849e-05 | C34: 1.840098e-05 | D34: 0.00095465 | E34: 0
A35: Зовнішній борг | B35: =B$36+B$75 -> 169.19484 | C35: =C$36+C$75 -> 145.29022 | D35: =D$36+D$75 -> 7537.7145 | E35: =E$36+E$75 -> 0.784942
A36: Державний борг | B36: =B$37+B$48+B$59+B$61+B$68+B$71+B$73 -> 164.79536 | C36: =C$37+C$48+C$59+C$61+C$68+C$71+C$73 -> 141.51232 | D36: =D$37+D$48+D$59+D$61+D$68+D$71+D$73 -> 7341.7156 | E36: =E$37+E$48+E$59+E$61+E$68+E$71+E$73 -> 0.764532
A37: 1. Заборгованість за позиками, одержаними від міжнародних фінансових організацій | B37: =SUM(B$38:B$47) -> 127.84684 | C37: =SUM(C$38:C$47) -> 109.78405 | D37: =SUM(D$38:D$47) -> 5695.6404 | E37: =SUM(E$38:E$47) -> 0.593116
A38: NEFCO | B38: 0.010645447 | C38: 0.0091414098 | D38: 0.47425999 | E38: 4.9e-05
A39: Банк розвитку Ради Європи | B39: 0.59643975 | C39: 0.51217201 | D39: 26.571689 | E39: 0.002767
A40: Європейський банк реконструкції та розвитку | B40: 0.066460539 | C40: 0.05707069 | D40: 2.9608503 | E40: 0.000308
A41: Європейський Інвестиційний Банк | B41: 3.2410563 | C41: 2.7831451 | D41: 144.39068 | E41: 0.015036
A42: Європейський Союз | B42: 63.543662 | C42: 54.565923 | D42: 2830.9019 | E42: 0.294797
A43: Європейський Союз ERA* | B43: 20.899807 | C43: 17.946987 | D43: 931.09685 | E43: 0.09696
A44: Міжнародна асоціація розвитку | B44: 6.5922608 | C44: 5.6608761 | D44: 293.68852 | E44: 0.030583
A45: Міжнародний банк реконструкції та розвитку | B45: 18.160871 | C45: 15.59502 | D45: 809.07588 | E45: 0.084253
A46: Міжнародний Валютний Фонд | B46: 14.64015 | C46: 12.571722 | D46: 652.22599 | E46: 0.06792
A47: Фонд чистих технологій (МБРР) | B47: 0.095482519 | C47: 0.081992312 | D47: 4.253794 | E47: 0.000443
A48: 2.1. Заборгованість за позиками, одержаними від органів управління іноземних держав (крім неврегульованої від органів управління держави-агресора та/або такої, що оскаржується) | B48: =SUM(B$49:B$58) -> 8.0544492 | C48: =SUM(C$49:C$58) -> 6.9164798 | D48: =SUM(D$49:D$58) -> 358.82974 | E48: =SUM(E$49:E$58) -> 0.037367
A49: Великобританія | B49: 0.025834923 | C49: 0.022184847 | D49: 1.1509588 | E49: 0.00012
A50: Італія | B50: 0.23290603 | C50: 0.2 | D50: 10.37608 | E50: 0.001081
A51: Канада | B51: 5.2664139 | C51: 4.5223509 | D51: 234.62137 | E51: 0.024432
A52: Нідерланди | B52: 0.23290603 | C52: 0.2 | D52: 10.37608 | E52: 0.001081
A53: Німеччина | B53: 0.66239069 | C53: 0.56880511 | D53: 29.509837 | E53: 0.003073
A54: Польща | B54: 0.14144777 | C54: 0.12146338 | D54: 6.3015688 | E54: 0.000656
A55: Республіка Корея | B55: 0.1 | C55: 0.085871543 | D55: 4.45505 | E55: 0.000464
A56: США | B56: 0.00051251526 | C56: 0.00044010477 | D56: 0.022832811 | E56: 2e-06
A57: Франція | B57: 0.5469432 | C57: 0.46966857 | D57: 24.366593 | E57: 0.002537
A58: Японія | B58: 0.8450941 | C58: 0.72569534 | D58: 37.649365 | E58: 0.003921
A59: 2.2 Неврегульована заборгованість за позиками, одержаними від органів управління держави-агресора, та/або така, що оскаржується | B59: =SUM(B$60:B$60) -> 0.60585586 | C59: =SUM(C$60:C$60) -> 0.52025778 | D59: =SUM(D$60:D$60) -> 26.991181 | E59: =SUM(E$60:E$60) -> 0.002811
A60: Росія | B60: 0.60585586 | C60: 0.52025778 | D60: 26.991181 | E60: 0.002811
A61: 3. Заборгованість за позиками, одержаними від іноземних комерційних банків, інших іноземних фінансових установ | B61: =SUM(B$62:B$67) -> 2.2171013 | C61: =SUM(C$62:C$67) -> 1.9038591 | D61: =SUM(D$62:D$67) -> 98.77297 | E61: =SUM(E$62:E$67) -> 0.010286
A62: Cargill | B62: 0.75694459 | C62: 0.65 | D62: 33.72226 | E62: 0.003512
A63: Chase Manhattan Bank | B63: 5.954149e-05 | C63: 5.11292e-05 | D63: 0.0026526033 | E63: 0
A64: Citibank Europe PLC | B64: 0.82491232 | C64: 0.70836494 | D64: 36.750256 | E64: 0.003827
A65: Credit Agricole Corporate and Investment Bank | B65: 0.13872095 | C65: 0.11912182 | D65: 6.1800876 | E65: 0.000644
A66: Deutsche Bank | B66: 0.28392776 | C66: 0.24381315 | D66: 12.649124 | E66: 0.001317
A67: National Westminster Bank PLC | B67: 0.2125361 | C67: 0.18250803 | D67: 9.4685895 | E67: 0.000986
A68: 4.1.Заборгованість за випущеними цінними паперами (крім неврегульованої та/або такої, що оскаржується) | B68: =SUM(B$69:B$70) -> 18.75064 | C68: =SUM(C$69:C$70) -> 16.101464 | D68: =SUM(D$69:D$70) -> 835.35039 | E68: =SUM(E$69:E$70) -> 0.08699
A69: ОЗДП 2024 року | B69: 15.252975 | C69: 13.097965 | D69: 679.52765 | E69: 0.070763
A70: ОЗДП 2025 року | B70: 3.4976653 | C70: 3.0034992 | D70: 155.82274 | E70: 0.016227
A71: 4.2.Неврегульована заборгованість за випущеними цінними паперами, та/або така, що оскаржується | B71: =SUM(B$72:B$72) -> 3 | C71: =SUM(C$72:C$72) -> 2.5761463 | D71: =SUM(D$72:D$72) -> 133.6515 | E71: =SUM(E$72:E$72) -> 0.013918
A72: ОЗДП 2013 року | B72: 3 | C72: 2.5761463 | D72: 133.6515 | E72: 0.013918
A73: 5. Заборгованість, не віднесена до інших категорій | B73: =SUM(B$74:B$74) -> 4.3204757 | C73: =SUM(C$74:C$74) -> 3.7100591 | D73: =SUM(D$74:D$74) -> 192.47935 | E73: =SUM(E$74:E$74) -> 0.020044
A74: Міжнародний Валютний Фонд | B74: 4.3204757 | C74: 3.7100591 | D74: 192.47935 | E74: 0.020044
A75: Гарантований державою борг | B75: =B$76+B$83+B$86+B$88+B$90 -> 4.3994791 | C75: =C$76+C$83+C$86+C$88+C$90 -> 3.7779006 | D75: =D$76+D$83+D$86+D$88+D$90 -> 195.99899 | E75: =E$76+E$83+E$86+E$88+E$90 -> 0.02041
A76: 1. Заборгованість за позиками, одержаними від міжнародних фінансових організацій | B76: =SUM(B$77:B$82) -> 2.4449649 | C76: =SUM(C$77:C$82) -> 2.0995291 | D76: =SUM(D$77:D$82) -> 108.92441 | E76: =SUM(E$77:E$82) -> 0.011343
A77: Європейське співтоватиство з атомної енергії | B77: 0.34935904 | C77: 0.3 | D77: 15.56412 | E77: 0.001621
A78: Європейський банк реконструкції та розвитку | B78: 1.1428508 | C78: 0.98138362 | D78: 50.914575 | E78: 0.005302
A79: Європейський Інвестиційний Банк | B79: 0.20540278 | C79: 0.17638253 | D79: 9.1507964 | E79: 0.000953
A80: Міжнародний банк реконструкції та розвитку | B80: 0.49715443 | C80: 0.42691418 | D80: 22.148478 | E80: 0.002306
A81: Міжнародний Валютний Фонд | B81: 0.24915952 | C81: 0.21395712 | D81: 11.100181 | E81: 0.001156
A82: Фонд чистих технологій (МБРР) | B82: 0.0010383318 | C82: 0.00089163156 | D82: 0.046258202 | E82: 5e-06
A83: 2. Заборгованість за позиками, одержаними від органів управління іноземних держав | B83: =SUM(B$84:B$85) -> 0.8615759 | C83: =SUM(C$84:C$85) -> 0.73984852 | D83: =SUM(D$84:D$85) -> 38.383637 | E83: =SUM(E$84:E$85) -> 0.003997
A84: Експортно-імпортний банк Китаю | B84: 0.825 | C84: 0.70844023 | D84: 36.754162 | E84: 0.003827
A85: Німеччина | B85: 0.0365759 | C85: 0.03140829 | D85: 1.6294746 | E85: 0.00017
A86: 3. Заборгованість за позиками, одержаними від іноземних комерційних банків, інших іноземних фінансових установ | B86: =SUM(B$87:B$87) -> 0.15645231 | C86: =SUM(C$87:C$87) -> 0.13434801 | D86: =SUM(D$87:D$87) -> 6.9700285 | E86: =SUM(E$87:E$87) -> 0.000726
A87: Central Storage Safety Project Trust | B87: 0.15645231 | C87: 0.13434801 | D87: 6.9700285 | E87: 0.000726
A88: 4. Заборгованість за випущеними цінними паперами на зовнішньому ринку | B88: =SUM(B$89:B$89) -> 0.825 | C88: =SUM(C$89:C$89) -> 0.70844023 | D88: =SUM(D$89:D$89) -> 36.754162 | E88: =SUM(E$89:E$89) -> 0.003827
A89: Облігації Укренерго (5 - річні) | B89: 0.825 | C89: 0.70844023 | D89: 36.754162 | E89: 0.003827
A90: 5. Заборгованість, не віднесена до інших категорій | B90: =SUM(B$91:B$91) -> 0.11148598 | C90: =SUM(C$91:C$91) -> 0.095734731 | D90: =SUM(D$91:D$91) -> 4.9667561 | E90: =SUM(E$91:E$91) -> 0.000517
A91: Міжнародний Валютний Фонд | B91: 0.11148598 | C91: 0.095734731 | D91: 4.9667561 | E91: 0.000517
A92: *Кредит ЄС у межах ERA (Extraordinary Revenue Acceleration) погашення якого буде здійснюватися за рахунок джерел інших, ніж Державний бюджет України, в тому числі за рахунок доходів, отриманих від заморожених активів Російської Федерації, відповідно до механізму кредитної співпраці з Україною, визначеного Регламентом (ЄС) 2024/2773 Європейського Парламенту і Рад и Європейського Союзу від 24 жовтня 2024 року

Sheet DKR
A2: =DEBT_AS_OF_DATE -> Державний та гарантований державою борг України станом на 31.08.2026
A3: =BY_CREDITOR_TYPE -> (за типом кредитора)
E5: =VALVAL -> млрд. одиниць
B6: =USD -> дол. США | C6: =EUR -> євро | D6: =UAH -> грн. | E6: %
A7: =DEBT_TOTAL -> Загальна сума державного та гарантованого державою боргу | B7: =SUM(B8:B46) -> 215.55074 | C7: =SUM(C8:C46) -> 185.09674 | D7: =SUM(D8:D46) -> 9602.8931 | E7: =SUM(E8:E46) -> 1.000001
A8: Внутрішній борг за випущеними цінними паперами | B8: 44.995763 | C8: 38.638556 | D8: 2004.5837 | E8: 0.208748
A9: Внутрішній борг перед банківськими та іншими фінансовими установами | B9: 1.3601156 | C9: 1.1679522 | D9: 60.593828 | E9: 0.00631
A10: Внутрішня заборгованість, не віднесена до інших категорій | B10: 2.142849e-05 | C10: 1.840098e-05 | D10: 0.00095465 | E10: 0
A11: Зовнішній борг за випущеними цінними паперами | B11: 22.57564 | C11: 19.38605 | D11: 1005.756 | E11: 0.104735
A12: Зовнішній борг за позиками, одержаними від іноземних комерційних банків, інших іноземних фінансових установ | B12: 2.3735536 | C12: 2.0382071 | D12: 105.743 | E12: 0.011012
A13: Зовнішній борг за позиками, одержаними від міжнародних фінансових організацій | B13: 130.2918 | C13: 111.88358 | D13: 5804.5648 | E13: 0.60446
A14: Зовнішній борг за позиками, одержаними від органів управління іноземних держав | B14: 9.5218809 | C14: 8.1765861 | D14: 424.20456 | E14: 0.044175
A15: Зовнішній борг, не віднесений до інших категорій | B15: 4.4319617 | C15: 3.8057939 | D15: 197.44611 | E15: 0.020561

Sheet DKR2
A3: =DEBT_AS_OF_DATE -> Державний та гарантований державою борг України станом на 31.08.2026
A4: =BY_CREDITOR_TYPE -> (за типом кредитора)
E6: =VALVAL -> млрд. одиниць
B7: =USD -> дол. США | C7: =EUR -> євро | D7: =UAH -> грн. | E7: %
A8: =DEBT_TOTAL -> Загальна сума державного та гарантованого державою боргу | B8: =B$9+B$17 -> 215.55074 | C8: =C$9+C$17 -> 185.09674 | D8: =D$9+D$17 -> 9602.8931 | E8: =E$9+E$17 -> 1
A9: Державний борг | B9: =SUM(B$10:B$16) -> 209.76377 | C9: =SUM(C$10:C$16) -> 180.12738 | D9: =SUM(D$10:D$16) -> 9345.0807 | E9: =SUM(E$10:E$16) -> 0.973153
A10: Внутрішній борг за випущеними цінними паперами | B10: 44.940208 | C10: 38.59085 | D10: 2002.1087 | E10: 0.20849
A11: Внутрішній борг перед банківськими та іншими фінансовими установами | B11: 0.02820168 | C11: 0.024217218 | D11: 1.256399 | E11: 0.000131
A12: Зовнішній борг за випущеними цінними паперами | B12: 21.75064 | C12: 18.67761 | D12: 969.00189 | E12: 0.100907
A13: Зовнішній борг за позиками, одержаними від іноземних комерційних банків, інших іноземних фінансових установ | B13: 2.2171013 | C13: 1.9038591 | D13: 98.77297 | E13: 0.010286
A14: Зовнішній борг за позиками, одержаними від міжнародних фінансових організацій | B14: 127.84684 | C14: 109.78405 | D14: 5695.6404 | E14: 0.593117
A15: Зовнішній борг за позиками, одержаними від органів управління іноземних держав | B15: 8.660305 | C15: 7.4367376 | D15: 385.82092 | E15: 0.040178
A16: Зовнішній борг, не віднесений до інших категорій | B16: 4.3204757 | C16: 3.7100591 | D16: 192.47935 | E16: 0.020044
A17: Гарантований державою борг | B17: =SUM(B$18:B$25) -> 5.7869696 | C17: =SUM(C$18:C$25) -> 4.9693601 | D17: =SUM(D$18:D$25) -> 257.81239 | E17: =SUM(E$18:E$25) -> 0.026847
A18: Внутрішній борг за випущеними цінними паперами | B18: 0.055555192 | C18: 0.047706101 | D18: 2.4750116 | E18: 0.000258
A19: Внутрішній борг перед банківськими та іншими фінансовими установами | B19: 1.3319139 | C19: 1.143735 | D19: 59.337429 | E19: 0.006179
A20: Внутрішня заборгованість, не віднесена до інших категорій | B20: 2.142849e-05 | C20: 1.840098e-05 | D20: 0.00095465 | E20: 0
A21: Зовнішній борг за випущеними цінними паперами | B21: 0.825 | C21: 0.70844023 | D21: 36.754162 | E21: 0.003827
A22: Зовнішній борг за позиками, одержаними від іноземних комерційних банків, інших іноземних фінансових установ | B22: 0.15645231 | C22: 0.13434801 | D22: 6.9700285 | E22: 0.000726
A23: Зовнішній борг за позиками, одержаними від міжнародних фінансових організацій | B23: 2.4449649 | C23: 2.0995291 | D23: 108.92441 | E23: 0.011343
A24: Зовнішній борг за позиками, одержаними від органів управління іноземних держав | B24: 0.8615759 | C24: 0.73984852 | D24: 38.383637 | E24: 0.003997
A25: Зовнішній борг, не віднесений до інших категорій | B25: 0.11148598 | C25: 0.095734731 | D25: 4.9667561 | E25: 0.000517

Sheet YT_ALL
A2: =DEBT_LAST_5_YEARS -> Державний та гарантований державою борг України за останні 5 років
A4: =$A$2 & " (" &G4 & ")" -> Державний та гарантований державою борг України за останні 5 років (млрд. грн) | G4: =VALUAH -> млрд. грн
B5: 44561 | C5: 44926 | D5: 45291 | E5: 45657 | F5: 46022 | G5: 46265
A6: =DEBT_TOTAL -> Загальна сума державного та гарантованого державою боргу | B6: =SUM(B$7+ B$8) -> 2672.06 | C6: =SUM(C$7+ C$8) -> 4075.5678 | D6: =SUM(D$7+ D$8) -> 5519.6355 | E6: =SUM(E$7+ E$8) -> 6980.9859 | F6: =SUM(F$7+ F$8) -> 9042.677 | G6: =SUM(G$7+ G$8) -> 9602.8931
A7: Внутрішній борг | B7: 1111.5979 | C7: 1461.8882 | D7: 1656.4963 | E7: 1932.4896 | F7: 2031.502 | G7: 2065.1785
A8: Зовнішній борг | B8: 1560.4622 | C8: 2613.6797 | D8: 3863.1392 | E8: 5048.4963 | F8: 7011.175 | G8: 7537.7145
A10: =$A$2 & " (" &G10 & ")" -> Державний та гарантований державою борг України за останні 5 років (млрд. дол. США) | G10: =VALUSD -> млрд. дол. США
B11: 44561 | C11: 44926 | D11: 45291 | E11: 45657 | F11: 46022 | G11: 46265
A12: =DEBT_TOTAL -> Загальна сума державного та гарантованого державою боргу | B12: =SUM(B$13+ B$14) -> 97.955878 | C12: =SUM(C$13+ C$14) -> 111.44993 | D12: =SUM(D$13+ D$14) -> 145.32087 | E12: =SUM(E$13+ E$14) -> 166.05975 | F12: =SUM(F$13+ F$14) -> 213.33207 | G12: =SUM(G$13+ G$14) -> 215.55074
A13: Внутрішній борг | B13: 40.750411 | C13: 39.976597 | D13: 43.612207 | E13: 45.968971 | F13: 47.926573 | G13: 46.3559
A14: Зовнішній борг | B14: 57.205467 | C14: 71.473331 | D14: 101.70866 | E14: 120.09078 | F14: 165.40549 | G14: 169.19484
G16: %
B17: 44561 | C17: 44926 | D17: 45291 | E17: 45657 | F17: 46022 | G17: 46265
A18: =DEBT_TOTAL -> Загальна сума державного та гарантованого державою боргу | B18: =SUM(B$19+ B$20) -> 1 | C18: =SUM(C$19+ C$20) -> 1 | D18: =SUM(D$19+ D$20) -> 1 | E18: =SUM(E$19+ E$20) -> 1 | F18: =SUM(F$19+ F$20) -> 1 | G18: =SUM(G$19+ G$20) -> 1
A19: Внутрішній борг | B19: 0.416008 | C19: 0.358696 | D19: 0.30011 | E19: 0.276822 | F19: 0.224657 | G19: 0.215058
A20: Зовнішній борг | B20: 0.583992 | C20: 0.641304 | D20: 0.69989 | E20: 0.723178 | F20: 0.775343 | G20: 0.784942

Sheet YTM_ALL
A2: =DEBT_LAST_5_YEARS -> Державний та гарантований державою борг України за останні 5 років
G4: =VALUAH -> млрд. грн
B5: =YT_ALL!B5 -> 44561 | C5: =YT_ALL!C5 -> 44926 | D5: =YT_ALL!D5 -> 45291 | E5: =YT_ALL!E5 -> 45657 | F5: =YT_ALL!F5 -> 46022 | G5: =YT_ALL!G5 -> 46265
A6: =DEBT_TOTAL -> Загальна сума державного та гарантованого державою боргу | B6: =SUM(B$7+ B$8) -> 2672.06 | C6: =SUM(C$7+ C$8) -> 4075.5678 | D6: =SUM(D$7+ D$8) -> 5519.6355 | E6: =SUM(E$7+ E$8) -> 6980.9859 | F6: =SUM(F$7+ F$8) -> 9042.677 | G6: =SUM(G$7+ G$8) -> 9602.8931
A7: =YT_ALL!A7 -> Внутрішній борг | B7: =YT_ALL!B7/DMLMLR -> 1111.5979 | C7: =YT_ALL!C7/DMLMLR -> 1461.8882 | D7: =YT_ALL!D7/DMLMLR -> 1656.4963 | E7: =YT_ALL!E7/DMLMLR -> 1932.4896 | F7: =YT_ALL!F7/DMLMLR -> 2031.502 | G7: =YT_ALL!G7/DMLMLR -> 2065.1785
A8: =YT_ALL!A8 -> Зовнішній борг | B8: =YT_ALL!B8/DMLMLR -> 1560.4622 | C8: =YT_ALL!C8/DMLMLR -> 2613.6797 | D8: =YT_ALL!D8/DMLMLR -> 3863.1392 | E8: =YT_ALL!E8/DMLMLR -> 5048.4963 | F8: =YT_ALL!F8/DMLMLR -> 7011.175 | G8: =YT_ALL!G8/DMLMLR -> 7537.7145
G10: =VALUSD -> млрд. дол. США
B11: =YT_ALL!B11 -> 44561 | C11: =YT_ALL!C11 -> 44926 | D11: =YT_ALL!D11 -> 45291 | E11: =YT_ALL!E11 -> 45657 | F11: =YT_ALL!F11 -> 46022 | G11: =YT_ALL!G11 -> 46265
A12: =DEBT_TOTAL -> Загальна сума державного та гарантованого державою боргу | B12: =SUM(B$13+ B$14) -> 97.955878 | C12: =SUM(C$13+ C$14) -> 111.44993 | D12: =SUM(D$13+ D$14) -> 145.32087 | E12: =SUM(E$13+ E$14) -> 166.05975 | F12: =SUM(F$13+ F$14) -> 213.33207 | G12: =SUM(G$13+ G$14) -> 215.55074
A13: =YT_ALL!A13 -> Внутрішній борг | B13: =YT_ALL!B13/DMLMLR -> 40.750411 | C13: =YT_ALL!C13/DMLMLR -> 39.976597 | D13: =YT_ALL!D13/DMLMLR -> 43.612207 | E13: =YT_ALL!E13/DMLMLR -> 45.968971 | F13: =YT_ALL!F13/DMLMLR -> 47.926573 | G13: =YT_ALL!G13/DMLMLR -> 46.3559
A14: =YT_ALL!A14 -> Зовнішній борг | B14: =YT_ALL!B14/DMLMLR -> 57.205467 | C14: =YT_ALL!C14/DMLMLR -> 71.473331 | D14: =YT_ALL!D14/DMLMLR -> 101.70866 | E14: =YT_ALL!E14/DMLMLR -> 120.09078 | F14: =YT_ALL!F14/DMLMLR -> 165.40549 | G14: =YT_ALL!G14/DMLMLR -> 169.19484
G16: %
B17: =YT_ALL!B17 -> 44561 | C17: =YT_ALL!C17 -> 44926 | D17: =YT_ALL!D17 -> 45291 | E17: =YT_ALL!E17 -> 45657 | F17: =YT_ALL!F17 -> 46022 | G17: =YT_ALL!G17 -> 46265
A18: =DEBT_TOTAL -> Загальна сума державного та гарантованого державою боргу | B18: =SUM(B$19+ B$20) -> 1 | C18: =SUM(C$19+ C$20) -> 1 | D18: =SUM(D$19+ D$20) -> 1 | E18: =SUM(E$19+ E$20) -> 1 | F18: =SUM(F$19+ F$20) -> 1 | G18: =SUM(G$19+ G$20) -> 1
A19: =YT_ALL!A19 -> Внутрішній борг | B19: =YT_ALL!B19 -> 0.416008 | C19: =YT_ALL!C19 -> 0.358696 | D19: =YT_ALL!D19 -> 0.30011 | E19: =YT_ALL!E19 -> 0.276822 | F19: =YT_ALL!F19 -> 0.224657 | G19: =YT_ALL!G19 -> 0.215058
A20: =YT_ALL!A20 -> Зовнішній борг | B20: =YT_ALL!B20 -> 0.583992 | C20: =YT_ALL!C20 -> 0.641304 | D20: =YT_ALL!D20 -> 0.69989 | E20: =YT_ALL!E20 -> 0.723178 | F20: =YT_ALL!F20 -> 0.775343 | G20: =YT_ALL!G20 -> 0.784942

Sheet YKM_ALL
A2: =DEBT_LAST_5_YEARS -> Державний та гарантований державою борг України за останні 5 років
G4: =VALUAH -> млрд. грн
B5: =YT_ALL!B5 -> 44561 | C5: =YT_ALL!C5 -> 44926 | D5: =YT_ALL!D5 -> 45291 | E5: =YT_ALL!E5 -> 45657 | F5: =YT_ALL!F5 -> 46022 | G5: =YT_ALL!G5 -> 46265
A6: =DEBT_TOTAL -> Загальна сума державного та гарантованого державою боргу | B6: =SUM(B$7+ B$8) -> 2672.06 | C6: =SUM(C$7+ C$8) -> 4075.5678 | D6: =SUM(D$7+ D$8) -> 5519.6355 | E6: =SUM(E$7+ E$8) -> 6980.9859 | F6: =SUM(F$7+ F$8) -> 9042.677 | G6: =SUM(G$7+ G$8) -> 9602.8931
A7: =YK_ALL!A7 -> Державний борг | B7: =YK_ALL!B7/DMLMLR -> 2362.7202 | C7: =YK_ALL!C7/DMLMLR -> 3715.1336 | D7: =YK_ALL!D7/DMLMLR -> 5188.0907 | E7: =YK_ALL!E7/DMLMLR -> 6692.4748 | F7: =YK_ALL!F7/DMLMLR -> 8765.994 | G7: =YK_ALL!G7/DMLMLR -> 9345.0807
A8: =YK_ALL!A8 -> Гарантований державою борг | B8: =YK_ALL!B8/DMLMLR -> 309.33987 | C8: =YK_ALL!C8/DMLMLR -> 360.43421 | D8: =YK_ALL!D8/DMLMLR -> 331.54472 | E8: =YK_ALL!E8/DMLMLR -> 288.51111 | F8: =YK_ALL!F8/DMLMLR -> 276.683 | G8: =YK_ALL!G8/DMLMLR -> 257.81239
G10: =VALUSD -> млрд. дол. США
B11: =YT_ALL!B11 -> 44561 | C11: =YT_ALL!C11 -> 44926 | D11: =YT_ALL!D11 -> 45291 | E11: =YT_ALL!E11 -> 45657 | F11: =YT_ALL!F11 -> 46022 | G11: =YT_ALL!G11 -> 46265
A12: =DEBT_TOTAL -> Загальна сума державного та гарантованого державою боргу | B12: =SUM(B$13+ B$14) -> 97.955878 | C12: =SUM(C$13+ C$14) -> 111.44993 | D12: =SUM(D$13+ D$14) -> 145.32087 | E12: =SUM(E$13+ E$14) -> 166.05975 | F12: =SUM(F$13+ F$14) -> 213.33207 | G12: =SUM(G$13+ G$14) -> 215.55074
A13: =YK_ALL!A13 -> Державний борг | B13: =YK_ALL!B13/DMLMLR -> 86.615691 | C13: =YK_ALL!C13/DMLMLR -> 101.59354 | D13: =YK_ALL!D13/DMLMLR -> 136.59197 | E13: =YK_ALL!E13/DMLMLR -> 159.19681 | F13: =YK_ALL!F13/DMLMLR -> 206.80465 | G13: =YK_ALL!G13/DMLMLR -> 209.76377
A14: =YK_ALL!A14 -> Гарантований державою борг | B14: =YK_ALL!B14/DMLMLR -> 11.340186 | C14: =YK_ALL!C14/DMLMLR -> 9.8563852 | D14: =YK_ALL!D14/DMLMLR -> 8.7289038 | E14: =YK_ALL!E14/DMLMLR -> 6.8629394 | F14: =YK_ALL!F14/DMLMLR -> 6.5274207 | G14: =YK_ALL!G14/DMLMLR -> 5.7869696
G16: %
B17: =YT_ALL!B17 -> 44561 | C17: =YT_ALL!C17 -> 44926 | D17: =YT_ALL!D17 -> 45291 | E17: =YT_ALL!E17 -> 45657 | F17: =YT_ALL!F17 -> 46022 | G17: =YT_ALL!G17 -> 46265
A18: =DEBT_TOTAL -> Загальна сума державного та гарантованого державою боргу | B18: =SUM(B$19+ B$20) -> 1 | C18: =SUM(C$19+ C$20) -> 1 | D18: =SUM(D$19+ D$20) -> 1 | E18: =SUM(E$19+ E$20) -> 1 | F18: =SUM(F$19+ F$20) -> 1 | G18: =SUM(G$19+ G$20) -> 1
A19: =YK_ALL!A19 -> Державний борг | B19: =YK_ALL!B19 -> 0.884232 | C19: =YK_ALL!C19 -> 0.911562 | D19: =YK_ALL!D19 -> 0.939934 | E19: =YK_ALL!E19 -> 0.958672 | F19: =YK_ALL!F19 -> 0.969403 | G19: =YK_ALL!G19 -> 0.973153
A20: =YK_ALL!A20 -> Гарантований державою борг | B20: =YK_ALL!B20 -> 0.115768 | C20: =YK_ALL!C20 -> 0.088438 | D20: =YK_ALL!D20 -> 0.060066 | E20: =YK_ALL!E20 -> 0.041328 | F20: =YK_ALL!F20 -> 0.030597 | G20: =YK_ALL!G20 -> 0.026847

Sheet YK_ALL
A2: =DEBT_LAST_5_YEARS -> Державний та гарантований державою борг України за останні 5 років
G4: =VALUAH -> млрд. грн
B5: 44561 | C5: 44926 | D5: 45291 | E5: 45657 | F5: 46022 | G5: 46265
A6: =DEBT_TOTAL -> Загальна сума державного та гарантованого державою боргу | B6: =SUM(B$7+ B$8) -> 2672.06 | C6: =SUM(C$7+ C$8) -> 4075.5678 | D6: =SUM(D$7+ D$8) -> 5519.6355 | E6: =SUM(E$7+ E$8) -> 6980.9859 | F6: =SUM(F$7+ F$8) -> 9042.677 | G6: =SUM(G$7+ G$8) -> 9602.8931
A7: Державний борг | B7: 2362.7202 | C7: 3715.1336 | D7: 5188.0907 | E7: 6692.4748 | F7: 8765.994 | G7: 9345.0807
A8: Гарантований державою борг | B8: 309.33987 | C8: 360.43421 | D8: 331.54472 | E8: 288.51111 | F8: 276.683 | G8: 257.81239
G10: =VALUSD -> млрд. дол. США
B11: 44561 | C11: 44926 | D11: 45291 | E11: 45657 | F11: 46022 | G11: 46265
A12: =DEBT_TOTAL -> Загальна сума державного та гарантованого державою боргу | B12: =SUM(B$13+ B$14) -> 97.955878 | C12: =SUM(C$13+ C$14) -> 111.44993 | D12: =SUM(D$13+ D$14) -> 145.32087 | E12: =SUM(E$13+ E$14) -> 166.05975 | F12: =SUM(F$13+ F$14) -> 213.33207 | G12: =SUM(G$13+ G$14) -> 215.55074
A13: Державний борг | B13: 86.615691 | C13: 101.59354 | D13: 136.59197 | E13: 159.19681 | F13: 206.80465 | G13: 209.76377
A14: Гарантований державою борг | B14: 11.340186 | C14: 9.8563852 | D14: 8.7289038 | E14: 6.8629394 | F14: 6.5274207 | G14: 5.7869696
G16: %
B17: 44561 | C17: 44926 | D17: 45291 | E17: 45657 | F17: 46022 | G17: 46265
A18: =DEBT_TOTAL -> Загальна сума державного та гарантованого державою боргу | B18: =SUM(B$19+ B$20) -> 1 | C18: =SUM(C$19+ C$20) -> 1 | D18: =SUM(D$19+ D$20) -> 1 | E18: =SUM(E$19+ E$20) -> 1 | F18: =SUM(F$19+ F$20) -> 1 | G18: =SUM(G$19+ G$20) -> 1
A19: Державний борг | B19: 0.884232 | C19: 0.911562 | D19: 0.939934 | E19: 0.958672 | F19: 0.969403 | G19: 0.973153
A20: Гарантований державою борг | B20: 0.115768 | C20: 0.088438 | D20: 0.060066 | E20: 0.041328 | F20: 0.030597 | G20: 0.026847

Sheet YKT2_UAH
A2: =IF(REPORT_LANG="UKR","Державний та гарантований державою борг України за останні 5 років","State debt and State guaranteed debt of Ukraine for the last 5 years") -> Державний та гарантований державою борг України за останні 5 років
G4: =VALUAH -> млрд. грн
B5: 44561 | C5: 44926 | D5: 45291 | E5: 45657 | F5: 46022 | G5: 46265
A6: =IF(REPORT_LANG="UKR","Загальна сума державного та гарантованого державою боргу","Total amount of state debt and state guaranteed debt") -> Загальна сума державного та гарантованого державою боргу | B6: =B$7+B$72 -> 2672.06 | C6: =C$7+C$72 -> 4075.5678 | D6: =D$7+D$72 -> 5519.6355 | E6: =E$7+E$72 -> 6980.9859 | F6: =F$7+F$72 -> 9042.677 | G6: =G$7+G$72 -> 9602.8931
A7: Державний борг | B7: =B$8+B$27 -> 2362.7202 | C7: =C$8+C$27 -> 3715.1336 | D7: =D$8+D$27 -> 5188.0907 | E7: =E$8+E$27 -> 6692.4748 | F7: =F$8+F$27 -> 8765.994 | G7: =G$8+G$27 -> 9345.0807
A8: Внутрішній борг | B8: =B$9+B$25 -> 1062.559 | C8: =C$9+C$25 -> 1389.6903 | D8: =D$9+D$25 -> 1587.6976 | E8: =E$9+E$25 -> 1863.1321 | F8: =F$9+F$25 -> 1967.2076 | G8: =G$9+G$25 -> 2003.3651
A9: 1. Заборгованість за випущеними цінними паперами на внутрішньому ринку | B9: =SUM(B$10:B$24) -> 1060.7075 | C9: =SUM(C$10:C$24) -> 1387.971 | D9: =SUM(D$10:D$24) -> 1586.1106 | E9: =SUM(E$10:E$24) -> 1861.6773 | F9: =SUM(F$10:F$24) -> 1965.8851 | G9: =SUM(G$10:G$24) -> 2002.1087
A10: ОВДП 2009 | B10: 1.5 | C10: 0 | D10: 0 | E10: 0 | F10: 0 | G10: 0
A11: ОВДП 2013 | B11: 0.33 | C11: 0.33 | D11: 0 | E11: 0 | F11: 0 | G11: 0
A12: ОВДП 2014 | B12: 57.58884 | C12: 47.58884 | D12: 35.08884 | E12: 4.25 | F12: 4.25 | G12: 4.25
A13: ОВДП 2015 | B13: 34.836998 | C13: 34.836998 | D13: 34.836998 | E13: 34.836998 | F13: 23.9 | G13: 15.2
A14: ОВДП 2016 | B14: 129.91552 | C14: 129.91552 | D14: 121.21552 | E14: 121.21552 | F14: 110.26 | G14: 106.941
A15: ОВДП 2017 | B15: 292.20047 | C15: 290.26691 | D15: 290.26691 | E15: 290.26691 | F15: 285.26691 | G15: 285.26691
A16: ОВДП 2018 | B16: 1.698307 | C16: 0.686307 | D16: 0 | E16: 0 | F16: 0 | G16: 0
A17: ОВДП 2019 | B17: 79.893233 | C17: 53.936632 | D17: 33.865156 | E17: 33.865156 | F17: 0 | G17: 0
A18: ОВДП 2020 | B18: 67.678838 | C18: 37.319312 | D18: 21.01771 | E18: 17.930167 | F18: 10.714916 | G18: 10.714916
A19: ОВДП 2021 | B19: 395.06529 | C19: 151.69576 | D19: 65.07908 | E19: 39.165811 | F19: 39.165811 | G19: 28.217123
A20: ОВДП 2022 | B20: 0 | C20: 641.39469 | D20: 468.8462 | E20: 430.1335 | F20: 430.1335 | G20: 430.01295
A21: ОВДП 2023 | B21: 0 | C21: 0 | D21: 515.89414 | E21: 247.55717 | F21: 95.211152 | G21: 41.383263
... A24: ОВДП 2026 | B24: 0 | C24: 0 | D24: 0 | E24: 0 | F24: 0 | G24: 332.9184
A25: 2. Заборгованість перед банківськими та іншими фінансовими установами | B25: =SUM(B$26:B$26) -> 1.8515353 | C25: =SUM(C$26:C$26) -> 1.7192828 | D25: =SUM(D$26:D$26) -> 1.5870303 | E25: =SUM(E$26:E$26) -> 1.4547777 | F25: =SUM(F$26:F$26) -> 1.3225252 | G25: =SUM(G$26:G$26) -> 1.256399
A26: Національний банк України | B26: 1.8515353 | C26: 1.7192828 | D26: 1.5870303 | E26: 1.4547777 | F26: 1.3225252 | G26: 1.256399
A27: Зовнішній борг | B27: =B$28+B$39+B$50+B$52+B$59+B$68+B$70 -> 1300.1611 | C27: =C$28+C$39+C$50+C$52+C$59+C$68+C$70 -> 2325.4434 | D27: =D$28+D$39+D$50+D$52+D$59+D$68+D$70 -> 3600.3932 | E27: =E$28+E$39+E$50+E$52+E$59+E$68+E$70 -> 4829.3427 | F27: =F$28+F$39+F$50+F$52+F$59+F$68+F$70 -> 6798.7864 | G27: =G$28+G$39+G$50+G$52+G$59+G$68+G$70 -> 7341.7156
A28: 1. Заборгованість за позиками, одержаними від міжнародних фінансових організацій | B28: =SUM(B$29:B$38) -> 463.16791 | C28: =SUM(C$29:C$38) -> 1100.2564 | D28: =SUM(D$29:D$38) -> 2252.5797 | E28: =SUM(E$29:E$38) -> 3482.0058 | F28: =SUM(F$29:F$38) -> 5234.26 | G28: =SUM(G$29:G$38) -> 5695.6404
A29: NEFCO | B29: 0.0618452 | C29: 0.077902 | D29: 0.25340819 | E29: 0.48186126 | F29: 0.48614261 | G29: 0.47425999
A30: Банк розвитку Ради Європи | B30: 0 | C30: 0 | D30: 0 | E30: 5.0867272 | F30: 22.867781 | G30: 26.571689
A31: Європейський банк реконструкції та розвитку | B31: 10.537977 | C31: 9.4549938 | D31: 7.3589338 | E31: 4.2521897 | F31: 2.6723083 | G31: 2.9608503
A32: Європейський Інвестиційний Банк | B32: 27.70496 | C32: 98.126692 | D32: 115.07813 | E32: 124.11142 | F32: 142.48458 | G32: 144.39068
A33: Європейський Союз | B33: 136.36867 | C33: 452.22111 | D33: 1249.7759 | E33: 1850.2552 | F33: 2601.1832 | G33: 2830.9019
A34: Європейський Союз ERA* | B34: 0 | C34: 0 | D34: 0 | E34: 0 | F34: 903.1852 | G34: 931.09685
A35: Міжнародна асоціація розвитку | B35: 0 | C35: 21.085527 | D35: 39.914098 | E35: 243.43083 | F35: 283.18043 | G35: 293.68852
A36: Міжнародний банк реконструкції та розвитку | B36: 167.90407 | C36: 282.38035 | D36: 455.94914 | E36: 679.98849 | F36: 698.98623 | G36: 809.07588
A37: Міжнародний Валютний Фонд | B37: 119.00281 | C37: 234.0727 | D37: 379.9133 | E37: 569.59844 | F37: 574.79563 | G37: 652.22599
A38: Фонд чистих технологій (МБРР) | B38: 1.5875877 | C38: 2.8371337 | D38: 4.3367796 | E38: 4.8006512 | F38: 4.4185232 | G38: 4.253794
A39: 2.1. Заборгованість за позиками, одержаними від органів управління іноземних держав (крім неврегульованої від органів управління держави-агресора та/або такої, що оскаржується) | B39: =SUM(B$40:B$49) -> 24.223504 | C39: =SUM(C$40:C$49) -> 160.50547 | D39: =SUM(D$40:D$49) -> 239.95765 | E39: =SUM(E$40:E$49) -> 320.75385 | F39: =SUM(F$40:F$49) -> 342.93998 | G39: =SUM(G$40:G$49) -> 358.82974
A40: Великобританія | B40: 0.5589954 | C40: 0.80847284 | D40: 0.8908454 | E40: 1.0035949 | F40: 1.0879674 | G40: 1.1509588
A41: Італія | B41: 0 | C41: 7.7902 | D41: 8.44158 | E41: 8.78532 | F41: 9.9713 | G41: 10.37608
A42: Канада | B42: 0 | C42: 66.835793 | D42: 139.85243 | E42: 213.75543 | F42: 225.41874 | G42: 234.62137
A43: Нідерланди | B43: 0 | C43: 7.7902 | D43: 8.44158 | E43: 8.78532 | F43: 9.9713 | G43: 10.37608
A44: Німеччина | B44: 7.8206807 | C44: 21.460114 | D44: 23.719139 | E44: 24.695561 | F44: 28.228916 | G44: 29.509837
A45: Польща | B45: 1.1414699 | C45: 1.9401999 | D45: 3.6823601 | E45: 4.3628869 | F45: 5.587075 | G45: 6.3015688
A46: Республіка Корея | B46: 0 | C46: 0 | D46: 0 | E46: 4.2039 | F46: 4.23878 | G46: 4.45505
A47: США | B47: 0.012890436 | C47: 0.017280656 | D47: 0.017948754 | E47: 0.021545629 | F47: 0.021724394 | G47: 0.022832811
A48: Франція | B48: 1.0827725 | C48: 17.370753 | D48: 18.970107 | E48: 19.550737 | F48: 22.164439 | G48: 24.366593
A49: Японія | B49: 13.606695 | C49: 36.492455 | D49: 35.941656 | E49: 35.589561 | F49: 36.249739 | G49: 37.649365
A50: 2.2 Неврегульована заборгованість за позиками, одержаними від органів управління держави-агресора, та/або така, що оскаржується | B50: =SUM(B$51:B$51) -> 16.526657 | C50: =SUM(C$51:C$51) -> 22.155301 | D50: =SUM(D$51:D$51) -> 23.01186 | E50: =SUM(E$51:E$51) -> 25.469574 | F50: =SUM(F$51:F$51) -> 25.680897 | G50: =SUM(G$51:G$51) -> 26.991181
A51: Росія | B51: 16.526657 | C51: 22.155301 | D51: 23.01186 | E51: 25.469574 | F51: 25.680897 | G51: 26.991181
A52: 3. Заборгованість за позиками, одержаними від іноземних комерційних банків, інших іноземних фінансових установ | B52: =SUM(B$53:B$58) -> 50.739153 | C52: =SUM(C$53:C$58) -> 60.379535 | D52: =SUM(D$53:D$58) -> 59.488385 | E52: =SUM(E$53:E$58) -> 62.159684 | F52: =SUM(F$53:F$58) -> 90.724546 | G52: =SUM(G$53:G$58) -> 98.77297
A53: Cargill | B53: 20.09969 | C53: 25.31815 | D53: 27.435135 | E53: 28.55229 | F53: 32.406725 | G53: 33.72226
A54: Chase Manhattan Bank | B54: 0.0015810478 | C54: 0.0019915335 | D54: 0.0021580562 | E54: 0.0022459319 | F54: 0.002549123 | G54: 0.0026526033
A55: Citibank Europe PLC | B55: 0 | C55: 0 | D55: 0.16403022 | E55: 0.28202475 | F55: 27.161416 | G55: 36.750256
